Workbook
Name BDI: [1]ADT01!$O$6
Name COMPS: #REF!
Name DCMO01: '[2]CPUs VER02'!$AE$1
Name Memo: MC!$A$8:$L$1840
Name REF_DER_ED: DER_02_25!$A$2:$D$3110
Name REF_ORSE: #REF!
Name REF_SINAPI: 'SINAPI_12 24'!$A$1:$D$13182
Name TAB_COT: #REF!

Sheet EAP
A1: ESTRUTURA ANALÍTICA DE PROJETO
A2: OBRA: | B2: REFORMA DA EMPEF HONÓRIO PEDRO DE SIQUEIRA | C2: REFERENCIAL: | D2: SINAPI
A3: LOCAL: | B3: GUAÇUÍ - ES | C3: DATA BASE: | D3: 09/2025
A4: CONTRATANTE: | B4: PREFEITURA MUNICIPAL DE GUAÇUÍ | C4: BDI: | D4: 0.3325
A6: ITEM | B6: DESCRIÇÃO SERVIÇO | C6: PESO (%) | D6: PREÇO TOTAL:
A7: 01 | B7: =VLOOKUP(A7,PO!$A$7:$I$187,4,FALSE) -> CANTEIRO DE OBRAS | C7: =D7/$D$21 -> 0.070194337 | D7: =VLOOKUP(A7,PO!$A$7:$I$551,9,FALSE) -> 62801.38
A8: 02 | B8: =VLOOKUP(A8,PO!$A$7:$I$187,4,FALSE) -> RETIRADAS, REMOÇÕES E DEMOLIÇÕES | C8: =D8/$D$21 -> 0.023213417 | D8: =VLOOKUP(A8,PO!$A$7:$I$551,9,FALSE) -> 20768.55
A9: 03 | B9: =VLOOKUP(A9,PO!$A$7:$I$187,4,FALSE) -> INFRAESTRUTURA | C9: =D9/$D$21 -> 0.075168502 | D9: =VLOOKUP(A9,PO!$A$7:$I$551,9,FALSE) -> 67251.66
A10: 04 | B10: =VLOOKUP(A10,PO!$A$7:$I$187,4,FALSE) -> SUPERESTRUTURA | C10: =D10/$D$21 -> 0.075129997 | D10: =VLOOKUP(A10,PO!$A$7:$I$551,9,FALSE) -> 67217.21
A11: 05 | B11: =VLOOKUP(A11,PO!$A$7:$I$187,4,FALSE) -> PAREDES E PAINÉIS | C11: =D11/$D$21 -> 0.23565204 | D11: =VLOOKUP(A11,PO!$A$7:$I$551,9,FALSE) -> 210832.87
A12: 06 | B12: =VLOOKUP(A12,PO!$A$7:$I$187,4,FALSE) -> COBERTURA | C12: =D12/$D$21 -> 0.12937768 | D12: =VLOOKUP(A12,PO!$A$7:$I$551,9,FALSE) -> 115751.46
A13: 07 | B13: =VLOOKUP(A13,PO!$A$7:$I$187,4,FALSE) -> PISO | C13: =D13/$D$21 -> 0.10125077 | D13: =VLOOKUP(A13,PO!$A$7:$I$551,9,FALSE) -> 90586.91
A14: 08 | B14: =VLOOKUP(A14,PO!$A$7:$I$187,4,FALSE) -> TETOS E FORROS | C14: =D14/$D$21 -> 0.041527365 | D14: =VLOOKUP(A14,PO!$A$7:$I$551,9,FALSE) -> 37153.65
A15: 09 | B15: =VLOOKUP(A15,PO!$A$7:$I$187,4,FALSE) -> INSTALAÇÕES HIDROSSANITÁRIAS | C15: =D15/$D$21 -> 0.074529323 | D15: =VLOOKUP(A15,PO!$A$7:$I$551,9,FALSE) -> 66679.8
A16: 10 | B16: =VLOOKUP(A16,PO!$A$7:$I$187,4,FALSE) -> INSTALAÇÕES ELÉTRICAS | C16: =D16/$D$21 -> 0.030221452 | D16: =VLOOKUP(A16,PO!$A$7:$I$551,9,FALSE) -> 27038.49
A17: 11 | B17: =VLOOKUP(A17,PO!$A$7:$I$187,4,FALSE) -> ESQUADRIAS | C17: =D17/$D$21 -> 0.08613531 | D17: =VLOOKUP(A17,PO!$A$7:$I$551,9,FALSE) -> 77063.43
A18: 12 | B18: =VLOOKUP(A18,PO!$A$7:$I$187,4,FALSE) -> PINTURA | C18: =D18/$D$21 -> 0.031432076 | D18: =VLOOKUP(A18,PO!$A$7:$I$551,9,FALSE) -> 28121.61
... A20: 14 | B20: =VLOOKUP(A20,PO!$A$7:$I$187,4,FALSE) -> SERVIÇOS FINAIS | C20: =D20/$D$21 -> 0.0036877036 | D20: =VLOOKUP(A20,PO!$A$7:$I$551,9,FALSE) -> 3299.31
B21: TOTAL GERAL: | C21: =SUM(C7:C20) -> 1 | D21: =SUM(D7:D20) -> 894678.73
D24: =D21=PO!I186 -> TRUE

Sheet PO
A1: PLANILHA ORÇAMENTÁRIA SINTÉTICA
A2: OBRA: | B2: =EAP!B2 -> REFORMA DA EMPEF HONÓRIO PEDRO DE SIQUEIRA | G2: REFERENCIAL: | H2: =EAP!D2 -> SINAPI
A3: LOCAL: | B3: =EAP!B3 -> GUAÇUÍ - ES | G3: DATA BASE: | H3: 46143
A4: CONTRATANTE: | B4: =EAP!B4 -> PREFEITURA MUNICIPAL DE GUAÇUÍ | G4: BDI: | H4: =EAP!D4 -> 0.3325
A6: ITEM | B6: CÓDIGO | C6: ORGÃO | D6: DESCRIÇÃO SERVIÇO | E6: UNIDADE | F6: QUANTIDADE | G6: PREÇO UNITÁRIO S/ BDI (R$) | H6: PREÇO UNITÁRIO C/ BDI (R$) | I6: PREÇO TOTAL (R$):
A7: 01 | D7: CANTEIRO DE OBRAS | I7: =SUBTOTAL(9,I8:I15) -> 62801.38 | L7: =SUM(L8:L15) -> 62801.381
A8: =A7&".01" -> 01.01 | B8: 103689 | C8: SINAPI | D8: =UPPER(IF(C8="DER-EDIF",VLOOKUP(B8,REF_DER_ED,2,FALSE),IF(C8="SINAPI",VLOOKUP(B8,REF_SINAPI,2,FALSE),VLOOKUP(B8,COMPS,2,FALSE)))) -> FORNECIMENTO E INSTALAÇÃO DE PLACA DE OBRA COM CHAPA GALVANIZADA E ESTRUTURA DE MADEIRA. AF_03/2022_PS | E8: =IF(C8="DER-EDIF",VLOOKUP(B8,REF_DER_ED,3,FALSE),IF(C8="SINAPI",VLOOKUP(B8,REF_SINAPI,3,FALSE),VLOOKUP(B8,COMPS,3,FALSE))) -> M2 | F8: =IFERROR(VLOOKUP($A8,Memo,12,FALSE),0) -> 8 | G8: 597.49 | H8: 796.16 | I8: =ROUND(H8*F8,2) -> 6369.28 | J8: 597.49 | K8: =ROUND(J8*1.3325,2) -> 796.16 | L8: =K8*F8 -> 6369.28
A9: =IF(LEN(A8)=5,(IF((RIGHT(A8,2)-9)>=0,(LEFT(A8,3)&(RIGHT(A8,2)+1)),(LEFT(A8,4)&(RIGHT(A8,1)+1)))),IF(LEN(A8)=8,(IF((RIGHT(A8,2)-9)>=0,(LEFT(A8,6)&(RIGHT(A8,2)+1)),(LEFT(A8,7)&(RIGHT(A8,1)+1)))))) -> 01.02 | B9: 97063 | C9: SINAPI | D9: =UPPER(IF(C9="DER-EDIF",VLOOKUP(B9,REF_DER_ED,2,FALSE),IF(C9="SINAPI",VLOOKUP(B9,REF_SINAPI,2,FALSE),VLOOKUP(B9,COMPS,2,FALSE)))) -> MONTAGEM E DESMONTAGEM DE ANDAIME MODULAR FACHADEIRO, COM PISO METÁLICO, PARA EDIFÍCIOS COM MULTIPLOS PAVIMENTOS (EXCLUSIVE ANDAIME E LIMPEZA). AF_03/2024 | E9: =IF(C9="DER-EDIF",VLOOKUP(B9,REF_DER_ED,3,FALSE),IF(C9="SINAPI",VLOOKUP(B9,REF_SINAPI,3,FALSE),VLOOKUP(B9,COMPS,3,FALSE))) -> M2 | F9: =IFERROR(VLOOKUP($A9,Memo,12,FALSE),0) -> 111.29 | G9: 27.35 | H9: 36.44 | I9: =ROUND(H9*F9,2) -> 4055.41 | J9: 27.35 | K9: =ROUND(J9*1.3325,2) -> 36.44 | L9: =K9*F9 -> 4055.4076
A10: =IF(LEN(A9)=5,(IF((RIGHT(A9,2)-9)>=0,(LEFT(A9,3)&(RIGHT(A9,2)+1)),(LEFT(A9,4)&(RIGHT(A9,1)+1)))),IF(LEN(A9)=8,(IF((RIGHT(A9,2)-9)>=0,(LEFT(A9,6)&(RIGHT(A9,2)+1)),(LEFT(A9,7)&(RIGHT(A9,1)+1)))))) -> 01.03 | B10: 97062 | C10: SINAPI | D10: =UPPER(IF(C10="DER-EDIF",VLOOKUP(B10,REF_DER_ED,2,FALSE),IF(C10="SINAPI",VLOOKUP(B10,REF_SINAPI,2,FALSE),VLOOKUP(B10,COMPS,2,FALSE)))) -> COLOCAÇÃO DE TELA EM ANDAIME FACHADEIRO. AF_03/2024 | E10: =IF(C10="DER-EDIF",VLOOKUP(B10,REF_DER_ED,3,FALSE),IF(C10="SINAPI",VLOOKUP(B10,REF_SINAPI,3,FALSE),VLOOKUP(B10,COMPS,3,FALSE))) -> M2 | F10: =IFERROR(VLOOKUP($A10,Memo,12,FALSE),0) -> 111.29 | G10: 7.05 | H10: 9.39 | I10: =ROUND(H10*F10,2) -> 1045.01 | J10: 7.05 | K10: =ROUND(J10*1.3325,2) -> 9.39 | L10: =K10*F10 -> 1045.0131
A11: =IF(LEN(A10)=5,(IF((RIGHT(A10,2)-9)>=0,(LEFT(A10,3)&(RIGHT(A10,2)+1)),(LEFT(A10,4)&(RIGHT(A10,1)+1)))),IF(LEN(A10)=8,(IF((RIGHT(A10,2)-9)>=0,(LEFT(A10,6)&(RIGHT(A10,2)+1)),(LEFT(A10,7)&(RIGHT(A10,1)+1)))))) -> 01.04 | B11: 98459 | C11: SINAPI | D11: =UPPER(IF(C11="DER-EDIF",VLOOKUP(B11,REF_DER_ED,2,FALSE),IF(C11="SINAPI",VLOOKUP(B11,REF_SINAPI,2,FALSE),VLOOKUP(B11,COMPS,2,FALSE)))) -> TAPUME COM TELHA METÁLICA. AF_03/2024 | E11: =IF(C11="DER-EDIF",VLOOKUP(B11,REF_DER_ED,3,FALSE),IF(C11="SINAPI",VLOOKUP(B11,REF_SINAPI,3,FALSE),VLOOKUP(B11,COMPS,3,FALSE))) -> M2 | F11: =IFERROR(VLOOKUP($A11,Memo,12,FALSE),0) -> 132 | G11: 99.78 | H11: 132.96 | I11: =ROUND(H11*F11,2) -> 17550.72 | J11: 99.78 | K11: =ROUND(J11*1.3325,2) -> 132.96 | L11: =K11*F11 -> 17550.72
A12: =IF(LEN(A11)=5,(IF((RIGHT(A11,2)-9)>=0,(LEFT(A11,3)&(RIGHT(A11,2)+1)),(LEFT(A11,4)&(RIGHT(A11,1)+1)))),IF(LEN(A11)=8,(IF((RIGHT(A11,2)-9)>=0,(LEFT(A11,6)&(RIGHT(A11,2)+1)),(LEFT(A11,7)&(RIGHT(A11,1)+1)))))) -> 01.05 | B12: 10775 | C12: SINAPI | D12: =UPPER(IF(C12="DER-EDIF",VLOOKUP(B12,REF_DER_ED,2,FALSE),IF(C12="SINAPI",VLOOKUP(B12,REF_SINAPI,2,FALSE),VLOOKUP(B12,COMPS,2,FALSE)))) -> LOCACAO DE CONTAINER 2,30 X 6,00 M, ALT. 2,50 M, COM 1 SANITARIO, PARA ESCRITORIO, COMPLETO, SEM DIVISORIAS INTERNAS (NAO INCLUI MOBILIZACAO/DESMOBILIZACAO) | E12: =IF(C12="DER-EDIF",VLOOKUP(B12,REF_DER_ED,3,FALSE),IF(C12="SINAPI",VLOOKUP(B12,REF_SINAPI,3,FALSE),VLOOKUP(B12,COMPS,3,FALSE))) -> MES | F12: =IFERROR(VLOOKUP($A12,Memo,12,FALSE),0) -> 6 | G12: 976.56 | H12: 1301.27 | I12: =ROUND(H12*F12,2) -> 7807.62 | J12: 976.56 | K12: =ROUND(J12*1.3325,2) -> 1301.27 | L12: =K12*F12 -> 7807.62
A13: =IF(LEN(A12)=5,(IF((RIGHT(A12,2)-9)>=0,(LEFT(A12,3)&(RIGHT(A12,2)+1)),(LEFT(A12,4)&(RIGHT(A12,1)+1)))),IF(LEN(A12)=8,(IF((RIGHT(A12,2)-9)>=0,(LEFT(A12,6)&(RIGHT(A12,2)+1)),(LEFT(A12,7)&(RIGHT(A12,1)+1)))))) -> 01.06 | B13: 10779 | C13: SINAPI | D13: =UPPER(IF(C13="DER-EDIF",VLOOKUP(B13,REF_DER_ED,2,FALSE),IF(C13="SINAPI",VLOOKUP(B13,REF_SINAPI,2,FALSE),VLOOKUP(B13,COMPS,2,FALSE)))) -> LOCACAO DE CONTAINER 2,30 X 4,30 M, ALT. 2,50 M, P/ SANITARIO, C/ 5 BACIAS, 1 LAVATORIO E 4 MICTORIOS (NAO INCLUI MOBILIZACAO/DESMOBILIZACAO) | E13: =IF(C13="DER-EDIF",VLOOKUP(B13,REF_DER_ED,3,FALSE),IF(C13="SINAPI",VLOOKUP(B13,REF_SINAPI,3,FALSE),VLOOKUP(B13,COMPS,3,FALSE))) -> MES | F13: =IFERROR(VLOOKUP($A13,Memo,12,FALSE),0) -> 6 | G13: =IF(C13="DER-EDIF",VLOOKUP(B13,REF_DER_ED,4,FALSE),IF(C13="SINAPI",VLOOKUP(B13,REF_SINAPI,4,FALSE),VLOOKUP(B13,COMPS,4,FALSE))) -> 1562.5 | H13: =ROUND(IF(C13="DER-EDIF",VLOOKUP(B13,REF_DER_ED,4,FALSE),IF(C13="SINAPI",VLOOKUP(B13,REF_SINAPI,4,FALSE),VLOOKUP(B13,COMPS,4,FALSE)))*(1+$H$4),2) -> 2082.03 | I13: =ROUND(H13*F13,2) -> 12492.18 | J13: 1562.5 | K13: =ROUND(J13*1.3325,2) -> 2082.03 | L13: =K13*F13 -> 12492.18
A14: =IF(LEN(A13)=5,(IF((RIGHT(A13,2)-9)>=0,(LEFT(A13,3)&(RIGHT(A13,2)+1)),(LEFT(A13,4)&(RIGHT(A13,1)+1)))),IF(LEN(A13)=8,(IF((RIGHT(A13,2)-9)>=0,(LEFT(A13,6)&(RIGHT(A13,2)+1)),(LEFT(A13,7)&(RIGHT(A13,1)+1)))))) -> 01.07 | B14: 10776 | C14: SINAPI | D14: =UPPER(IF(C14="DER-EDIF",VLOOKUP(B14,REF_DER_ED,2,FALSE),IF(C14="SINAPI",VLOOKUP(B14,REF_SINAPI,2,FALSE),VLOOKUP(B14,COMPS,2,FALSE)))) -> LOCACAO DE CONTAINER 2,30 X 6,00 M, ALT. 2,50 M, PARA ESCRITORIO, SEM DIVISORIAS INTERNAS E SEM SANITARIO (NAO INCLUI MOBILIZACAO/DESMOBILIZACAO) | E14: =IF(C14="DER-EDIF",VLOOKUP(B14,REF_DER_ED,3,FALSE),IF(C14="SINAPI",VLOOKUP(B14,REF_SINAPI,3,FALSE),VLOOKUP(B14,COMPS,3,FALSE))) -> MES | F14: =IFERROR(VLOOKUP($A14,Memo,12,FALSE),0) -> 6 | G14: =IF(C14="DER-EDIF",VLOOKUP(B14,REF_DER_ED,4,FALSE),IF(C14="SINAPI",VLOOKUP(B14,REF_SINAPI,4,FALSE),VLOOKUP(B14,COMPS,4,FALSE))) -> 976.56 | H14: =ROUND(IF(C14="DER-EDIF",VLOOKUP(B14,REF_DER_ED,4,FALSE),IF(C14="SINAPI",VLOOKUP(B14,REF_SINAPI,4,FALSE),VLOOKUP(B14,COMPS,4,FALSE)))*(1+$H$4),2) -> 1301.27 | I14: =ROUND(H14*F14,2) -> 7807.62 | J14: 976.56 | K14: =ROUND(J14*1.3325,2) -> 1301.27 | L14: =K14*F14 -> 7807.62
A15: =IF(LEN(A14)=5,(IF((RIGHT(A14,2)-9)>=0,(LEFT(A14,3)&(RIGHT(A14,2)+1)),(LEFT(A14,4)&(RIGHT(A14,1)+1)))),IF(LEN(A14)=8,(IF((RIGHT(A14,2)-9)>=0,(LEFT(A14,6)&(RIGHT(A14,2)+1)),(LEFT(A14,7)&(RIGHT(A14,1)+1)))))) -> 01.08 | B15: S020344 | C15: DER-EDIF | D15: =UPPER(IF(C15="DER-EDIF",VLOOKUP(B15,REF_DER_ED,2,FALSE),IF(C15="SINAPI",VLOOKUP(B15,REF_SINAPI,2,FALSE),VLOOKUP(B15,COMPS,2,FALSE)))) -> MOBILIZAÇÃO E DESMOBILIZAÇÃO DE CONTEINER LOCADO PARA BARRACÃO DE OBRA | E15: =IF(C15="DER-EDIF",VLOOKUP(B15,REF_DER_ED,3,FALSE),IF(C15="SINAPI",VLOOKUP(B15,REF_SINAPI,3,FALSE),VLOOKUP(B15,COMPS,3,FALSE))) -> und | F15: =IFERROR(VLOOKUP($A15,Memo,12,FALSE),0) -> 3 | G15: 1419.27 | H15: 1891.18 | I15: =ROUND(H15*F15,2) -> 5673.54 | J15: 1419.27 | K15: =ROUND(J15*1.3325,2) -> 1891.18 | L15: =K15*F15 -> 5673.54
A16: 02 | D16: RETIRADAS, REMOÇÕES E DEMOLIÇÕES | I16: =SUBTOTAL(9,I17:I31) -> 20768.55 | L16: =SUM(L17:L31) -> 22149.511
A17: =A16&".01" -> 02.01 | B17: 97650 | C17: SINAPI | D17: =UPPER(IF(C17="DER-EDIF",VLOOKUP(B17,REF_DER_ED,2,FALSE),IF(C17="SINAPI",VLOOKUP(B17,REF_SINAPI,2,FALSE),VLOOKUP(B17,COMPS,2,FALSE)))) -> REMOÇÃO DE TRAMA DE MADEIRA PARA COBERTURA, DE FORMA MANUAL, SEM REAPROVEITAMENTO. AF_09/2023 | E17: =IF(C17="DER-EDIF",VLOOKUP(B17,REF_DER_ED,3,FALSE),IF(C17="SINAPI",VLOOKUP(B17,REF_SINAPI,3,FALSE),VLOOKUP(B17,COMPS,3,FALSE))) -> M2 | F17: =IFERROR(VLOOKUP($A17,Memo,12,FALSE),0) -> 192.14 | G17: 10.49 | H17: 13.98 | I17: =ROUND(H17*F17,2) -> 2686.12 | J17: 10.49 | K17: =ROUND(J17*1.3325,2) -> 13.98 | L17: =K17*F17 -> 2686.1172
A18: =IF(LEN(A17)=5,(IF((RIGHT(A17,2)-9)>=0,(LEFT(A17,3)&(RIGHT(A17,2)+1)),(LEFT(A17,4)&(RIGHT(A17,1)+1)))),IF(LEN(A17)=8,(IF((RIGHT(A17,2)-9)>=0,(LEFT(A17,6)&(RIGHT(A17,2)+1)),(LEFT(A17,7)&(RIGHT(A17,1)+1)))))) -> 02.02 | B18: 97647 | C18: SINAPI | D18: =UPPER(IF(C18="DER-EDIF",VLOOKUP(B18,REF_DER_ED,2,FALSE),IF(C18="SINAPI",VLOOKUP(B18,REF_SINAPI,2,FALSE),VLOOKUP(B18,COMPS,2,FALSE)))) -> REMOÇÃO DE TELHAS DE FIBROCIMENTO METÁLICA E CERÂMICA, DE FORMA MANUAL, SEM REAPROVEITAMENTO. AF_09/2023 | E18: =IF(C18="DER-EDIF",VLOOKUP(B18,REF_DER_ED,3,FALSE),IF(C18="SINAPI",VLOOKUP(B18,REF_SINAPI,3,FALSE),VLOOKUP(B18,COMPS,3,FALSE))) -> M2 | F18: =IFERROR(VLOOKUP($A18,Memo,12,FALSE),0) -> 192.14 | G18: 4.87 | H18: 6.49 | I18: =ROUND(H18*F18,2) -> 1246.99 | J18: 4.87 | K18: =ROUND(J18*1.3325,2) -> 6.49 | L18: =K18*F18 -> 1246.9886
A19: =IF(LEN(A18)=5,(IF((RIGHT(A18,2)-9)>=0,(LEFT(A18,3)&(RIGHT(A18,2)+1)),(LEFT(A18,4)&(RIGHT(A18,1)+1)))),IF(LEN(A18)=8,(IF((RIGHT(A18,2)-9)>=0,(LEFT(A18,6)&(RIGHT(A18,2)+1)),(LEFT(A18,7)&(RIGHT(A18,1)+1)))))) -> 02.03 | B19: 104803 | C19: SINAPI | D19: =UPPER(IF(C19="DER-EDIF",VLOOKUP(B19,REF_DER_ED,2,FALSE),IF(C19="SINAPI",VLOOKUP(B19,REF_SINAPI,2,FALSE),VLOOKUP(B19,COMPS,2,FALSE)))) -> REMOÇÃO CALHAS E RUFOS, DE FORMA MANUAL, SEM REAPROVEITAMENTO. AF_09/2023 | E19: =IF(C19="DER-EDIF",VLOOKUP(B19,REF_DER_ED,3,FALSE),IF(C19="SINAPI",VLOOKUP(B19,REF_SINAPI,3,FALSE),VLOOKUP(B19,COMPS,3,FALSE))) -> M | F19: =IFERROR(VLOOKUP($A19,Memo,12,FALSE),0) -> 26.1 | G19: 6.32 | H19: 8.42 | I19: =ROUND(H19*F19,2) -> 219.76 | J19: 6.32 | K19: =ROUND(J19*1.3325,2) -> 8.42 | L19: =K19*F19 -> 219.762
A20: =IF(LEN(A19)=5,(IF((RIGHT(A19,2)-9)>=0,(LEFT(A19,3)&(RIGHT(A19,2)+1)),(LEFT(A19,4)&(RIGHT(A19,1)+1)))),IF(LEN(A19)=8,(IF((RIGHT(A19,2)-9)>=0,(LEFT(A19,6)&(RIGHT(A19,2)+1)),(LEFT(A19,7)&(RIGHT(A19,1)+1)))))) -> 02.04 | B20: 97644 | C20: SINAPI | D20: =UPPER(IF(C20="DER-EDIF",VLOOKUP(B20,REF_DER_ED,2,FALSE),IF(C20="SINAPI",VLOOKUP(B20,REF_SINAPI,2,FALSE),VLOOKUP(B20,COMPS,2,FALSE)))) -> REMOÇÃO DE PORTAS, DE FORMA MANUAL, SEM REAPROVEITAMENTO. AF_09/2023 | E20: =IF(C20="DER-EDIF",VLOOKUP(B20,REF_DER_ED,3,FALSE),IF(C20="SINAPI",VLOOKUP(B20,REF_SINAPI,3,FALSE),VLOOKUP(B20,COMPS,3,FALSE))) -> M2 | F20: =IFERROR(VLOOKUP($A20,Memo,12,FALSE),0) -> 21.84 | G20: 12.84 | H20: 17.11 | I20: =ROUND(H20*F20,2) -> 373.68 | J20: 12.84 | K20: =ROUND(J20*1.3325,2) -> 17.11 | L20: =K20*F20 -> 373.6824
A21: =IF(LEN(A20)=5,(IF((RIGHT(A20,2)-9)>=0,(LEFT(A20,3)&(RIGHT(A20,2)+1)),(LEFT(A20,4)&(RIGHT(A20,1)+1)))),IF(LEN(A20)=8,(IF((RIGHT(A20,2)-9)>=0,(LEFT(A20,6)&(RIGHT(A20,2)+1)),(LEFT(A20,7)&(RIGHT(A20,1)+1)))))) -> 02.05 | B21: 104789 | C21: SINAPI | D21: =UPPER(IF(C21="DER-EDIF",VLOOKUP(B21,REF_DER_ED,2,FALSE),IF(C21="SINAPI",VLOOKUP(B21,REF_SINAPI,2,FALSE),VLOOKUP(B21,COMPS,2,FALSE)))) -> DEMOLIÇÃO DE PISO DE CONCRETO SIMPLES, DE FORMA MANUAL, SEM REAPROVEITAMENTO. AF_09/2023 | E21: =IF(C21="DER-EDIF",VLOOKUP(B21,REF_DER_ED,3,FALSE),IF(C21="SINAPI",VLOOKUP(B21,REF_SINAPI,3,FALSE),VLOOKUP(B21,COMPS,3,FALSE))) -> M3 | F21: =IFERROR(VLOOKUP($A21,Memo,12,FALSE),0) -> 30 | G21: 269.05 | H21: =ROUND(IF(C21="DER-EDIF",VLOOKUP(B21,REF_DER_ED,4,FALSE),IF(C21="SINAPI",VLOOKUP(B21,REF_SINAPI,4,FALSE),VLOOKUP(B21,COMPS,4,FALSE)))*(1+$H$4),2) -> 329.03 | I21: =ROUND(H21*F21,2) -> 9870.9 | J21: 269.05 | K21: =ROUND(J21*1.3325,2) -> 358.51 | L21: =K21*F21 -> 10755.3
A22: =IF(LEN(A21)=5,(IF((RIGHT(A21,2)-9)>=0,(LEFT(A21,3)&(RIGHT(A21,2)+1)),(LEFT(A21,4)&(RIGHT(A21,1)+1)))),IF(LEN(A21)=8,(IF((RIGHT(A21,2)-9)>=0,(LEFT(A21,6)&(RIGHT(A21,2)+1)),(LEFT(A21,7)&(RIGHT(A21,1)+1)))))) -> 02.06 | B22: 97633 | C22: SINAPI | D22: =UPPER(IF(C22="DER-EDIF",VLOOKUP(B22,REF_DER_ED,2,FALSE),IF(C22="SINAPI",VLOOKUP(B22,REF_SINAPI,2,FALSE),VLOOKUP(B22,COMPS,2,FALSE)))) -> DEMOLIÇÃO DE REVESTIMENTO CERÂMICO, DE FORMA MANUAL, SEM REAPROVEITAMENTO. AF_09/2023 | E22: =IF(C22="DER-EDIF",VLOOKUP(B22,REF_DER_ED,3,FALSE),IF(C22="SINAPI",VLOOKUP(B22,REF_SINAPI,3,FALSE),VLOOKUP(B22,COMPS,3,FALSE))) -> M2 | F22: =IFERROR(VLOOKUP($A22,Memo,12,FALSE),0) -> 98.24 | G22: =IF(C22="DER-EDIF",VLOOKUP(B22,REF_DER_ED,4,FALSE),IF(C22="SINAPI",VLOOKUP(B22,REF_SINAPI,4,FALSE),VLOOKUP(B22,COMPS,4,FALSE))) -> 28.1 | H22: =ROUND(IF(C22="DER-EDIF",VLOOKUP(B22,REF_DER_ED,4,FALSE),IF(C22="SINAPI",VLOOKUP(B22,REF_SINAPI,4,FALSE),VLOOKUP(B22,COMPS,4,FALSE)))*(1+$H$4),2) -> 37.44 | I22: =ROUND(H22*F22,2) -> 3678.11 | J22: 30.73 | K22: =ROUND(J22*1.3325,2) -> 40.95 | L22: =K22*F22 -> 4022.928
A23: =IF(LEN(A22)=5,(IF((RIGHT(A22,2)-9)>=0,(LEFT(A22,3)&(RIGHT(A22,2)+1)),(LEFT(A22,4)&(RIGHT(A22,1)+1)))),IF(LEN(A22)=8,(IF((RIGHT(A22,2)-9)>=0,(LEFT(A22,6)&(RIGHT(A22,2)+1)),(LEFT(A22,7)&(RIGHT(A22,1)+1)))))) -> 02.07 | B23: 97622 | C23: SINAPI | D23: =UPPER(IF(C23="DER-EDIF",VLOOKUP(B23,REF_DER_ED,2,FALSE),IF(C23="SINAPI",VLOOKUP(B23,REF_SINAPI,2,FALSE),VLOOKUP(B23,COMPS,2,FALSE)))) -> DEMOLIÇÃO DE ALVENARIA DE BLOCO FURADO, DE FORMA MANUAL, SEM REAPROVEITAMENTO. AF_09/2023 | E23: =IF(C23="DER-EDIF",VLOOKUP(B23,REF_DER_ED,3,FALSE),IF(C23="SINAPI",VLOOKUP(B23,REF_SINAPI,3,FALSE),VLOOKUP(B23,COMPS,3,FALSE))) -> M3 | F23: =IFERROR(VLOOKUP($A23,Memo,12,FALSE),0) -> 16.1 | G23: =IF(C23="DER-EDIF",VLOOKUP(B23,REF_DER_ED,4,FALSE),IF(C23="SINAPI",VLOOKUP(B23,REF_SINAPI,4,FALSE),VLOOKUP(B23,COMPS,4,FALSE))) -> 70.16 | H23: =ROUND(IF(C23="DER-EDIF",VLOOKUP(B23,REF_DER_ED,4,FALSE),IF(C23="SINAPI",VLOOKUP(B23,REF_SINAPI,4,FALSE),VLOOKUP(B23,COMPS,4,FALSE)))*(1+$H$4),2) -> 93.49 | I23: =ROUND(H23*F23,2) -> 1505.19 | J23: 76.45 | K23: =ROUND(J23*1.3325,2) -> 101.87 | L23: =K23*F23 -> 1640.107
A24: =IF(LEN(A23)=5,(IF((RIGHT(A23,2)-9)>=0,(LEFT(A23,3)&(RIGHT(A23,2)+1)),(LEFT(A23,4)&(RIGHT(A23,1)+1)))),IF(LEN(A23)=8,(IF((RIGHT(A23,2)-9)>=0,(LEFT(A23,6)&(RIGHT(A23,2)+1)),(LEFT(A23,7)&(RIGHT(A23,1)+1)))))) -> 02.08 | B24: 104791 | C24: SINAPI | D24: =UPPER(IF(C24="DER-EDIF",VLOOKUP(B24,REF_DER_ED,2,FALSE),IF(C24="SINAPI",VLOOKUP(B24,REF_SINAPI,2,FALSE),VLOOKUP(B24,COMPS,2,FALSE)))) -> DEMOLIÇÃO DE ARGAMASSAS, DE FORMA DE FORMA MECANIZADA COM MARTELETE, SEM REAPROVEITAMENTO. AF_09/2023 | E24: =IF(C24="DER-EDIF",VLOOKUP(B24,REF_DER_ED,3,FALSE),IF(C24="SINAPI",VLOOKUP(B24,REF_SINAPI,3,FALSE),VLOOKUP(B24,COMPS,3,FALSE))) -> M2 | F24: =IFERROR(VLOOKUP($A24,Memo,12,FALSE),0) -> 50 | G24: 8.11 | H24: 10.81 | I24: =ROUND(H24*F24,2) -> 540.5 | J24: 8.11 | K24: =ROUND(J24*1.3325,2) -> 10.81 | L24: =K24*F24 -> 540.5
A25: =IF(LEN(A24)=5,(IF((RIGHT(A24,2)-9)>=0,(LEFT(A24,3)&(RIGHT(A24,2)+1)),(LEFT(A24,4)&(RIGHT(A24,1)+1)))),IF(LEN(A24)=8,(IF((RIGHT(A24,2)-9)>=0,(LEFT(A24,6)&(RIGHT(A24,2)+1)),(LEFT(A24,7)&(RIGHT(A24,1)+1)))))) -> 02.09 | B25: 104792 | C25: SINAPI | D25: =UPPER(IF(C25="DER-EDIF",VLOOKUP(B25,REF_DER_ED,2,FALSE),IF(C25="SINAPI",VLOOKUP(B25,REF_SINAPI,2,FALSE),VLOOKUP(B25,COMPS,2,FALSE)))) -> REMOÇÃO DE CABOS ELÉTRICOS, COM SEÇÃO DE ATÉ 2,5 MM², DE FORMA MANUAL, SEM REAPROVEITAMENTO. AF_09/2023 | E25: =IF(C25="DER-EDIF",VLOOKUP(B25,REF_DER_ED,3,FALSE),IF(C25="SINAPI",VLOOKUP(B25,REF_SINAPI,3,FALSE),VLOOKUP(B25,COMPS,3,FALSE))) -> M | F25: =IFERROR(VLOOKUP($A25,Memo,12,FALSE),0) -> 150 | G25: 0.56 | H25: 0.75 | I25: =ROUND(H25*F25,2) -> 112.5 | J25: 0.56 | K25: =ROUND(J25*1.3325,2) -> 0.75 | L25: =K25*F25 -> 112.5
A26: =IF(LEN(A25)=5,(IF((RIGHT(A25,2)-9)>=0,(LEFT(A25,3)&(RIGHT(A25,2)+1)),(LEFT(A25,4)&(RIGHT(A25,1)+1)))),IF(LEN(A25)=8,(IF((RIGHT(A25,2)-9)>=0,(LEFT(A25,6)&(RIGHT(A25,2)+1)),(LEFT(A25,7)&(RIGHT(A25,1)+1)))))) -> 02.10 | B26: 104793 | C26: SINAPI | D26: =UPPER(IF(C26="DER-EDIF",VLOOKUP(B26,REF_DER_ED,2,FALSE),IF(C26="SINAPI",VLOOKUP(B26,REF_SINAPI,2,FALSE),VLOOKUP(B26,COMPS,2,FALSE)))) -> REMOÇÃO DE CABOS ELÉTRICOS, COM SEÇÃO MAIOR QUE 2,5 MM² E MENOR QUE 10 MM², DE FORMA MANUAL, SEM REAPROVEITAMENTO. AF_09/2023 | E26: =IF(C26="DER-EDIF",VLOOKUP(B26,REF_DER_ED,3,FALSE),IF(C26="SINAPI",VLOOKUP(B26,REF_SINAPI,3,FALSE),VLOOKUP(B26,COMPS,3,FALSE))) -> M | F26: =IFERROR(VLOOKUP($A26,Memo,12,FALSE),0) -> 150 | G26: 0.77 | H26: 1.03 | I26: =ROUND(H26*F26,2) -> 154.5 | J26: 0.77 | K26: =ROUND(J26*1.3325,2) -> 1.03 | L26: =K26*F26 -> 154.5
A27: =IF(LEN(A26)=5,(IF((RIGHT(A26,2)-9)>=0,(LEFT(A26,3)&(RIGHT(A26,2)+1)),(LEFT(A26,4)&(RIGHT(A26,1)+1)))),IF(LEN(A26)=8,(IF((RIGHT(A26,2)-9)>=0,(LEFT(A26,6)&(RIGHT(A26,2)+1)),(LEFT(A26,7)&(RIGHT(A26,1)+1)))))) -> 02.11 | B27: 104801 | C27: SINAPI | D27: =UPPER(IF(C27="DER-EDIF",VLOOKUP(B27,REF_DER_ED,2,FALSE),IF(C27="SINAPI",VLOOKUP(B27,REF_SINAPI,2,FALSE),VLOOKUP(B27,COMPS,2,FALSE)))) -> REMOÇÃO DE ALAMBRADOS PARA QUADRAS POLIESPORTIVAS, ESTRUTURADO POR TUBOS DE AÇO GALVANIZADO, COM TELA DE ARAME GALVANIZADO, DE FORMA MANUAL, SEM REAPROVEITAMENTO. AF_09/2023 | E27: =IF(C27="DER-EDIF",VLOOKUP(B27,REF_DER_ED,3,FALSE),IF(C27="SINAPI",VLOOKUP(B27,REF_SINAPI,3,FALSE),VLOOKUP(B27,COMPS,3,FALSE))) -> M2 | F27: =IFERROR(VLOOKUP($A27,Memo,12,FALSE),0) -> 8.48 | G27: =IF(C27="DER-EDIF",VLOOKUP(B27,REF_DER_ED,4,FALSE),IF(C27="SINAPI",VLOOKUP(B27,REF_SINAPI,4,FALSE),VLOOKUP(B27,COMPS,4,FALSE))) -> 18.33 | H27: =ROUND(IF(C27="DER-EDIF",VLOOKUP(B27,REF_DER_ED,4,FALSE),IF(C27="SINAPI",VLOOKUP(B27,REF_SINAPI,4,FALSE),VLOOKUP(B27,COMPS,4,FALSE)))*(1+$H$4),2) -> 24.42 | I27: =ROUND(H27*F27,2) -> 207.08 | J27: 20.24 | K27: =ROUND(J27*1.3325,2) -> 26.97 | L27: =K27*F27 -> 228.7056
A28: =IF(LEN(A27)=5,(IF((RIGHT(A27,2)-9)>=0,(LEFT(A27,3)&(RIGHT(A27,2)+1)),(LEFT(A27,4)&(RIGHT(A27,1)+1)))),IF(LEN(A27)=8,(IF((RIGHT(A27,2)-9)>=0,(LEFT(A27,6)&(RIGHT(A27,2)+1)),(LEFT(A27,7)&(RIGHT(A27,1)+1)))))) -> 02.12 | B28: 97663 | C28: SINAPI | D28: =UPPER(IF(C28="DER-EDIF",VLOOKUP(B28,REF_DER_ED,2,FALSE),IF(C28="SINAPI",VLOOKUP(B28,REF_SINAPI,2,FALSE),VLOOKUP(B28,COMPS,2,FALSE)))) -> REMOÇÃO DE LOUÇAS, DE FORMA MANUAL, SEM REAPROVEITAMENTO. AF_09/2023 | E28: =IF(C28="DER-EDIF",VLOOKUP(B28,REF_DER_ED,3,FALSE),IF(C28="SINAPI",VLOOKUP(B28,REF_SINAPI,3,FALSE),VLOOKUP(B28,COMPS,3,FALSE))) -> UN | F28: =IFERROR(VLOOKUP($A28,Memo,12,FALSE),0) -> 2 | G28: 14.03 | H28: 18.69 | I28: =ROUND(H28*F28,2) -> 37.38 | J28: 14.03 | K28: =ROUND(J28*1.3325,2) -> 18.69 | L28: =K28*F28 -> 37.38
A29: =IF(LEN(A28)=5,(IF((RIGHT(A28,2)-9)>=0,(LEFT(A28,3)&(RIGHT(A28,2)+1)),(LEFT(A28,4)&(RIGHT(A28,1)+1)))),IF(LEN(A28)=8,(IF((RIGHT(A28,2)-9)>=0,(LEFT(A28,6)&(RIGHT(A28,2)+1)),(LEFT(A28,7)&(RIGHT(A28,1)+1)))))) -> 02.13 | B29: 97664 | C29: SINAPI | D29: =UPPER(IF(C29="DER-EDIF",VLOOKUP(B29,REF_DER_ED,2,FALSE),IF(C29="SINAPI",VLOOKUP(B29,REF_SINAPI,2,FALSE),VLOOKUP(B29,COMPS,2,FALSE)))) -> REMOÇÃO DE ACESSÓRIOS, DE FORMA MANUAL, SEM REAPROVEITAMENTO. AF_09/2023 | E29: =IF(C29="DER-EDIF",VLOOKUP(B29,REF_DER_ED,3,FALSE),IF(C29="SINAPI",VLOOKUP(B29,REF_SINAPI,3,FALSE),VLOOKUP(B29,COMPS,3,FALSE))) -> UN | F29: =IFERROR(VLOOKUP($A29,Memo,12,FALSE),0) -> 20 | G29: =IF(C29="DER-EDIF",VLOOKUP(B29,REF_DER_ED,4,FALSE),IF(C29="SINAPI",VLOOKUP(B29,REF_SINAPI,4,FALSE),VLOOKUP(B29,COMPS,4,FALSE))) -> 1.93 | H29: =ROUND(IF(C29="DER-EDIF",VLOOKUP(B29,REF_DER_ED,4,FALSE),IF(C29="SINAPI",VLOOKUP(B29,REF_SINAPI,4,FALSE),VLOOKUP(B29,COMPS,4,FALSE)))*(1+$H$4),2) -> 2.57 | I29: =ROUND(H29*F29,2) -> 51.4 | J29: 1.75 | K29: =ROUND(J29*1.3325,2) -> 2.33 | L29: =K29*F29 -> 46.6
A30: =IF(LEN(A29)=5,(IF((RIGHT(A29,2)-9)>=0,(LEFT(A29,3)&(RIGHT(A29,2)+1)),(LEFT(A29,4)&(RIGHT(A29,1)+1)))),IF(LEN(A29)=8,(IF((RIGHT(A29,2)-9)>=0,(LEFT(A29,6)&(RIGHT(A29,2)+1)),(LEFT(A29,7)&(RIGHT(A29,1)+1)))))) -> 02.14 | B30: 97665 | C30: SINAPI | D30: =UPPER(IF(C30="DER-EDIF",VLOOKUP(B30,REF_DER_ED,2,FALSE),IF(C30="SINAPI",VLOOKUP(B30,REF_SINAPI,2,FALSE),VLOOKUP(B30,COMPS,2,FALSE)))) -> REMOÇÃO DE LUMINÁRIAS, DE FORMA MANUAL, SEM REAPROVEITAMENTO. AF_09/2023 | E30: =IF(C30="DER-EDIF",VLOOKUP(B30,REF_DER_ED,3,FALSE),IF(C30="SINAPI",VLOOKUP(B30,REF_SINAPI,3,FALSE),VLOOKUP(B30,COMPS,3,FALSE))) -> UN | F30: =IFERROR(VLOOKUP($A30,Memo,12,FALSE),0) -> 20 | G30: 2.15 | H30: 2.86 | I30: =ROUND(H30*F30,2) -> 57.2 | J30: 2.15 | K30: =ROUND(J30*1.3325,2) -> 2.86 | L30: =K30*F30 -> 57.2
A31: =IF(LEN(A30)=5,(IF((RIGHT(A30,2)-9)>=0,(LEFT(A30,3)&(RIGHT(A30,2)+1)),(LEFT(A30,4)&(RIGHT(A30,1)+1)))),IF(LEN(A30)=8,(IF((RIGHT(A30,2)-9)>=0,(LEFT(A30,6)&(RIGHT(A30,2)+1)),(LEFT(A30,7)&(RIGHT(A30,1)+1)))))) -> 02.15 | B31: 97666 | C31: SINAPI | D31: =UPPER(IF(C31="DER-EDIF",VLOOKUP(B31,REF_DER_ED,2,FALSE),IF(C31="SINAPI",VLOOKUP(B31,REF_SINAPI,2,FALSE),VLOOKUP(B31,COMPS,2,FALSE)))) -> REMOÇÃO DE METAIS SANITÁRIOS, DE FORMA MANUAL, SEM REAPROVEITAMENTO. AF_09/2023 | E31: =IF(C31="DER-EDIF",VLOOKUP(B31,REF_DER_ED,3,FALSE),IF(C31="SINAPI",VLOOKUP(B31,REF_SINAPI,3,FALSE),VLOOKUP(B31,COMPS,3,FALSE))) -> UN | F31: =IFERROR(VLOOKUP($A31,Memo,12,FALSE),0) -> 2 | G31: 10.22 | H31: 13.62 | I31: =ROUND(H31*F31,2) -> 27.24 | J31: 10.22 | K31: =ROUND(J31*1.3325,2) -> 13.62 | L31: =K31*F31 -> 27.24
A32: 03 | D32: INFRAESTRUTURA | I32: =SUBTOTAL(9,I33:I46) -> 67251.66
A33: 03.01 | D33: ESTRUTURA DE CONCRETO ARMADO | I33: =SUBTOTAL(9,I34:I46) -> 67251.66 | L33: =SUM(L34:L46) -> 67384.611
A34: =A33&".01" -> 03.01.01 | B34: 96527 | C34: SINAPI | D34: =UPPER(IF(C34="DER-EDIF",VLOOKUP(B34,REF_DER_ED,2,FALSE),IF(C34="SINAPI",VLOOKUP(B34,REF_SINAPI,2,FALSE),VLOOKUP(B34,COMPS,2,FALSE)))) -> ESCAVAÇÃO MANUAL PARA VIGA BALDRAME OU SAPATA CORRIDA (INCLUINDO ESCAVAÇÃO PARA COLOCAÇÃO DE FÔRMAS). AF_01/2024 | E34: =IF(C34="DER-EDIF",VLOOKUP(B34,REF_DER_ED,3,FALSE),IF(C34="SINAPI",VLOOKUP(B34,REF_SINAPI,3,FALSE),VLOOKUP(B34,COMPS,3,FALSE))) -> M3 | F34: =IFERROR(VLOOKUP($A34,Memo,12,FALSE),0) -> 23.65 | G34: 115.17 | H34: 153.46 | I34: =ROUND(H34*F34,2) -> 3629.33 | J34: 115.17 | K34: =ROUND(J34*1.3325,2) -> 153.46 | L34: =K34*F34 -> 3629.329
A35: =IF(LEN(A34)=5,(IF((RIGHT(A34,2)-9)>=0,(LEFT(A34,3)&(RIGHT(A34,2)+1)),(LEFT(A34,4)&(RIGHT(A34,1)+1)))),IF(LEN(A34)=8,(IF((RIGHT(A34,2)-9)>=0,(LEFT(A34,6)&(RIGHT(A34,2)+1)),(LEFT(A34,7)&(RIGHT(A34,1)+1)))))) -> 03.01.02 | B35: 96616 | C35: SINAPI | D35: =UPPER(IF(C35="DER-EDIF",VLOOKUP(B35,REF_DER_ED,2,FALSE),IF(C35="SINAPI",VLOOKUP(B35,REF_SINAPI,2,FALSE),VLOOKUP(B35,COMPS,2,FALSE)))) -> LASTRO DE CONCRETO MAGRO, APLICADO EM BLOCOS DE COROAMENTO OU SAPATAS. AF_01/2024 | E35: =IF(C35="DER-EDIF",VLOOKUP(B35,REF_DER_ED,3,FALSE),IF(C35="SINAPI",VLOOKUP(B35,REF_SINAPI,3,FALSE),VLOOKUP(B35,COMPS,3,FALSE))) -> M3 | F35: =IFERROR(VLOOKUP($A35,Memo,12,FALSE),0) -> 1.32 | G35: 804.32 | H35: 1071.76 | I35: =ROUND(H35*F35,2) -> 1414.72 | J35: 804.32 | K35: =ROUND(J35*1.3325,2) -> 1071.76 | L35: =K35*F35 -> 1414.7232
A36: =IF(LEN(A35)=5,(IF((RIGHT(A35,2)-9)>=0,(LEFT(A35,3)&(RIGHT(A35,2)+1)),(LEFT(A35,4)&(RIGHT(A35,1)+1)))),IF(LEN(A35)=8,(IF((RIGHT(A35,2)-9)>=0,(LEFT(A35,6)&(RIGHT(A35,2)+1)),(LEFT(A35,7)&(RIGHT(A35,1)+1)))))) -> 03.01.03 | B36: 94966 | C36: SINAPI | D36: =UPPER(IF(C36="DER-EDIF",VLOOKUP(B36,REF_DER_ED,2,FALSE),IF(C36="SINAPI",VLOOKUP(B36,REF_SINAPI,2,FALSE),VLOOKUP(B36,COMPS,2,FALSE)))) -> CONCRETO FCK = 30MPA, TRAÇO 1:2,1:2,5 (EM MASSA SECA DE CIMENTO/ AREIA MÉDIA/ BRITA 1) - PREPARO MECÂNICO COM BETONEIRA 400 L. AF_05/2021 | E36: =IF(C36="DER-EDIF",VLOOKUP(B36,REF_DER_ED,3,FALSE),IF(C36="SINAPI",VLOOKUP(B36,REF_SINAPI,3,FALSE),VLOOKUP(B36,COMPS,3,FALSE))) -> M3 | F36: =IFERROR(VLOOKUP($A36,Memo,12,FALSE),0) -> 9.72 | G36: 498.63 | H36: 664.42 | I36: =ROUND(H36*F36,2) -> 6458.16 | J36: 498.63 | K36: =ROUND(J36*1.3325,2) -> 664.42 | L36: =K36*F36 -> 6458.1624
A37: =IF(LEN(A36)=5,(IF((RIGHT(A36,2)-9)>=0,(LEFT(A36,3)&(RIGHT(A36,2)+1)),(LEFT(A36,4)&(RIGHT(A36,1)+1)))),IF(LEN(A36)=8,(IF((RIGHT(A36,2)-9)>=0,(LEFT(A36,6)&(RIGHT(A36,2)+1)),(LEFT(A36,7)&(RIGHT(A36,1)+1)))))) -> 03.01.04 | B37: 104737 | C37: SINAPI | D37: =UPPER(IF(C37="DER-EDIF",VLOOKUP(B37,REF_DER_ED,2,FALSE),IF(C37="SINAPI",VLOOKUP(B37,REF_SINAPI,2,FALSE),VLOOKUP(B37,COMPS,2,FALSE)))) -> REATERRO MANUAL DE VALAS, COM PLACA VIBRATÓRIA. AF_08/2023 | E37: =IF(C37="DER-EDIF",VLOOKUP(B37,REF_DER_ED,3,FALSE),IF(C37="SINAPI",VLOOKUP(B37,REF_SINAPI,3,FALSE),VLOOKUP(B37,COMPS,3,FALSE))) -> M3 | F37: =IFERROR(VLOOKUP($A37,Memo,12,FALSE),0) -> 12.61 | G37: 23.73 | H37: 31.62 | I37: =ROUND(H37*F37,2) -> 398.73 | J37: 23.73 | K37: =ROUND(J37*1.3325,2) -> 31.62 | L37: =K37*F37 -> 398.7282
A38: =IF(LEN(A37)=5,(IF((RIGHT(A37,2)-9)>=0,(LEFT(A37,3)&(RIGHT(A37,2)+1)),(LEFT(A37,4)&(RIGHT(A37,1)+1)))),IF(LEN(A37)=8,(IF((RIGHT(A37,2)-9)>=0,(LEFT(A37,6)&(RIGHT(A37,2)+1)),(LEFT(A37,7)&(RIGHT(A37,1)+1)))))) -> 03.01.05 | B38: 96532 | C38: SINAPI | D38: =UPPER(IF(C38="DER-EDIF",VLOOKUP(B38,REF_DER_ED,2,FALSE),IF(C38="SINAPI",VLOOKUP(B38,REF_SINAPI,2,FALSE),VLOOKUP(B38,COMPS,2,FALSE)))) -> FABRICAÇÃO, MONTAGEM E DESMONTAGEM DE FÔRMA PARA SAPATA, EM MADEIRA SERRADA, E=25 MM, 2 UTILIZAÇÕES. AF_01/2024 | E38: =IF(C38="DER-EDIF",VLOOKUP(B38,REF_DER_ED,3,FALSE),IF(C38="SINAPI",VLOOKUP(B38,REF_SINAPI,3,FALSE),VLOOKUP(B38,COMPS,3,FALSE))) -> M2 | F38: =IFERROR(VLOOKUP($A38,Memo,12,FALSE),0) -> 31.08 | G38: 195.53 | H38: 260.54 | I38: =ROUND(H38*F38,2) -> 8097.58 | J38: 195.53 | K38: =ROUND(J38*1.3325,2) -> 260.54 | L38: =K38*F38 -> 8097.5832
A39: =IF(LEN(A38)=5,(IF((RIGHT(A38,2)-9)>=0,(LEFT(A38,3)&(RIGHT(A38,2)+1)),(LEFT(A38,4)&(RIGHT(A38,1)+1)))),IF(LEN(A38)=8,(IF((RIGHT(A38,2)-9)>=0,(LEFT(A38,6)&(RIGHT(A38,2)+1)),(LEFT(A38,7)&(RIGHT(A38,1)+1)))))) -> 03.01.06 | B39: 96533 | C39: SINAPI | D39: =UPPER(IF(C39="DER-EDIF",VLOOKUP(B39,REF_DER_ED,2,FALSE),IF(C39="SINAPI",VLOOKUP(B39,REF_SINAPI,2,FALSE),VLOOKUP(B39,COMPS,2,FALSE)))) -> FABRICAÇÃO, MONTAGEM E DESMONTAGEM DE FÔRMA PARA VIGA BALDRAME, EM MADEIRA SERRADA, E=25 MM, 2 UTILIZAÇÕES. AF_01/2024 | E39: =IF(C39="DER-EDIF",VLOOKUP(B39,REF_DER_ED,3,FALSE),IF(C39="SINAPI",VLOOKUP(B39,REF_SINAPI,3,FALSE),VLOOKUP(B39,COMPS,3,FALSE))) -> M2 | F39: =IFERROR(VLOOKUP($A39,Memo,12,FALSE),0) -> 57.74 | G39: 100.3 | H39: 133.65 | I39: =ROUND(H39*F39,2) -> 7716.95 | J39: 100.3 | K39: =ROUND(J39*1.3325,2) -> 133.65 | L39: =K39*F39 -> 7716.951
A40: =IF(LEN(A39)=5,(IF((RIGHT(A39,2)-9)>=0,(LEFT(A39,3)&(RIGHT(A39,2)+1)),(LEFT(A39,4)&(RIGHT(A39,1)+1)))),IF(LEN(A39)=8,(IF((RIGHT(A39,2)-9)>=0,(LEFT(A39,6)&(RIGHT(A39,2)+1)),(LEFT(A39,7)&(RIGHT(A39,1)+1)))))) -> 03.01.07 | B40: 92800 | C40: SINAPI | D40: =UPPER(IF(C40="DER-EDIF",VLOOKUP(B40,REF_DER_ED,2,FALSE),IF(C40="SINAPI",VLOOKUP(B40,REF_SINAPI,2,FALSE),VLOOKUP(B40,COMPS,2,FALSE)))) -> CORTE E DOBRA DE AÇO CA-60, DIÂMETRO DE 5,0 MM. AF_06/2022 | E40: =IF(C40="DER-EDIF",VLOOKUP(B40,REF_DER_ED,3,FALSE),IF(C40="SINAPI",VLOOKUP(B40,REF_SINAPI,3,FALSE),VLOOKUP(B40,COMPS,3,FALSE))) -> KG | F40: =IFERROR(VLOOKUP($A40,Memo,12,FALSE),0) -> 95.98 | G40: 12.04 | H40: 16.04 | I40: =ROUND(H40*F40,2) -> 1539.52 | J40: 12.04 | K40: =ROUND(J40*1.3325,2) -> 16.04 | L40: =K40*F40 -> 1539.5192
A41: =IF(LEN(A40)=5,(IF((RIGHT(A40,2)-9)>=0,(LEFT(A40,3)&(RIGHT(A40,2)+1)),(LEFT(A40,4)&(RIGHT(A40,1)+1)))),IF(LEN(A40)=8,(IF((RIGHT(A40,2)-9)>=0,(LEFT(A40,6)&(RIGHT(A40,2)+1)),(LEFT(A40,7)&(RIGHT(A40,1)+1)))))) -> 03.01.08 | B41: 92802 | C41: SINAPI | D41: =UPPER(IF(C41="DER-EDIF",VLOOKUP(B41,REF_DER_ED,2,FALSE),IF(C41="SINAPI",VLOOKUP(B41,REF_SINAPI,2,FALSE),VLOOKUP(B41,COMPS,2,FALSE)))) -> CORTE E DOBRA DE AÇO CA-50, DIÂMETRO DE 8,0 MM. AF_06/2022 | E41: =IF(C41="DER-EDIF",VLOOKUP(B41,REF_DER_ED,3,FALSE),IF(C41="SINAPI",VLOOKUP(B41,REF_SINAPI,3,FALSE),VLOOKUP(B41,COMPS,3,FALSE))) -> KG | F41: =IFERROR(VLOOKUP($A41,Memo,12,FALSE),0) -> 177.26 | G41: 12.19 | H41: 16.24 | I41: =ROUND(H41*F41,2) -> 2878.7 | J41: 12.19 | K41: =ROUND(J41*1.3325,2) -> 16.24 | L41: =K41*F41 -> 2878.7024
A42: =IF(LEN(A41)=5,(IF((RIGHT(A41,2)-9)>=0,(LEFT(A41,3)&(RIGHT(A41,2)+1)),(LEFT(A41,4)&(RIGHT(A41,1)+1)))),IF(LEN(A41)=8,(IF((RIGHT(A41,2)-9)>=0,(LEFT(A41,6)&(RIGHT(A41,2)+1)),(LEFT(A41,7)&(RIGHT(A41,1)+1)))))) -> 03.01.09 | B42: 92803 | C42: SINAPI | D42: =UPPER(IF(C42="DER-EDIF",VLOOKUP(B42,REF_DER_ED,2,FALSE),IF(C42="SINAPI",VLOOKUP(B42,REF_SINAPI,2,FALSE),VLOOKUP(B42,COMPS,2,FALSE)))) -> CORTE E DOBRA DE AÇO CA-50, DIÂMETRO DE 10,0 MM. AF_06/2022 | E42: =IF(C42="DER-EDIF",VLOOKUP(B42,REF_DER_ED,3,FALSE),IF(C42="SINAPI",VLOOKUP(B42,REF_SINAPI,3,FALSE),VLOOKUP(B42,COMPS,3,FALSE))) -> KG | F42: =IFERROR(VLOOKUP($A42,Memo,12,FALSE),0) -> 198.72 | G42: 11.26 | H42: 15 | I42: =ROUND(H42*F42,2) -> 2980.8 | J42: 11.26 | K42: =ROUND(J42*1.3325,2) -> 15 | L42: =K42*F42 -> 2980.8
A43: =IF(LEN(A42)=5,(IF((RIGHT(A42,2)-9)>=0,(LEFT(A42,3)&(RIGHT(A42,2)+1)),(LEFT(A42,4)&(RIGHT(A42,1)+1)))),IF(LEN(A42)=8,(IF((RIGHT(A42,2)-9)>=0,(LEFT(A42,6)&(RIGHT(A42,2)+1)),(LEFT(A42,7)&(RIGHT(A42,1)+1)))))) -> 03.01.10 | B43: 104916 | C43: SINAPI | D43: =UPPER(IF(C43="DER-EDIF",VLOOKUP(B43,REF_DER_ED,2,FALSE),IF(C43="SINAPI",VLOOKUP(B43,REF_SINAPI,2,FALSE),VLOOKUP(B43,COMPS,2,FALSE)))) -> ARMAÇÃO DE SAPATA ISOLADA, VIGA BALDRAME E SAPATA CORRIDA UTILIZANDO AÇO CA-60 DE 5 MM - MONTAGEM. AF_01/2024 | E43: =IF(C43="DER-EDIF",VLOOKUP(B43,REF_DER_ED,3,FALSE),IF(C43="SINAPI",VLOOKUP(B43,REF_SINAPI,3,FALSE),VLOOKUP(B43,COMPS,3,FALSE))) -> KG | F43: =IFERROR(VLOOKUP($A43,Memo,12,FALSE),0) -> 95.98 | G43: 19.68 | H43: 26.22 | I43: =ROUND(H43*F43,2) -> 2516.6 | J43: 19.68 | K43: =ROUND(J43*1.3325,2) -> 26.22 | L43: =K43*F43 -> 2516.5956
A44: =IF(LEN(A43)=5,(IF((RIGHT(A43,2)-9)>=0,(LEFT(A43,3)&(RIGHT(A43,2)+1)),(LEFT(A43,4)&(RIGHT(A43,1)+1)))),IF(LEN(A43)=8,(IF((RIGHT(A43,2)-9)>=0,(LEFT(A43,6)&(RIGHT(A43,2)+1)),(LEFT(A43,7)&(RIGHT(A43,1)+1)))))) -> 03.01.11 | B44: 104918 | C44: SINAPI | D44: =UPPER(IF(C44="DER-EDIF",VLOOKUP(B44,REF_DER_ED,2,FALSE),IF(C44="SINAPI",VLOOKUP(B44,REF_SINAPI,2,FALSE),VLOOKUP(B44,COMPS,2,FALSE)))) -> ARMAÇÃO DE SAPATA ISOLADA, VIGA BALDRAME E SAPATA CORRIDA UTILIZANDO AÇO CA-50 DE 8 MM - MONTAGEM. AF_01/2024 | E44: =IF(C44="DER-EDIF",VLOOKUP(B44,REF_DER_ED,3,FALSE),IF(C44="SINAPI",VLOOKUP(B44,REF_SINAPI,3,FALSE),VLOOKUP(B44,COMPS,3,FALSE))) -> KG | F44: =IFERROR(VLOOKUP($A44,Memo,12,FALSE),0) -> 177.26 | G44: =IF(C44="DER-EDIF",VLOOKUP(B44,REF_DER_ED,4,FALSE),IF(C44="SINAPI",VLOOKUP(B44,REF_SINAPI,4,FALSE),VLOOKUP(B44,COMPS,4,FALSE))) -> 16.58 | H44: =ROUND(IF(C44="DER-EDIF",VLOOKUP(B44,REF_DER_ED,4,FALSE),IF(C44="SINAPI",VLOOKUP(B44,REF_SINAPI,4,FALSE),VLOOKUP(B44,COMPS,4,FALSE)))*(1+$H$4),2) -> 22.09 | I44: =ROUND(H44*F44,2) -> 3915.67 | J44: 17.14 | K44: =ROUND(J44*1.3325,2) -> 22.84 | L44: =K44*F44 -> 4048.6184
A45: =IF(LEN(A44)=5,(IF((RIGHT(A44,2)-9)>=0,(LEFT(A44,3)&(RIGHT(A44,2)+1)),(LEFT(A44,4)&(RIGHT(A44,1)+1)))),IF(LEN(A44)=8,(IF((RIGHT(A44,2)-9)>=0,(LEFT(A44,6)&(RIGHT(A44,2)+1)),(LEFT(A44,7)&(RIGHT(A44,1)+1)))))) -> 03.01.12 | B45: 104919 | C45: SINAPI | D45: =UPPER(IF(C45="DER-EDIF",VLOOKUP(B45,REF_DER_ED,2,FALSE),IF(C45="SINAPI",VLOOKUP(B45,REF_SINAPI,2,FALSE),VLOOKUP(B45,COMPS,2,FALSE)))) -> ARMAÇÃO DE SAPATA ISOLADA, VIGA BALDRAME E SAPATA CORRIDA UTILIZANDO AÇO CA-50 DE 10 MM - MONTAGEM. AF_01/2024 | E45: =IF(C45="DER-EDIF",VLOOKUP(B45,REF_DER_ED,3,FALSE),IF(C45="SINAPI",VLOOKUP(B45,REF_SINAPI,3,FALSE),VLOOKUP(B45,COMPS,3,FALSE))) -> KG | F45: =IFERROR(VLOOKUP($A45,Memo,12,FALSE),0) -> 198.72 | G45: 15.34 | H45: 20.44 | I45: =ROUND(H45*F45,2) -> 4061.84 | J45: 15.34 | K45: =ROUND(J45*1.3325,2) -> 20.44 | L45: =K45*F45 -> 4061.8368
A46: =IF(LEN(A45)=5,(IF((RIGHT(A45,2)-9)>=0,(LEFT(A45,3)&(RIGHT(A45,2)+1)),(LEFT(A45,4)&(RIGHT(A45,1)+1)))),IF(LEN(A45)=8,(IF((RIGHT(A45,2)-9)>=0,(LEFT(A45,6)&(RIGHT(A45,2)+1)),(LEFT(A45,7)&(RIGHT(A45,1)+1)))))) -> 03.01.13 | B46: 98547 | C46: SINAPI | D46: =UPPER(IF(C46="DER-EDIF",VLOOKUP(B46,REF_DER_ED,2,FALSE),IF(C46="SINAPI",VLOOKUP(B46,REF_SINAPI,2,FALSE),VLOOKUP(B46,COMPS,2,FALSE)))) -> IMPERMEABILIZAÇÃO DE SUPERFÍCIE COM MANTA ASFÁLTICA, DUAS CAMADAS, INCLUSIVE APLICAÇÃO DE PRIMER ASFÁLTICO, E=3MM E E=4MM. AF_09/2023 | E46: =IF(C46="DER-EDIF",VLOOKUP(B46,REF_DER_ED,3,FALSE),IF(C46="SINAPI",VLOOKUP(B46,REF_SINAPI,3,FALSE),VLOOKUP(B46,COMPS,3,FALSE))) -> M2 | F46: =IFERROR(VLOOKUP($A46,Memo,12,FALSE),0) -> 72.17 | G46: 225.06 | H46: 299.89 | I46: =ROUND(H46*F46,2) -> 21643.06 | J46: 225.06 | K46: =ROUND(J46*1.3325,2) -> 299.89 | L46: =K46*F46 -> 21643.061
A47: 04 | D47: SUPERESTRUTURA | I47: =SUBTOTAL(9,I49:I59) -> 67217.21
A48: 04.01 | D48: ESTRUTURA DE CONCRETO ARMADO | I48: =SUBTOTAL(9,I49:I59) -> 67217.21 | L48: =SUM(L49:L59) -> 67217.212
A49: =A48&".01" -> 04.01.01 | B49: 92269 | C49: SINAPI | D49: =UPPER(IF(C49="DER-EDIF",VLOOKUP(B49,REF_DER_ED,2,FALSE),IF(C49="SINAPI",VLOOKUP(B49,REF_SINAPI,2,FALSE),VLOOKUP(B49,COMPS,2,FALSE)))) -> FABRICAÇÃO DE FÔRMA PARA PILARES E ESTRUTURAS SIMILARES, EM MADEIRA SERRADA, E=25 MM. AF_09/2020 | E49: =IF(C49="DER-EDIF",VLOOKUP(B49,REF_DER_ED,3,FALSE),IF(C49="SINAPI",VLOOKUP(B49,REF_SINAPI,3,FALSE),VLOOKUP(B49,COMPS,3,FALSE))) -> M2 | F49: =IFERROR(VLOOKUP($A49,Memo,12,FALSE),0) -> 27 | G49: 134.31 | H49: 178.97 | I49: =ROUND(H49*F49,2) -> 4832.19 | J49: 134.31 | K49: =ROUND(J49*1.3325,2) -> 178.97 | L49: =K49*F49 -> 4832.19
A50: =IF(LEN(A49)=5,(IF((RIGHT(A49,2)-9)>=0,(LEFT(A49,3)&(RIGHT(A49,2)+1)),(LEFT(A49,4)&(RIGHT(A49,1)+1)))),IF(LEN(A49)=8,(IF((RIGHT(A49,2)-9)>=0,(LEFT(A49,6)&(RIGHT(A49,2)+1)),(LEFT(A49,7)&(RIGHT(A49,1)+1)))))) -> 04.01.02 | B50: 92270 | C50: SINAPI | D50: =UPPER(IF(C50="DER-EDIF",VLOOKUP(B50,REF_DER_ED,2,FALSE),IF(C50="SINAPI",VLOOKUP(B50,REF_SINAPI,2,FALSE),VLOOKUP(B50,COMPS,2,FALSE)))) -> FABRICAÇÃO DE FÔRMA PARA VIGAS, COM MADEIRA SERRADA, E = 25 MM. AF_09/2020 | E50: =IF(C50="DER-EDIF",VLOOKUP(B50,REF_DER_ED,3,FALSE),IF(C50="SINAPI",VLOOKUP(B50,REF_SINAPI,3,FALSE),VLOOKUP(B50,COMPS,3,FALSE))) -> M2 | F50: =IFERROR(VLOOKUP($A50,Memo,12,FALSE),0) -> 72.17 | G50: 183.39 | H50: 244.37 | I50: =ROUND(H50*F50,2) -> 17636.18 | J50: 183.39 | K50: =ROUND(J50*1.3325,2) -> 244.37 | L50: =K50*F50 -> 17636.183
A51: =IF(LEN(A50)=5,(IF((RIGHT(A50,2)-9)>=0,(LEFT(A50,3)&(RIGHT(A50,2)+1)),(LEFT(A50,4)&(RIGHT(A50,1)+1)))),IF(LEN(A50)=8,(IF((RIGHT(A50,2)-9)>=0,(LEFT(A50,6)&(RIGHT(A50,2)+1)),(LEFT(A50,7)&(RIGHT(A50,1)+1)))))) -> 04.01.03 | B51: 92411 | C51: SINAPI | D51: =UPPER(IF(C51="DER-EDIF",VLOOKUP(B51,REF_DER_ED,2,FALSE),IF(C51="SINAPI",VLOOKUP(B51,REF_SINAPI,2,FALSE),VLOOKUP(B51,COMPS,2,FALSE)))) -> MONTAGEM E DESMONTAGEM DE FÔRMA DE PILARES RETANGULARES E ESTRUTURAS SIMILARES, PÉ-DIREITO SIMPLES, EM MADEIRA SERRADA, 2 UTILIZAÇÕES. AF_09/2020 | E51: =IF(C51="DER-EDIF",VLOOKUP(B51,REF_DER_ED,3,FALSE),IF(C51="SINAPI",VLOOKUP(B51,REF_SINAPI,3,FALSE),VLOOKUP(B51,COMPS,3,FALSE))) -> M2 | F51: =IFERROR(VLOOKUP($A51,Memo,12,FALSE),0) -> 27 | G51: 171.66 | H51: 228.74 | I51: =ROUND(H51*F51,2) -> 6175.98 | J51: 171.66 | K51: =ROUND(J51*1.3325,2) -> 228.74 | L51: =K51*F51 -> 6175.98
A52: =IF(LEN(A51)=5,(IF((RIGHT(A51,2)-9)>=0,(LEFT(A51,3)&(RIGHT(A51,2)+1)),(LEFT(A51,4)&(RIGHT(A51,1)+1)))),IF(LEN(A51)=8,(IF((RIGHT(A51,2)-9)>=0,(LEFT(A51,6)&(RIGHT(A51,2)+1)),(LEFT(A51,7)&(RIGHT(A51,1)+1)))))) -> 04.01.04 | B52: 92447 | C52: SINAPI | D52: =UPPER(IF(C52="DER-EDIF",VLOOKUP(B52,REF_DER_ED,2,FALSE),IF(C52="SINAPI",VLOOKUP(B52,REF_SINAPI,2,FALSE),VLOOKUP(B52,COMPS,2,FALSE)))) -> MONTAGEM E DESMONTAGEM DE FÔRMA DE VIGA, ESCORAMENTO COM PONTALETE DE MADEIRA, PÉ-DIREITO SIMPLES, EM MADEIRA SERRADA, 2 UTILIZAÇÕES. AF_09/2020 | E52: =IF(C52="DER-EDIF",VLOOKUP(B52,REF_DER_ED,3,FALSE),IF(C52="SINAPI",VLOOKUP(B52,REF_SINAPI,3,FALSE),VLOOKUP(B52,COMPS,3,FALSE))) -> M2 | F52: =IFERROR(VLOOKUP($A52,Memo,12,FALSE),0) -> 72.17 | G52: 227.72 | H52: 303.44 | I52: =ROUND(H52*F52,2) -> 21899.26 | J52: 227.72 | K52: =ROUND(J52*1.3325,2) -> 303.44 | L52: =K52*F52 -> 21899.265
A53: =IF(LEN(A52)=5,(IF((RIGHT(A52,2)-9)>=0,(LEFT(A52,3)&(RIGHT(A52,2)+1)),(LEFT(A52,4)&(RIGHT(A52,1)+1)))),IF(LEN(A52)=8,(IF((RIGHT(A52,2)-9)>=0,(LEFT(A52,6)&(RIGHT(A52,2)+1)),(LEFT(A52,7)&(RIGHT(A52,1)+1)))))) -> 04.01.05 | B53: 94966 | C53: SINAPI | D53: =UPPER(IF(C53="DER-EDIF",VLOOKUP(B53,REF_DER_ED,2,FALSE),IF(C53="SINAPI",VLOOKUP(B53,REF_SINAPI,2,FALSE),VLOOKUP(B53,COMPS,2,FALSE)))) -> CONCRETO FCK = 30MPA, TRAÇO 1:2,1:2,5 (EM MASSA SECA DE CIMENTO/ AREIA MÉDIA/ BRITA 1) - PREPARO MECÂNICO COM BETONEIRA 400 L. AF_05/2021 | E53: =IF(C53="DER-EDIF",VLOOKUP(B53,REF_DER_ED,3,FALSE),IF(C53="SINAPI",VLOOKUP(B53,REF_SINAPI,3,FALSE),VLOOKUP(B53,COMPS,3,FALSE))) -> M3 | F53: =IFERROR(VLOOKUP($A53,Memo,12,FALSE),0) -> 5.68 | G53: 498.63 | H53: 664.42 | I53: =ROUND(H53*F53,2) -> 3773.91 | J53: 498.63 | K53: =ROUND(J53*1.3325,2) -> 664.42 | L53: =K53*F53 -> 3773.9056
A54: =IF(LEN(A53)=5,(IF((RIGHT(A53,2)-9)>=0,(LEFT(A53,3)&(RIGHT(A53,2)+1)),(LEFT(A53,4)&(RIGHT(A53,1)+1)))),IF(LEN(A53)=8,(IF((RIGHT(A53,2)-9)>=0,(LEFT(A53,6)&(RIGHT(A53,2)+1)),(LEFT(A53,7)&(RIGHT(A53,1)+1)))))) -> 04.01.06 | B54: 92800 | C54: SINAPI | D54: =UPPER(IF(C54="DER-EDIF",VLOOKUP(B54,REF_DER_ED,2,FALSE),IF(C54="SINAPI",VLOOKUP(B54,REF_SINAPI,2,FALSE),VLOOKUP(B54,COMPS,2,FALSE)))) -> CORTE E DOBRA DE AÇO CA-60, DIÂMETRO DE 5,0 MM. AF_06/2022 | E54: =IF(C54="DER-EDIF",VLOOKUP(B54,REF_DER_ED,3,FALSE),IF(C54="SINAPI",VLOOKUP(B54,REF_SINAPI,3,FALSE),VLOOKUP(B54,COMPS,3,FALSE))) -> KG | F54: =IFERROR(VLOOKUP($A54,Memo,12,FALSE),0) -> 108.95 | G54: 12.04 | H54: 16.04 | I54: =ROUND(H54*F54,2) -> 1747.56 | J54: 12.04 | K54: =ROUND(J54*1.3325,2) -> 16.04 | L54: =K54*F54 -> 1747.558
A55: =IF(LEN(A54)=5,(IF((RIGHT(A54,2)-9)>=0,(LEFT(A54,3)&(RIGHT(A54,2)+1)),(LEFT(A54,4)&(RIGHT(A54,1)+1)))),IF(LEN(A54)=8,(IF((RIGHT(A54,2)-9)>=0,(LEFT(A54,6)&(RIGHT(A54,2)+1)),(LEFT(A54,7)&(RIGHT(A54,1)+1)))))) -> 04.01.07 | B55: 92802 | C55: SINAPI | D55: =UPPER(IF(C55="DER-EDIF",VLOOKUP(B55,REF_DER_ED,2,FALSE),IF(C55="SINAPI",VLOOKUP(B55,REF_SINAPI,2,FALSE),VLOOKUP(B55,COMPS,2,FALSE)))) -> CORTE E DOBRA DE AÇO CA-50, DIÂMETRO DE 8,0 MM. AF_06/2022 | E55: =IF(C55="DER-EDIF",VLOOKUP(B55,REF_DER_ED,3,FALSE),IF(C55="SINAPI",VLOOKUP(B55,REF_SINAPI,3,FALSE),VLOOKUP(B55,COMPS,3,FALSE))) -> KG | F55: =IFERROR(VLOOKUP($A55,Memo,12,FALSE),0) -> 177.26 | G55: 11.12 | H55: 14.82 | I55: =ROUND(H55*F55,2) -> 2626.99 | J55: 11.12 | K55: =ROUND(J55*1.3325,2) -> 14.82 | L55: =K55*F55 -> 2626.9932
A56: =IF(LEN(A55)=5,(IF((RIGHT(A55,2)-9)>=0,(LEFT(A55,3)&(RIGHT(A55,2)+1)),(LEFT(A55,4)&(RIGHT(A55,1)+1)))),IF(LEN(A55)=8,(IF((RIGHT(A55,2)-9)>=0,(LEFT(A55,6)&(RIGHT(A55,2)+1)),(LEFT(A55,7)&(RIGHT(A55,1)+1)))))) -> 04.01.08 | B56: 92803 | C56: SINAPI | D56: =UPPER(IF(C56="DER-EDIF",VLOOKUP(B56,REF_DER_ED,2,FALSE),IF(C56="SINAPI",VLOOKUP(B56,REF_SINAPI,2,FALSE),VLOOKUP(B56,COMPS,2,FALSE)))) -> CORTE E DOBRA DE AÇO CA-50, DIÂMETRO DE 10,0 MM. AF_06/2022 | E56: =IF(C56="DER-EDIF",VLOOKUP(B56,REF_DER_ED,3,FALSE),IF(C56="SINAPI",VLOOKUP(B56,REF_SINAPI,3,FALSE),VLOOKUP(B56,COMPS,3,FALSE))) -> KG | F56: =IFERROR(VLOOKUP($A56,Memo,12,FALSE),0) -> 91.81 | G56: 10.21 | H56: 13.6 | I56: =ROUND(H56*F56,2) -> 1248.62 | J56: 10.21 | K56: =ROUND(J56*1.3325,2) -> 13.6 | L56: =K56*F56 -> 1248.616
A57: =IF(LEN(A56)=5,(IF((RIGHT(A56,2)-9)>=0,(LEFT(A56,3)&(RIGHT(A56,2)+1)),(LEFT(A56,4)&(RIGHT(A56,1)+1)))),IF(LEN(A56)=8,(IF((RIGHT(A56,2)-9)>=0,(LEFT(A56,6)&(RIGHT(A56,2)+1)),(LEFT(A56,7)&(RIGHT(A56,1)+1)))))) -> 04.01.09 | B57: 92759 | C57: SINAPI | D57: =UPPER(IF(C57="DER-EDIF",VLOOKUP(B57,REF_DER_ED,2,FALSE),IF(C57="SINAPI",VLOOKUP(B57,REF_SINAPI,2,FALSE),VLOOKUP(B57,COMPS,2,FALSE)))) -> ARMAÇÃO DE PILAR OU VIGA DE ESTRUTURA CONVENCIONAL DE CONCRETO ARMADO UTILIZANDO AÇO CA-60 DE 5,0 MM - MONTAGEM. AF_06/2022 | E57: =IF(C57="DER-EDIF",VLOOKUP(B57,REF_DER_ED,3,FALSE),IF(C57="SINAPI",VLOOKUP(B57,REF_SINAPI,3,FALSE),VLOOKUP(B57,COMPS,3,FALSE))) -> KG | F57: =IFERROR(VLOOKUP($A57,Memo,12,FALSE),0) -> 108.95 | G57: 16.57 | H57: 22.08 | I57: =ROUND(H57*F57,2) -> 2405.62 | J57: 16.57 | K57: =ROUND(J57*1.3325,2) -> 22.08 | L57: =K57*F57 -> 2405.616
A58: =IF(LEN(A57)=5,(IF((RIGHT(A57,2)-9)>=0,(LEFT(A57,3)&(RIGHT(A57,2)+1)),(LEFT(A57,4)&(RIGHT(A57,1)+1)))),IF(LEN(A57)=8,(IF((RIGHT(A57,2)-9)>=0,(LEFT(A57,6)&(RIGHT(A57,2)+1)),(LEFT(A57,7)&(RIGHT(A57,1)+1)))))) -> 04.01.10 | B58: 92761 | C58: SINAPI | D58: =UPPER(IF(C58="DER-EDIF",VLOOKUP(B58,REF_DER_ED,2,FALSE),IF(C58="SINAPI",VLOOKUP(B58,REF_SINAPI,2,FALSE),VLOOKUP(B58,COMPS,2,FALSE)))) -> ARMAÇÃO DE PILAR OU VIGA DE ESTRUTURA CONVENCIONAL DE CONCRETO ARMADO UTILIZANDO AÇO CA-50 DE 8,0 MM - MONTAGEM. AF_06/2022 | E58: =IF(C58="DER-EDIF",VLOOKUP(B58,REF_DER_ED,3,FALSE),IF(C58="SINAPI",VLOOKUP(B58,REF_SINAPI,3,FALSE),VLOOKUP(B58,COMPS,3,FALSE))) -> KG | F58: =IFERROR(VLOOKUP($A58,Memo,12,FALSE),0) -> 177.26 | G58: 14.15 | H58: 18.85 | I58: =ROUND(H58*F58,2) -> 3341.35 | J58: 14.15 | K58: =ROUND(J58*1.3325,2) -> 18.85 | L58: =K58*F58 -> 3341.351
A59: =IF(LEN(A58)=5,(IF((RIGHT(A58,2)-9)>=0,(LEFT(A58,3)&(RIGHT(A58,2)+1)),(LEFT(A58,4)&(RIGHT(A58,1)+1)))),IF(LEN(A58)=8,(IF((RIGHT(A58,2)-9)>=0,(LEFT(A58,6)&(RIGHT(A58,2)+1)),(LEFT(A58,7)&(RIGHT(A58,1)+1)))))) -> 04.01.11 | B59: 92762 | C59: SINAPI | D59: =UPPER(IF(C59="DER-EDIF",VLOOKUP(B59,REF_DER_ED,2,FALSE),IF(C59="SINAPI",VLOOKUP(B59,REF_SINAPI,2,FALSE),VLOOKUP(B59,COMPS,2,FALSE)))) -> ARMAÇÃO DE PILAR OU VIGA DE ESTRUTURA CONVENCIONAL DE CONCRETO ARMADO UTILIZANDO AÇO CA-50 DE 10,0 MM - MONTAGEM. AF_06/2022 | E59: =IF(C59="DER-EDIF",VLOOKUP(B59,REF_DER_ED,3,FALSE),IF(C59="SINAPI",VLOOKUP(B59,REF_SINAPI,3,FALSE),VLOOKUP(B59,COMPS,3,FALSE))) -> KG | F59: =IFERROR(VLOOKUP($A59,Memo,12,FALSE),0) -> 91.81 | G59: 12.5 | H59: 16.66 | I59: =ROUND(H59*F59,2) -> 1529.55 | J59: 12.5 | K59: =ROUND(J59*1.3325,2) -> 16.66 | L59: =K59*F59 -> 1529.5546
A60: 05 | D60: PAREDES E PAINÉIS | I60: =SUBTOTAL(9,I62:I72) -> 210832.87
A61: 05.01 | D61: INFRAESTRUTURA | I61: =SUBTOTAL(9,I62:I63) -> 58470.12 | L61: =SUM(L62:L63) -> 58470.121
A62: =A61&".01" -> 05.01.01 | B62: 103330 | C62: SINAPI | D62: =UPPER(IF(C62="DER-EDIF",VLOOKUP(B62,REF_DER_ED,2,FALSE),IF(C62="SINAPI",VLOOKUP(B62,REF_SINAPI,2,FALSE),VLOOKUP(B62,COMPS,2,FALSE)))) -> ALVENARIA DE VEDAÇÃO DE BLOCOS CERÂMICOS FURADOS NA HORIZONTAL DE 11,5X19X19 CM (ESPESSURA 11,5 CM) E ARGAMASSA DE ASSENTAMENTO COM PREPARO EM BETONEIRA. AF_12/2021 | E62: =IF(C62="DER-EDIF",VLOOKUP(B62,REF_DER_ED,3,FALSE),IF(C62="SINAPI",VLOOKUP(B62,REF_SINAPI,3,FALSE),VLOOKUP(B62,COMPS,3,FALSE))) -> M2 | F62: =IFERROR(VLOOKUP($A62,Memo,12,FALSE),0) -> 247.98 | G62: 96.45 | H62: 128.52 | I62: =ROUND(H62*F62,2) -> 31870.39 | J62: 96.45 | K62: =ROUND(J62*1.3325,2) -> 128.52 | L62: =K62*F62 -> 31870.39
A63: =IF(LEN(A62)=5,(IF((RIGHT(A62,2)-9)>=0,(LEFT(A62,3)&(RIGHT(A62,2)+1)),(LEFT(A62,4)&(RIGHT(A62,1)+1)))),IF(LEN(A62)=8,(IF((RIGHT(A62,2)-9)>=0,(LEFT(A62,6)&(RIGHT(A62,2)+1)),(LEFT(A62,7)&(RIGHT(A62,1)+1)))))) -> 05.01.02 | B63: 102253 | C63: SINAPI | D63: =UPPER(IF(C63="DER-EDIF",VLOOKUP(B63,REF_DER_ED,2,FALSE),IF(C63="SINAPI",VLOOKUP(B63,REF_SINAPI,2,FALSE),VLOOKUP(B63,COMPS,2,FALSE)))) -> DIVISORIA SANITÁRIA, TIPO CABINE, EM GRANITO CINZA POLIDO, ESP = 3CM, ASSENTADO COM ARGAMASSA COLANTE AC III-E, EXCLUSIVE FERRAGENS. AF_01/2021 | E63: =IF(C63="DER-EDIF",VLOOKUP(B63,REF_DER_ED,3,FALSE),IF(C63="SINAPI",VLOOKUP(B63,REF_SINAPI,3,FALSE),VLOOKUP(B63,COMPS,3,FALSE))) -> M2 | F63: =IFERROR(VLOOKUP($A63,Memo,12,FALSE),0) -> 34.52 | G63: 578.28 | H63: 770.56 | I63: =ROUND(H63*F63,2) -> 26599.73 | J63: 578.28 | K63: =ROUND(J63*1.3325,2) -> 770.56 | L63: =K63*F63 -> 26599.731
A64: 05.02 | D64: REVESTIMENTO | I64: =SUBTOTAL(9,I65:I72) -> 152362.75 | L64: =SUM(L65:L72) -> 152362.74
A65: =A64&".01" -> 05.02.01 | B65: 87879 | C65: SINAPI | D65: =UPPER(IF(C65="DER-EDIF",VLOOKUP(B65,REF_DER_ED,2,FALSE),IF(C65="SINAPI",VLOOKUP(B65,REF_SINAPI,2,FALSE),VLOOKUP(B65,COMPS,2,FALSE)))) -> CHAPISCO APLICADO EM ALVENARIAS E ESTRUTURAS DE CONCRETO INTERNAS, COM COLHER DE PEDREIRO. ARGAMASSA TRAÇO 1:3 COM PREPARO EM BETONEIRA 400L. AF_10/2022 | E65: =IF(C65="DER-EDIF",VLOOKUP(B65,REF_DER_ED,3,FALSE),IF(C65="SINAPI",VLOOKUP(B65,REF_SINAPI,3,FALSE),VLOOKUP(B65,COMPS,3,FALSE))) -> M2 | F65: =IFERROR(VLOOKUP($A65,Memo,12,FALSE),0) -> 710.53 | G65: 5.2 | H65: 6.93 | I65: =ROUND(H65*F65,2) -> 4923.97 | J65: 5.2 | K65: =ROUND(J65*1.3325,2) -> 6.93 | L65: =K65*F65 -> 4923.9729
A66: =IF(LEN(A65)=5,(IF((RIGHT(A65,2)-9)>=0,(LEFT(A65,3)&(RIGHT(A65,2)+1)),(LEFT(A65,4)&(RIGHT(A65,1)+1)))),IF(LEN(A65)=8,(IF((RIGHT(A65,2)-9)>=0,(LEFT(A65,6)&(RIGHT(A65,2)+1)),(LEFT(A65,7)&(RIGHT(A65,1)+1)))))) -> 05.02.02 | B66: 87531 | C66: SINAPI | D66: =UPPER(IF(C66="DER-EDIF",VLOOKUP(B66,REF_DER_ED,2,FALSE),IF(C66="SINAPI",VLOOKUP(B66,REF_SINAPI,2,FALSE),VLOOKUP(B66,COMPS,2,FALSE)))) -> EMBOÇO, EM ARGAMASSA TRAÇO 1:2:8, PREPARO MECÂNICO, APLICADO MANUALMENTE EM PAREDES INTERNAS DE AMBIENTES COM ÁREA ENTRE 5M² E 10M², E = 17,5MM, COM TALISCAS. AF_03/2024 | E66: =IF(C66="DER-EDIF",VLOOKUP(B66,REF_DER_ED,3,FALSE),IF(C66="SINAPI",VLOOKUP(B66,REF_SINAPI,3,FALSE),VLOOKUP(B66,COMPS,3,FALSE))) -> M2 | F66: =IFERROR(VLOOKUP($A66,Memo,12,FALSE),0) -> 297.4 | G66: 42.36 | H66: 56.44 | I66: =ROUND(H66*F66,2) -> 16785.26 | J66: 42.36 | K66: =ROUND(J66*1.3325,2) -> 56.44 | L66: =K66*F66 -> 16785.256
A67: =IF(LEN(A66)=5,(IF((RIGHT(A66,2)-9)>=0,(LEFT(A66,3)&(RIGHT(A66,2)+1)),(LEFT(A66,4)&(RIGHT(A66,1)+1)))),IF(LEN(A66)=8,(IF((RIGHT(A66,2)-9)>=0,(LEFT(A66,6)&(RIGHT(A66,2)+1)),(LEFT(A66,7)&(RIGHT(A66,1)+1)))))) -> 05.02.03 | B67: 87529 | C67: SINAPI | D67: =UPPER(IF(C67="DER-EDIF",VLOOKUP(B67,REF_DER_ED,2,FALSE),IF(C67="SINAPI",VLOOKUP(B67,REF_SINAPI,2,FALSE),VLOOKUP(B67,COMPS,2,FALSE)))) -> MASSA ÚNICA, EM ARGAMASSA TRAÇO 1:2:8, PREPARO MECÂNICO, APLICADA MANUALMENTE EM PAREDES INTERNAS DE AMBIENTES COM ÁREA ENTRE 5M² E 10M², E = 17,5MM, COM TALISCAS. AF_03/2024 | E67: =IF(C67="DER-EDIF",VLOOKUP(B67,REF_DER_ED,3,FALSE),IF(C67="SINAPI",VLOOKUP(B67,REF_SINAPI,3,FALSE),VLOOKUP(B67,COMPS,3,FALSE))) -> M2 | F67: =IFERROR(VLOOKUP($A67,Memo,12,FALSE),0) -> 322.48 | G67: 44 | H67: 58.63 | I67: =ROUND(H67*F67,2) -> 18907 | J67: 44 | K67: =ROUND(J67*1.3325,2) -> 58.63 | L67: =K67*F67 -> 18907.002
A68: =IF(LEN(A67)=5,(IF((RIGHT(A67,2)-9)>=0,(LEFT(A67,3)&(RIGHT(A67,2)+1)),(LEFT(A67,4)&(RIGHT(A67,1)+1)))),IF(LEN(A67)=8,(IF((RIGHT(A67,2)-9)>=0,(LEFT(A67,6)&(RIGHT(A67,2)+1)),(LEFT(A67,7)&(RIGHT(A67,1)+1)))))) -> 05.02.04 | B68: 87809 | C68: SINAPI | D68: =UPPER(IF(C68="DER-EDIF",VLOOKUP(B68,REF_DER_ED,2,FALSE),IF(C68="SINAPI",VLOOKUP(B68,REF_SINAPI,2,FALSE),VLOOKUP(B68,COMPS,2,FALSE)))) -> EMBOÇO OU MASSA ÚNICA EM ARGAMASSA TRAÇO 1:2:8, PREPARO MECÂNICO COM BETONEIRA 400 L, APLICADA MANUALMENTE EM SUPERFÍCIES EXTERNAS DA SACADA, ESPESSURA DE 25 MM, SEM USO DE TELA METÁLICA DE REFORÇO CONTRA FISSURAÇÃO. AF_08/2022 | E68: =IF(C68="DER-EDIF",VLOOKUP(B68,REF_DER_ED,3,FALSE),IF(C68="SINAPI",VLOOKUP(B68,REF_SINAPI,3,FALSE),VLOOKUP(B68,COMPS,3,FALSE))) -> M2 | F68: =IFERROR(VLOOKUP($A68,Memo,12,FALSE),0) -> 68.95 | G68: 98.63 | H68: 131.42 | I68: =ROUND(H68*F68,2) -> 9061.41 | J68: 98.63 | K68: =ROUND(J68*1.3325,2) -> 131.42 | L68: =K68*F68 -> 9061.409
A69: =IF(LEN(A68)=5,(IF((RIGHT(A68,2)-9)>=0,(LEFT(A68,3)&(RIGHT(A68,2)+1)),(LEFT(A68,4)&(RIGHT(A68,1)+1)))),IF(LEN(A68)=8,(IF((RIGHT(A68,2)-9)>=0,(LEFT(A68,6)&(RIGHT(A68,2)+1)),(LEFT(A68,7)&(RIGHT(A68,1)+1)))))) -> 05.02.05 | B69: 87244 | C69: SINAPI | D69: =UPPER(IF(C69="DER-EDIF",VLOOKUP(B69,REF_DER_ED,2,FALSE),IF(C69="SINAPI",VLOOKUP(B69,REF_SINAPI,2,FALSE),VLOOKUP(B69,COMPS,2,FALSE)))) -> REVESTIMENTO CERÂMICO PARA PAREDES EXTERNAS EM PASTILHAS DE PORCELANA 5 X 5 CM (PLACAS DE 30 X 30 CM), ALINHADAS A PRUMO. AF_02/2023 | E69: =IF(C69="DER-EDIF",VLOOKUP(B69,REF_DER_ED,3,FALSE),IF(C69="SINAPI",VLOOKUP(B69,REF_SINAPI,3,FALSE),VLOOKUP(B69,COMPS,3,FALSE))) -> M2 | F69: =IFERROR(VLOOKUP($A69,Memo,12,FALSE),0) -> 167.17 | G69: 257.15 | H69: 342.65 | I69: =ROUND(H69*F69,2) -> 57280.8 | J69: 257.15 | K69: =ROUND(J69*1.3325,2) -> 342.65 | L69: =K69*F69 -> 57280.8
A70: =IF(LEN(A69)=5,(IF((RIGHT(A69,2)-9)>=0,(LEFT(A69,3)&(RIGHT(A69,2)+1)),(LEFT(A69,4)&(RIGHT(A69,1)+1)))),IF(LEN(A69)=8,(IF((RIGHT(A69,2)-9)>=0,(LEFT(A69,6)&(RIGHT(A69,2)+1)),(LEFT(A69,7)&(RIGHT(A69,1)+1)))))) -> 05.02.06 | B70: 87245 | C70: SINAPI | D70: =UPPER(IF(C70="DER-EDIF",VLOOKUP(B70,REF_DER_ED,2,FALSE),IF(C70="SINAPI",VLOOKUP(B70,REF_SINAPI,2,FALSE),VLOOKUP(B70,COMPS,2,FALSE)))) -> REVESTIMENTO CERÂMICO PARA PAREDES EXTERNAS EM PASTILHAS DE PORCELANA 5 X 5 CM (PLACAS DE 30 X 30 CM), ALINHADAS A PRUMO, APLICADO EM SUPERFÍCIES INTERNAS DE SACADA. AF_02/2023 | E70: =IF(C70="DER-EDIF",VLOOKUP(B70,REF_DER_ED,3,FALSE),IF(C70="SINAPI",VLOOKUP(B70,REF_SINAPI,3,FALSE),VLOOKUP(B70,COMPS,3,FALSE))) -> M2 | F70: =IFERROR(VLOOKUP($A70,Memo,12,FALSE),0) -> 47.34 | G70: 307.55 | H70: 409.81 | I70: =ROUND(H70*F70,2) -> 19400.41 | J70: 307.55 | K70: =ROUND(J70*1.3325,2) -> 409.81 | L70: =K70*F70 -> 19400.405
A71: =IF(LEN(A70)=5,(IF((RIGHT(A70,2)-9)>=0,(LEFT(A70,3)&(RIGHT(A70,2)+1)),(LEFT(A70,4)&(RIGHT(A70,1)+1)))),IF(LEN(A70)=8,(IF((RIGHT(A70,2)-9)>=0,(LEFT(A70,6)&(RIGHT(A70,2)+1)),(LEFT(A70,7)&(RIGHT(A70,1)+1)))))) -> 05.02.07 | B71: 87273 | C71: SINAPI | D71: =UPPER(IF(C71="DER-EDIF",VLOOKUP(B71,REF_DER_ED,2,FALSE),IF(C71="SINAPI",VLOOKUP(B71,REF_SINAPI,2,FALSE),VLOOKUP(B71,COMPS,2,FALSE)))) -> REVESTIMENTO CERÂMICO PARA PAREDES INTERNAS COM PLACAS TIPO ESMALTADA DE DIMENSÕES 33X45 CM APLICADAS NA ALTURA INTEIRA DAS PAREDES. AF_02/2023_PE | E71: =IF(C71="DER-EDIF",VLOOKUP(B71,REF_DER_ED,3,FALSE),IF(C71="SINAPI",VLOOKUP(B71,REF_SINAPI,3,FALSE),VLOOKUP(B71,COMPS,3,FALSE))) -> M2 | F71: =IFERROR(VLOOKUP($A71,Memo,12,FALSE),0) -> 249.79 | G71: 67.83 | H71: 90.38 | I71: =ROUND(H71*F71,2) -> 22576.02 | J71: 67.83 | K71: =ROUND(J71*1.3325,2) -> 90.38 | L71: =K71*F71 -> 22576.02
A72: =IF(LEN(A71)=5,(IF((RIGHT(A71,2)-9)>=0,(LEFT(A71,3)&(RIGHT(A71,2)+1)),(LEFT(A71,4)&(RIGHT(A71,1)+1)))),IF(LEN(A71)=8,(IF((RIGHT(A71,2)-9)>=0,(LEFT(A71,6)&(RIGHT(A71,2)+1)),(LEFT(A71,7)&(RIGHT(A71,1)+1)))))) -> 05.02.08 | B72: 101965 | C72: SINAPI | D72: =UPPER(IF(C72="DER-EDIF",VLOOKUP(B72,REF_DER_ED,2,FALSE),IF(C72="SINAPI",VLOOKUP(B72,REF_SINAPI,2,FALSE),VLOOKUP(B72,COMPS,2,FALSE)))) -> PEITORIL LINEAR EM GRANITO OU MÁRMORE, L = 15CM, ASSENTADO COM ARGAMASSA 1:6 COM ADITIVO. AF_11/2020 | E72: =IF(C72="DER-EDIF",VLOOKUP(B72,REF_DER_ED,3,FALSE),IF(C72="SINAPI",VLOOKUP(B72,REF_SINAPI,3,FALSE),VLOOKUP(B72,COMPS,3,FALSE))) -> M | F72: =IFERROR(VLOOKUP($A72,Memo,12,FALSE),0) -> 27.7 | G72: 92.87 | H72: 123.75 | I72: =ROUND(H72*F72,2) -> 3427.88 | J72: 92.87 | K72: =ROUND(J72*1.3325,2) -> 123.75 | L72: =K72*F72 -> 3427.875
A73: 06 | D73: COBERTURA | I73: =SUBTOTAL(9,I74:I78) -> 115751.46 | L73: =SUM(L74:L78) -> 115751.46
A74: =A73&".01" -> 06.01 | B74: 92543 | C74: SINAPI | D74: =UPPER(IF(C74="DER-EDIF",VLOOKUP(B74,REF_DER_ED,2,FALSE),IF(C74="SINAPI",VLOOKUP(B74,REF_SINAPI,2,FALSE),VLOOKUP(B74,COMPS,2,FALSE)))) -> TRAMA DE MADEIRA COMPOSTA POR TERÇAS PARA TELHADOS DE ATÉ 2 ÁGUAS PARA TELHA ONDULADA DE FIBROCIMENTO, METÁLICA, PLÁSTICA OU TERMOACÚSTICA, INCLUSO TRANSPORTE VERTICAL. AF_07/2019 | E74: =IF(C74="DER-EDIF",VLOOKUP(B74,REF_DER_ED,3,FALSE),IF(C74="SINAPI",VLOOKUP(B74,REF_SINAPI,3,FALSE),VLOOKUP(B74,COMPS,3,FALSE))) -> M2 | F74: =IFERROR(VLOOKUP($A74,Memo,12,FALSE),0) -> 226.06 | G74: 33.33 | H74: 44.41 | I74: =ROUND(H74*F74,2) -> 10039.32 | J74: 33.33 | K74: =ROUND(J74*1.3325,2) -> 44.41 | L74: =K74*F74 -> 10039.325
A75: =IF(LEN(A74)=5,(IF((RIGHT(A74,2)-9)>=0,(LEFT(A74,3)&(RIGHT(A74,2)+1)),(LEFT(A74,4)&(RIGHT(A74,1)+1)))),IF(LEN(A74)=8,(IF((RIGHT(A74,2)-9)>=0,(LEFT(A74,6)&(RIGHT(A74,2)+1)),(LEFT(A74,7)&(RIGHT(A74,1)+1)))))) -> 06.02 | B75: 100357 | C75: SINAPI | D75: =UPPER(IF(C75="DER-EDIF",VLOOKUP(B75,REF_DER_ED,2,FALSE),IF(C75="SINAPI",VLOOKUP(B75,REF_SINAPI,2,FALSE),VLOOKUP(B75,COMPS,2,FALSE)))) -> FABRICAÇÃO E INSTALAÇÃO DE MEIA TESOURA DE MADEIRA NÃO APARELHADA, COM VÃO DE 3 M, PARA TELHA CERÂMICA OU DE CONCRETO, INCLUSO IÇAMENTO. AF_07/2019 | E75: =IF(C75="DER-EDIF",VLOOKUP(B75,REF_DER_ED,3,FALSE),IF(C75="SINAPI",VLOOKUP(B75,REF_SINAPI,3,FALSE),VLOOKUP(B75,COMPS,3,FALSE))) -> UN | F75: =IFERROR(VLOOKUP($A75,Memo,12,FALSE),0) -> 2 | G75: 1378.81 | H75: 1837.26 | I75: =ROUND(H75*F75,2) -> 3674.52 | J75: 1378.81 | K75: =ROUND(J75*1.3325,2) -> 1837.26 | L75: =K75*F75 -> 3674.52
A76: =IF(LEN(A75)=5,(IF((RIGHT(A75,2)-9)>=0,(LEFT(A75,3)&(RIGHT(A75,2)+1)),(LEFT(A75,4)&(RIGHT(A75,1)+1)))),IF(LEN(A75)=8,(IF((RIGHT(A75,2)-9)>=0,(LEFT(A75,6)&(RIGHT(A75,2)+1)),(LEFT(A75,7)&(RIGHT(A75,1)+1)))))) -> 06.03 | B76: 92563 | C76: SINAPI | D76: =UPPER(IF(C76="DER-EDIF",VLOOKUP(B76,REF_DER_ED,2,FALSE),IF(C76="SINAPI",VLOOKUP(B76,REF_SINAPI,2,FALSE),VLOOKUP(B76,COMPS,2,FALSE)))) -> FABRICAÇÃO E INSTALAÇÃO DE TESOURA INTEIRA EM MADEIRA NÃO APARELHADA, VÃO DE 11 M, PARA TELHA ONDULADA DE FIBROCIMENTO, METÁLICA, PLÁSTICA OU TERMOACÚSTICA, INCLUSO IÇAMENTO. AF_07/2019 | E76: =IF(C76="DER-EDIF",VLOOKUP(B76,REF_DER_ED,3,FALSE),IF(C76="SINAPI",VLOOKUP(B76,REF_SINAPI,3,FALSE),VLOOKUP(B76,COMPS,3,FALSE))) -> UN | F76: =IFERROR(VLOOKUP($A76,Memo,12,FALSE),0) -> 5 | G76: 3832.45 | H76: 5106.74 | I76: =ROUND(H76*F76,2) -> 25533.7 | J76: 3832.45 | K76: =ROUND(J76*1.3325,2) -> 5106.74 | L76: =K76*F76 -> 25533.7
A77: =IF(LEN(A76)=5,(IF((RIGHT(A76,2)-9)>=0,(LEFT(A76,3)&(RIGHT(A76,2)+1)),(LEFT(A76,4)&(RIGHT(A76,1)+1)))),IF(LEN(A76)=8,(IF((RIGHT(A76,2)-9)>=0,(LEFT(A76,6)&(RIGHT(A76,2)+1)),(LEFT(A76,7)&(RIGHT(A76,1)+1)))))) -> 06.04 | B77: 94218 | C77: SINAPI | D77: =UPPER(IF(C77="DER-EDIF",VLOOKUP(B77,REF_DER_ED,2,FALSE),IF(C77="SINAPI",VLOOKUP(B77,REF_SINAPI,2,FALSE),VLOOKUP(B77,COMPS,2,FALSE)))) -> TELHAMENTO COM TELHA ESTRUTURAL DE FIBROCIMENTO E= 8 MM, COM ATÉ 2 ÁGUAS, INCLUSO IÇAMENTO. AF_07/2019_PS | E77: =IF(C77="DER-EDIF",VLOOKUP(B77,REF_DER_ED,3,FALSE),IF(C77="SINAPI",VLOOKUP(B77,REF_SINAPI,3,FALSE),VLOOKUP(B77,COMPS,3,FALSE))) -> M2 | F77: =IFERROR(VLOOKUP($A77,Memo,12,FALSE),0) -> 418.2 | G77: 128.03 | H77: 170.6 | I77: =ROUND(H77*F77,2) -> 71344.92 | J77: 128.03 | K77: =ROUND(J77*1.3325,2) -> 170.6 | L77: =K77*F77 -> 71344.92
A78: =IF(LEN(A77)=5,(IF((RIGHT(A77,2)-9)>=0,(LEFT(A77,3)&(RIGHT(A77,2)+1)),(LEFT(A77,4)&(RIGHT(A77,1)+1)))),IF(LEN(A77)=8,(IF((RIGHT(A77,2)-9)>=0,(LEFT(A77,6)&(RIGHT(A77,2)+1)),(LEFT(A77,7)&(RIGHT(A77,1)+1)))))) -> 06.05 | B78: 94223 | C78: SINAPI | D78: =UPPER(IF(C78="DER-EDIF",VLOOKUP(B78,REF_DER_ED,2,FALSE),IF(C78="SINAPI",VLOOKUP(B78,REF_SINAPI,2,FALSE),VLOOKUP(B78,COMPS,2,FALSE)))) -> CUMEEIRA PARA TELHA DE FIBROCIMENTO ONDULADA E = 6 MM, INCLUSO ACESSÓRIOS DE FIXAÇÃO E IÇAMENTO. AF_07/2019 | E78: =IF(C78="DER-EDIF",VLOOKUP(B78,REF_DER_ED,3,FALSE),IF(C78="SINAPI",VLOOKUP(B78,REF_SINAPI,3,FALSE),VLOOKUP(B78,COMPS,3,FALSE))) -> M | F78: =IFERROR(VLOOKUP($A78,Memo,12,FALSE),0) -> 44 | G78: 87.99 | H78: 117.25 | I78: =ROUND(H78*F78,2) -> 5159 | J78: 87.99 | K78: =ROUND(J78*1.3325,2) -> 117.25 | L78: =K78*F78 -> 5159
A79: 07 | D79: PISO | I79: =SUBTOTAL(9,I81:I88) -> 90586.91
A80: 07.01 | D80: INFRAESTRUTURA | I80: =SUBTOTAL(9,I81) -> 16428.79 | L80: =SUM(L81) -> 16428.791
A81: =A80&".01" -> 07.01.01 | B81: 87690 | C81: SINAPI | D81: =UPPER(IF(C81="DER-EDIF",VLOOKUP(B81,REF_DER_ED,2,FALSE),IF(C81="SINAPI",VLOOKUP(B81,REF_SINAPI,2,FALSE),VLOOKUP(B81,COMPS,2,FALSE)))) -> CONTRAPISO EM ARGAMASSA TRAÇO 1:4 (CIMENTO E AREIA), PREPARO MECÂNICO COM BETONEIRA 400 L, APLICADO EM ÁREAS SECAS SOBRE LAJE, NÃO ADERIDO, ACABAMENTO NÃO REFORÇADO, ESPESSURA 5CM. AF_07/2021 | E81: =IF(C81="DER-EDIF",VLOOKUP(B81,REF_DER_ED,3,FALSE),IF(C81="SINAPI",VLOOKUP(B81,REF_SINAPI,3,FALSE),VLOOKUP(B81,COMPS,3,FALSE))) -> M2 | F81: =IFERROR(VLOOKUP($A81,Memo,12,FALSE),0) -> 252.13 | G81: =IF(C81="DER-EDIF",VLOOKUP(B81,REF_DER_ED,4,FALSE),IF(C81="SINAPI",VLOOKUP(B81,REF_SINAPI,4,FALSE),VLOOKUP(B81,COMPS,4,FALSE))) -> 48.9 | H81: =ROUND(IF(C81="DER-EDIF",VLOOKUP(B81,REF_DER_ED,4,FALSE),IF(C81="SINAPI",VLOOKUP(B81,REF_SINAPI,4,FALSE),VLOOKUP(B81,COMPS,4,FALSE)))*(1+$H$4),2) -> 65.16 | I81: =ROUND(H81*F81,2) -> 16428.79 | J81: 48.9 | K81: =ROUND(J81*1.3325,2) -> 65.16 | L81: =K81*F81 -> 16428.791
A82: 07.02 | D82: REVESTIMENTO | I82: =SUBTOTAL(9,I83:I88) -> 74158.12 | L82: =SUM(L83:L91) -> 148465.41
A83: =A82&".01" -> 07.02.01 | B83: 98680 | C83: SINAPI | D83: =UPPER(IF(C83="DER-EDIF",VLOOKUP(B83,REF_DER_ED,2,FALSE),IF(C83="SINAPI",VLOOKUP(B83,REF_SINAPI,2,FALSE),VLOOKUP(B83,COMPS,2,FALSE)))) -> PISO CIMENTADO, TRAÇO 1:3 (CIMENTO E AREIA), ACABAMENTO LISO, ESPESSURA 3,0 CM, PREPARO MECÂNICO DA ARGAMASSA. AF_09/2020 | E83: =IF(C83="DER-EDIF",VLOOKUP(B83,REF_DER_ED,3,FALSE),IF(C83="SINAPI",VLOOKUP(B83,REF_SINAPI,3,FALSE),VLOOKUP(B83,COMPS,3,FALSE))) -> M2 | F83: =IFERROR(VLOOKUP($A83,Memo,12,FALSE),0) -> 31.48 | G83: 46.51 | H83: 61.97 | I83: =ROUND(H83*F83,2) -> 1950.82 | J83: 46.51 | K83: =ROUND(J83*1.3325,2) -> 61.97 | L83: =K83*F83 -> 1950.8156
A84: =IF(LEN(A83)=5,(IF((RIGHT(A83,2)-9)>=0,(LEFT(A83,3)&(RIGHT(A83,2)+1)),(LEFT(A83,4)&(RIGHT(A83,1)+1)))),IF(LEN(A83)=8,(IF((RIGHT(A83,2)-9)>=0,(LEFT(A83,6)&(RIGHT(A83,2)+1)),(LEFT(A83,7)&(RIGHT(A83,1)+1)))))) -> 07.02.02 | B84: 101094 | C84: SINAPI | D84: =UPPER(IF(C84="DER-EDIF",VLOOKUP(B84,REF_DER_ED,2,FALSE),IF(C84="SINAPI",VLOOKUP(B84,REF_SINAPI,2,FALSE),VLOOKUP(B84,COMPS,2,FALSE)))) -> PISO PODOTÁTIL DE ALERTA OU DIRECIONAL, DE BORRACHA, ASSENTADO SOBRE ARGAMASSA. AF_05/2020 | E84: =IF(C84="DER-EDIF",VLOOKUP(B84,REF_DER_ED,3,FALSE),IF(C84="SINAPI",VLOOKUP(B84,REF_SINAPI,3,FALSE),VLOOKUP(B84,COMPS,3,FALSE))) -> M | F84: =IFERROR(VLOOKUP($A84,Memo,12,FALSE),0) -> 24 | G84: 186.88 | H84: 249.02 | I84: =ROUND(H84*F84,2) -> 5976.48 | J84: 186.88 | K84: =ROUND(J84*1.3325,2) -> 249.02 | L84: =K84*F84 -> 5976.48
A85: =IF(LEN(A84)=5,(IF((RIGHT(A84,2)-9)>=0,(LEFT(A84,3)&(RIGHT(A84,2)+1)),(LEFT(A84,4)&(RIGHT(A84,1)+1)))),IF(LEN(A84)=8,(IF((RIGHT(A84,2)-9)>=0,(LEFT(A84,6)&(RIGHT(A84,2)+1)),(LEFT(A84,7)&(RIGHT(A84,1)+1)))))) -> 07.02.03 | B85: 87263 | C85: SINAPI | D85: =UPPER(IF(C85="DER-EDIF",VLOOKUP(B85,REF_DER_ED,2,FALSE),IF(C85="SINAPI",VLOOKUP(B85,REF_SINAPI,2,FALSE),VLOOKUP(B85,COMPS,2,FALSE)))) -> REVESTIMENTO CERÂMICO PARA PISO COM PLACAS TIPO PORCELANATO DE DIMENSÕES 60X60 CM APLICADA EM AMBIENTES DE ÁREA MAIOR QUE 10 M². AF_02/2023_PE | E85: =IF(C85="DER-EDIF",VLOOKUP(B85,REF_DER_ED,3,FALSE),IF(C85="SINAPI",VLOOKUP(B85,REF_SINAPI,3,FALSE),VLOOKUP(B85,COMPS,3,FALSE))) -> M2 | F85: =IFERROR(VLOOKUP($A85,Memo,12,FALSE),0) -> 228.66 | G85: 105.22 | H85: 140.21 | I85: =ROUND(H85*F85,2) -> 32060.42 | J85: 105.22 | K85: =ROUND(J85*1.3325,2) -> 140.21 | L85: =K85*F85 -> 32060.419
A86: =IF(LEN(A85)=5,(IF((RIGHT(A85,2)-9)>=0,(LEFT(A85,3)&(RIGHT(A85,2)+1)),(LEFT(A85,4)&(RIGHT(A85,1)+1)))),IF(LEN(A85)=8,(IF((RIGHT(A85,2)-9)>=0,(LEFT(A85,6)&(RIGHT(A85,2)+1)),(LEFT(A85,7)&(RIGHT(A85,1)+1)))))) -> 07.02.04 | B86: 104162 | C86: SINAPI | D86: =UPPER(IF(C86="DER-EDIF",VLOOKUP(B86,REF_DER_ED,2,FALSE),IF(C86="SINAPI",VLOOKUP(B86,REF_SINAPI,2,FALSE),VLOOKUP(B86,COMPS,2,FALSE)))) -> PISO EM GRANILITE, MARMORITE OU GRANITINA EM AMBIENTES INTERNOS, COM ESPESSURA DE 8 MM, INCLUSO MISTURA EM BETONEIRA, COLOCAÇÃO DAS JUNTAS, APLICAÇÃO DO PISO, 4 POLIMENTOS COM POLITRIZ, ESTUCAMENTO, SELADOR E CERA. AF_06/2022 | E86: =IF(C86="DER-EDIF",VLOOKUP(B86,REF_DER_ED,3,FALSE),IF(C86="SINAPI",VLOOKUP(B86,REF_SINAPI,3,FALSE),VLOOKUP(B86,COMPS,3,FALSE))) -> M2 | F86: =IFERROR(VLOOKUP($A86,Memo,12,FALSE),0) -> 124.06 | G86: 105.33 | H86: 140.35 | I86: =ROUND(H86*F86,2) -> 17411.82 | J86: 105.33 | K86: =ROUND(J86*1.3325,2) -> 140.35 | L86: =K86*F86 -> 17411.821
A87: =IF(LEN(A86)=5,(IF((RIGHT(A86,2)-9)>=0,(LEFT(A86,3)&(RIGHT(A86,2)+1)),(LEFT(A86,4)&(RIGHT(A86,1)+1)))),IF(LEN(A86)=8,(IF((RIGHT(A86,2)-9)>=0,(LEFT(A86,6)&(RIGHT(A86,2)+1)),(LEFT(A86,7)&(RIGHT(A86,1)+1)))))) -> 07.02.05 | B87: 98689 | C87: SINAPI | D87: =UPPER(IF(C87="DER-EDIF",VLOOKUP(B87,REF_DER_ED,2,FALSE),IF(C87="SINAPI",VLOOKUP(B87,REF_SINAPI,2,FALSE),VLOOKUP(B87,COMPS,2,FALSE)))) -> SOLEIRA EM GRANITO, LARGURA 15 CM, ESPESSURA 2,0 CM. AF_09/2020 | E87: =IF(C87="DER-EDIF",VLOOKUP(B87,REF_DER_ED,3,FALSE),IF(C87="SINAPI",VLOOKUP(B87,REF_SINAPI,3,FALSE),VLOOKUP(B87,COMPS,3,FALSE))) -> M | F87: =IFERROR(VLOOKUP($A87,Memo,12,FALSE),0) -> 14.8 | G87: 92.63 | H87: 123.43 | I87: =ROUND(H87*F87,2) -> 1826.76 | J87: 92.63 | K87: =ROUND(J87*1.3325,2) -> 123.43 | L87: =K87*F87 -> 1826.764
A88: =IF(LEN(A87)=5,(IF((RIGHT(A87,2)-9)>=0,(LEFT(A87,3)&(RIGHT(A87,2)+1)),(LEFT(A87,4)&(RIGHT(A87,1)+1)))),IF(LEN(A87)=8,(IF((RIGHT(A87,2)-9)>=0,(LEFT(A87,6)&(RIGHT(A87,2)+1)),(LEFT(A87,7)&(RIGHT(A87,1)+1)))))) -> 07.02.06 | B88: 98685 | C88: SINAPI | D88: =UPPER(IF(C88="DER-EDIF",VLOOKUP(B88,REF_DER_ED,2,FALSE),IF(C88="SINAPI",VLOOKUP(B88,REF_SINAPI,2,FALSE),VLOOKUP(B88,COMPS,2,FALSE)))) -> RODAPÉ EM GRANITO, ALTURA 10 CM. AF_09/2020 | E88: =IF(C88="DER-EDIF",VLOOKUP(B88,REF_DER_ED,3,FALSE),IF(C88="SINAPI",VLOOKUP(B88,REF_SINAPI,3,FALSE),VLOOKUP(B88,COMPS,3,FALSE))) -> M | F88: =IFERROR(VLOOKUP($A88,Memo,12,FALSE),0) -> 198.72 | G88: 56.39 | H88: 75.14 | I88: =ROUND(H88*F88,2) -> 14931.82 | J88: 56.39 | K88: =ROUND(J88*1.3325,2) -> 75.14 | L88: =K88*F88 -> 14931.821
A89: 08 | D89: TETOS E FORROS | I89: =SUBTOTAL(9,I90:I91) -> 37153.65 | L89: =SUM(L90:L91) -> 37153.647
A90: =A89&".01" -> 08.01 | B90: 96486 | C90: SINAPI | D90: =UPPER(IF(C90="DER-EDIF",VLOOKUP(B90,REF_DER_ED,2,FALSE),IF(C90="SINAPI",VLOOKUP(B90,REF_SINAPI,2,FALSE),VLOOKUP(B90,COMPS,2,FALSE)))) -> FORRO EM RÉGUAS DE PVC, LISO, PARA AMBIENTES COMERCIAIS, INCLUSIVE ESTRUTURA BIDIRECIONAL DE FIXAÇÃO. AF_08/2023_PS | E90: =IF(C90="DER-EDIF",VLOOKUP(B90,REF_DER_ED,3,FALSE),IF(C90="SINAPI",VLOOKUP(B90,REF_SINAPI,3,FALSE),VLOOKUP(B90,COMPS,3,FALSE))) -> M2 | F90: =IFERROR(VLOOKUP($A90,Memo,12,FALSE),0) -> 192.61 | G90: 76.56 | H90: 102.02 | I90: =ROUND(H90*F90,2) -> 19650.07 | J90: 76.56 | K90: =ROUND(J90*1.3325,2) -> 102.02 | L90: =K90*F90 -> 19650.072
A91: =IF(LEN(A90)=5,(IF((RIGHT(A90,2)-9)>=0,(LEFT(A90,3)&(RIGHT(A90,2)+1)),(LEFT(A90,4)&(RIGHT(A90,1)+1)))),IF(LEN(A90)=8,(IF((RIGHT(A90,2)-9)>=0,(LEFT(A90,6)&(RIGHT(A90,2)+1)),(LEFT(A90,7)&(RIGHT(A90,1)+1)))))) -> 08.02 | B91: 96121 | C91: SINAPI | D91: =UPPER(IF(C91="DER-EDIF",VLOOKUP(B91,REF_DER_ED,2,FALSE),IF(C91="SINAPI",VLOOKUP(B91,REF_SINAPI,2,FALSE),VLOOKUP(B91,COMPS,2,FALSE)))) -> ACABAMENTOS PARA FORRO (RODA-FORRO EM PERFIL METÁLICO E PLÁSTICO). AF_08/2023 | E91: =IF(C91="DER-EDIF",VLOOKUP(B91,REF_DER_ED,3,FALSE),IF(C91="SINAPI",VLOOKUP(B91,REF_SINAPI,3,FALSE),VLOOKUP(B91,COMPS,3,FALSE))) -> M | F91: =IFERROR(VLOOKUP($A91,Memo,12,FALSE),0) -> 202.94 | G91: 64.73 | H91: 86.25 | I91: =ROUND(H91*F91,2) -> 17503.58 | J91: 64.73 | K91: =ROUND(J91*1.3325,2) -> 86.25 | L91: =K91*F91 -> 17503.575
A92: 09 | D92: INSTALAÇÕES HIDROSSANITÁRIAS | I92: =SUBTOTAL(9,I94:I120) -> 66679.8
A93: 09.01 | D93: INSTALAÇÕES DE ÁGUA FRIA | I93: =SUBTOTAL(9,I94:I103) -> 11985.29 | L93: =SUM(L94:L103) -> 11985.44
A94: =A93&".01" -> 09.01.01 | B94: 90443 | C94: SINAPI | D94: =UPPER(IF(C94="DER-EDIF",VLOOKUP(B94,REF_DER_ED,2,FALSE),IF(C94="SINAPI",VLOOKUP(B94,REF_SINAPI,2,FALSE),VLOOKUP(B94,COMPS,2,FALSE)))) -> RASGO LINEAR MANUAL EM ALVENARIA, PARA RAMAIS/ DISTRIBUIÇÃO DE INSTALAÇÕES HIDRÁULICAS, DIÂMETROS MENORES OU IGUAIS A 40 MM. AF_09/2023 | E94: =IF(C94="DER-EDIF",VLOOKUP(B94,REF_DER_ED,3,FALSE),IF(C94="SINAPI",VLOOKUP(B94,REF_SINAPI,3,FALSE),VLOOKUP(B94,COMPS,3,FALSE))) -> M | F94: =IFERROR(VLOOKUP($A94,Memo,12,FALSE),0) -> 150 | G94: 9.84 | H94: 13.11 | I94: =ROUND(H94*F94,2) -> 1966.5 | J94: 9.84 | K94: =ROUND(J94*1.3325,2) -> 13.11 | L94: =K94*F94 -> 1966.5
A95: =IF(LEN(A94)=5,(IF((RIGHT(A94,2)-9)>=0,(LEFT(A94,3)&(RIGHT(A94,2)+1)),(LEFT(A94,4)&(RIGHT(A94,1)+1)))),IF(LEN(A94)=8,(IF((RIGHT(A94,2)-9)>=0,(LEFT(A94,6)&(RIGHT(A94,2)+1)),(LEFT(A94,7)&(RIGHT(A94,1)+1)))))) -> 09.01.02 | B95: 89355 | C95: SINAPI | D95: =UPPER(IF(C95="DER-EDIF",VLOOKUP(B95,REF_DER_ED,2,FALSE),IF(C95="SINAPI",VLOOKUP(B95,REF_SINAPI,2,FALSE),VLOOKUP(B95,COMPS,2,FALSE)))) -> TUBO, PVC, SOLDÁVEL, DE 20MM, INSTALADO EM RAMAL OU SUB-RAMAL DE ÁGUA - FORNECIMENTO E INSTALAÇÃO. AF_06/2022 | E95: =IF(C95="DER-EDIF",VLOOKUP(B95,REF_DER_ED,3,FALSE),IF(C95="SINAPI",VLOOKUP(B95,REF_SINAPI,3,FALSE),VLOOKUP(B95,COMPS,3,FALSE))) -> M | F95: =IFERROR(VLOOKUP($A95,Memo,12,FALSE),0) -> 75 | G95: 26.36 | H95: 35.12 | I95: =ROUND(H95*F95,2) -> 2634 | J95: 26.36 | K95: =ROUND(J95*1.3325,2) -> 35.12 | L95: =K95*F95 -> 2634
A96: =IF(LEN(A95)=5,(IF((RIGHT(A95,2)-9)>=0,(LEFT(A95,3)&(RIGHT(A95,2)+1)),(LEFT(A95,4)&(RIGHT(A95,1)+1)))),IF(LEN(A95)=8,(IF((RIGHT(A95,2)-9)>=0,(LEFT(A95,6)&(RIGHT(A95,2)+1)),(LEFT(A95,7)&(RIGHT(A95,1)+1)))))) -> 09.01.03 | B96: 89356 | C96: SINAPI | D96: =UPPER(IF(C96="DER-EDIF",VLOOKUP(B96,REF_DER_ED,2,FALSE),IF(C96="SINAPI",VLOOKUP(B96,REF_SINAPI,2,FALSE),VLOOKUP(B96,COMPS,2,FALSE)))) -> TUBO, PVC, SOLDÁVEL, DE 25MM, INSTALADO EM RAMAL OU SUB-RAMAL DE ÁGUA - FORNECIMENTO E INSTALAÇÃO. AF_06/2022 | E96: =IF(C96="DER-EDIF",VLOOKUP(B96,REF_DER_ED,3,FALSE),IF(C96="SINAPI",VLOOKUP(B96,REF_SINAPI,3,FALSE),VLOOKUP(B96,COMPS,3,FALSE))) -> M | F96: =IFERROR(VLOOKUP($A96,Memo,12,FALSE),0) -> 75 | G96: 30.4 | H96: 40.51 | I96: =ROUND(H96*F96,2) -> 3038.25 | J96: 30.4 | K96: =ROUND(J96*1.3325,2) -> 40.51 | L96: =K96*F96 -> 3038.25
A97: =IF(LEN(A96)=5,(IF((RIGHT(A96,2)-9)>=0,(LEFT(A96,3)&(RIGHT(A96,2)+1)),(LEFT(A96,4)&(RIGHT(A96,1)+1)))),IF(LEN(A96)=8,(IF((RIGHT(A96,2)-9)>=0,(LEFT(A96,6)&(RIGHT(A96,2)+1)),(LEFT(A96,7)&(RIGHT(A96,1)+1)))))) -> 09.01.04 | B97: 89357 | C97: SINAPI | D97: =UPPER(IF(C97="DER-EDIF",VLOOKUP(B97,REF_DER_ED,2,FALSE),IF(C97="SINAPI",VLOOKUP(B97,REF_SINAPI,2,FALSE),VLOOKUP(B97,COMPS,2,FALSE)))) -> TUBO, PVC, SOLDÁVEL, DE 32MM, INSTALADO EM RAMAL OU SUB-RAMAL DE ÁGUA - FORNECIMENTO E INSTALAÇÃO. AF_06/2022 | E97: =IF(C97="DER-EDIF",VLOOKUP(B97,REF_DER_ED,3,FALSE),IF(C97="SINAPI",VLOOKUP(B97,REF_SINAPI,3,FALSE),VLOOKUP(B97,COMPS,3,FALSE))) -> M | F97: =IFERROR(VLOOKUP($A97,Memo,12,FALSE),0) -> 5 | G97: 41.94 | H97: 55.86 | I97: =ROUND(H97*F97,2) -> 279.3 | J97: 41.94 | K97: =ROUND(J97*1.3325,2) -> 55.89 | L97: =K97*F97 -> 279.45
A98: =IF(LEN(A97)=5,(IF((RIGHT(A97,2)-9)>=0,(LEFT(A97,3)&(RIGHT(A97,2)+1)),(LEFT(A97,4)&(RIGHT(A97,1)+1)))),IF(LEN(A97)=8,(IF((RIGHT(A97,2)-9)>=0,(LEFT(A97,6)&(RIGHT(A97,2)+1)),(LEFT(A97,7)&(RIGHT(A97,1)+1)))))) -> 09.01.05 | B98: 89353 | C98: SINAPI | D98: =UPPER(IF(C98="DER-EDIF",VLOOKUP(B98,REF_DER_ED,2,FALSE),IF(C98="SINAPI",VLOOKUP(B98,REF_SINAPI,2,FALSE),VLOOKUP(B98,COMPS,2,FALSE)))) -> REGISTRO DE GAVETA BRUTO, LATÃO, ROSCÁVEL, 3/4" - FORNECIMENTO E INSTALAÇÃO. AF_08/2021 | E98: =IF(C98="DER-EDIF",VLOOKUP(B98,REF_DER_ED,3,FALSE),IF(C98="SINAPI",VLOOKUP(B98,REF_SINAPI,3,FALSE),VLOOKUP(B98,COMPS,3,FALSE))) -> UN | F98: =IFERROR(VLOOKUP($A98,Memo,12,FALSE),0) -> 6 | G98: 55.09 | H98: 73.41 | I98: =ROUND(H98*F98,2) -> 440.46 | J98: 55.09 | K98: =ROUND(J98*1.3325,2) -> 73.41 | L98: =K98*F98 -> 440.46
A99: =IF(LEN(A98)=5,(IF((RIGHT(A98,2)-9)>=0,(LEFT(A98,3)&(RIGHT(A98,2)+1)),(LEFT(A98,4)&(RIGHT(A98,1)+1)))),IF(LEN(A98)=8,(IF((RIGHT(A98,2)-9)>=0,(LEFT(A98,6)&(RIGHT(A98,2)+1)),(LEFT(A98,7)&(RIGHT(A98,1)+1)))))) -> 09.01.06 | B99: 103045 | C99: SINAPI | D99: =UPPER(IF(C99="DER-EDIF",VLOOKUP(B99,REF_DER_ED,2,FALSE),IF(C99="SINAPI",VLOOKUP(B99,REF_SINAPI,2,FALSE),VLOOKUP(B99,COMPS,2,FALSE)))) -> REGISTRO DE PRESSÃO, PVC, ROSCÁVEL, VOLANTE SIMPLES, 1/2" - FORNECIMENTO E INSTALAÇÃO. AF_08/2021 | E99: =IF(C99="DER-EDIF",VLOOKUP(B99,REF_DER_ED,3,FALSE),IF(C99="SINAPI",VLOOKUP(B99,REF_SINAPI,3,FALSE),VLOOKUP(B99,COMPS,3,FALSE))) -> UN | F99: =IFERROR(VLOOKUP($A99,Memo,12,FALSE),0) -> 2 | G99: 13.72 | H99: 18.28 | I99: =ROUND(H99*F99,2) -> 36.56 | J99: 13.72 | K99: =ROUND(J99*1.3325,2) -> 18.28 | L99: =K99*F99 -> 36.56
A100: =IF(LEN(A99)=5,(IF((RIGHT(A99,2)-9)>=0,(LEFT(A99,3)&(RIGHT(A99,2)+1)),(LEFT(A99,4)&(RIGHT(A99,1)+1)))),IF(LEN(A99)=8,(IF((RIGHT(A99,2)-9)>=0,(LEFT(A99,6)&(RIGHT(A99,2)+1)),(LEFT(A99,7)&(RIGHT(A99,1)+1)))))) -> 09.01.07 | B100: 94490 | C100: SINAPI | D100: =UPPER(IF(C100="DER-EDIF",VLOOKUP(B100,REF_DER_ED,2,FALSE),IF(C100="SINAPI",VLOOKUP(B100,REF_SINAPI,2,FALSE),VLOOKUP(B100,COMPS,2,FALSE)))) -> REGISTRO DE ESFERA, PVC, SOLDÁVEL, COM VOLANTE, DN 32 MM - FORNECIMENTO E INSTALAÇÃO. AF_08/2021 | E100: =IF(C100="DER-EDIF",VLOOKUP(B100,REF_DER_ED,3,FALSE),IF(C100="SINAPI",VLOOKUP(B100,REF_SINAPI,3,FALSE),VLOOKUP(B100,COMPS,3,FALSE))) -> UN | F100: =IFERROR(VLOOKUP($A100,Memo,12,FALSE),0) -> 2 | G100: 62.93 | H100: 83.85 | I100: =ROUND(H100*F100,2) -> 167.7 | J100: 62.93 | K100: =ROUND(J100*1.3325,2) -> 83.85 | L100: =K100*F100 -> 167.7
A101: =IF(LEN(A100)=5,(IF((RIGHT(A100,2)-9)>=0,(LEFT(A100,3)&(RIGHT(A100,2)+1)),(LEFT(A100,4)&(RIGHT(A100,1)+1)))),IF(LEN(A100)=8,(IF((RIGHT(A100,2)-9)>=0,(LEFT(A100,6)&(RIGHT(A100,2)+1)),(LEFT(A100,7)&(RIGHT(A100,1)+1)))))) -> 09.01.08 | B101: 89391 | C101: SINAPI | D101: =UPPER(IF(C101="DER-EDIF",VLOOKUP(B101,REF_DER_ED,2,FALSE),IF(C101="SINAPI",VLOOKUP(B101,REF_SINAPI,2,FALSE),VLOOKUP(B101,COMPS,2,FALSE)))) -> ADAPTADOR CURTO COM BOLSA E ROSCA PARA REGISTRO, PVC, SOLDÁVEL, DN 32MM X 1, INSTALADO EM RAMAL OU SUB-RAMAL DE ÁGUA - FORNECIMENTO E INSTALAÇÃO. AF_06/2022 | E101: =IF(C101="DER-EDIF",VLOOKUP(B101,REF_DER_ED,3,FALSE),IF(C101="SINAPI",VLOOKUP(B101,REF_SINAPI,3,FALSE),VLOOKUP(B101,COMPS,3,FALSE))) -> UN | F101: =IFERROR(VLOOKUP($A101,Memo,12,FALSE),0) -> 2 | G101: 10.95 | H101: 14.59 | I101: =ROUND(H101*F101,2) -> 29.18 | J101: 10.95 | K101: =ROUND(J101*1.3325,2) -> 14.59 | L101: =K101*F101 -> 29.18
...

Sheet MC
A1: MEMÓRIA DE CÁLCULO
A2: =EAP!A2 -> OBRA: | B2: =EAP!B2 -> REFORMA DA EMPEF HONÓRIO PEDRO DE SIQUEIRA
A3: =EAP!A3 -> LOCAL: | B3: =EAP!B3 -> GUAÇUÍ - ES
A4: =EAP!A4 -> CONTRATANTE: | B4: =EAP!B4 -> PREFEITURA MUNICIPAL DE GUAÇUÍ
A7: CÓDIGO | B7: DESCRIÇÃO SERVIÇO | C7: POSIÇÃO | D7: QUANT. | E7: PERÍMETRO EXTENSÃO (m) | F7: PROF. LARGURA (m) | G7: ALTURA. (m) | H7: ÁREA (m²) | I7: VOLUME (m³) | J7: MASSA (kg) | K7: TOTAL | L7: UNIDADE
A8: =PO!A7 -> 01 | B8: =VLOOKUP(A8,PO!$A:$I,4,FALSE) -> CANTEIRO DE OBRAS
A9: =PO!A8 -> 01.01 | B9: =VLOOKUP(A9,PO!$A:$I,4,FALSE) -> FORNECIMENTO E INSTALAÇÃO DE PLACA DE OBRA COM CHAPA GALVANIZADA E ESTRUTURA DE MADEIRA. AF_03/2022_PS | L9: =K13 -> 8
E11: 4 | G11: 2 | H11: =G11*E11 -> 8 | K11: =H11 -> 8
B13: QUANTIDADE | K13: =ROUND(SUM(K9:K12),2) -> 8 | L13: =IFERROR(VLOOKUP(A9,PO!$A:$I,5,FALSE),0) -> M2
A15: =PO!A9 -> 01.02 | B15: =VLOOKUP(A15,PO!$A:$I,4,FALSE) -> MONTAGEM E DESMONTAGEM DE ANDAIME MODULAR FACHADEIRO, COM PISO METÁLICO, PARA EDIFÍCIOS COM MULTIPLOS PAVIMENTOS (EXCLUSIVE ANDAIME E LIMPEZA). AF_03/2024 | L15: =K19 -> 111.29
B17: PROJEÇÃO FACHADA AMPLIAÇÃO | E17: 41.22 | G17: 2.7 | H17: =E17*G17 -> 111.294 | K17: =H17 -> 111.294
B19: QUANTIDADE | K19: =ROUND(SUM(K15:K18),2) -> 111.29 | L19: =IFERROR(VLOOKUP(A15,PO!$A:$I,5,FALSE),0) -> M2
A21: =PO!A10 -> 01.03 | B21: =VLOOKUP(A21,PO!$A:$I,4,FALSE) -> COLOCAÇÃO DE TELA EM ANDAIME FACHADEIRO. AF_03/2024 | L21: =K25 -> 111.29
B23: PROJEÇÃO FACHADA AMPLIAÇÃO | E23: 41.22 | G23: 2.7 | H23: =E23*G23 -> 111.294 | K23: =H23 -> 111.294
B25: QUANTIDADE | K25: =ROUND(SUM(K21:K24),2) -> 111.29 | L25: =IFERROR(VLOOKUP(A21,PO!$A:$I,5,FALSE),0) -> M2
A27: =PO!A11 -> 01.04 | B27: =VLOOKUP(A27,PO!$A:$I,4,FALSE) -> TAPUME COM TELHA METÁLICA. AF_03/2024 | L27: =K31 -> 132
E29: 60 | F29: 2.2 | H29: =F29*E29 -> 132 | K29: =H29 -> 132
B31: QUANTIDADE | K31: =ROUND(SUM(K27:K30),2) -> 132 | L31: =IFERROR(VLOOKUP(A27,PO!$A:$I,5,FALSE),0) -> M2
A33: =PO!A12 -> 01.05 | B33: =VLOOKUP(A33,PO!$A:$I,4,FALSE) -> LOCACAO DE CONTAINER 2,30 X 6,00 M, ALT. 2,50 M, COM 1 SANITARIO, PARA ESCRITORIO, COMPLETO, SEM DIVISORIAS INTERNAS (NAO INCLUI MOBILIZACAO/DESMOBILIZACAO) | L33: =K37 -> 6
D35: 6 | K35: =D35 -> 6
B37: QUANTIDADE | K37: =ROUND(SUM(K33:K36),2) -> 6 | L37: =IFERROR(VLOOKUP(A33,PO!$A:$I,5,FALSE),0) -> MES
A39: =PO!A13 -> 01.06 | B39: =VLOOKUP(A39,PO!$A:$I,4,FALSE) -> LOCACAO DE CONTAINER 2,30 X 4,30 M, ALT. 2,50 M, P/ SANITARIO, C/ 5 BACIAS, 1 LAVATORIO E 4 MICTORIOS (NAO INCLUI MOBILIZACAO/DESMOBILIZACAO) | L39: =K43 -> 6
B41: PROJEÇÃO FACHADA AMPLIAÇÃO | D41: 6 | K41: =D41 -> 6
B43: QUANTIDADE | K43: =ROUND(SUM(K39:K42),2) -> 6 | L43: =IFERROR(VLOOKUP(A39,PO!$A:$I,5,FALSE),0) -> MES
A45: =PO!A14 -> 01.07 | B45: =VLOOKUP(A45,PO!$A:$I,4,FALSE) -> LOCACAO DE CONTAINER 2,30 X 6,00 M, ALT. 2,50 M, PARA ESCRITORIO, SEM DIVISORIAS INTERNAS E SEM SANITARIO (NAO INCLUI MOBILIZACAO/DESMOBILIZACAO) | L45: =K49 -> 6
B47: PROJEÇÃO FACHADA AMPLIAÇÃO | D47: 6 | K47: =D47 -> 6
B49: QUANTIDADE | K49: =ROUND(SUM(K45:K48),2) -> 6 | L49: =IFERROR(VLOOKUP(A45,PO!$A:$I,5,FALSE),0) -> MES
A51: =PO!A15 -> 01.08 | B51: =VLOOKUP(A51,PO!$A:$I,4,FALSE) -> MOBILIZAÇÃO E DESMOBILIZAÇÃO DE CONTEINER LOCADO PARA BARRACÃO DE OBRA | L51: =K55 -> 3
D53: 3 | K53: =D53 -> 3
B55: QUANTIDADE | K55: =ROUND(SUM(K51:K54),2) -> 3 | L55: =IFERROR(VLOOKUP(A51,PO!$A:$I,5,FALSE),0) -> und
A57: =PO!A16 -> 02 | B57: =VLOOKUP(A57,PO!$A:$I,4,FALSE) -> RETIRADAS, REMOÇÕES E DEMOLIÇÕES
A58: =PO!A17 -> 02.01 | B58: =VLOOKUP(A58,PO!$A:$I,4,FALSE) -> REMOÇÃO DE TRAMA DE MADEIRA PARA COBERTURA, DE FORMA MANUAL, SEM REAPROVEITAMENTO. AF_09/2023 | L58: =K63 -> 192.14
B60: TELHADO 03 - REPAROS PONTUAIS | D60: 1 | H60: 94.63 | K60: =H60*D60 -> 94.63
B61: TELHADO 04 - REPAROS PONTUAIS | D61: 1 | H61: 97.51 | K61: =H61*D61 -> 97.51
B63: QUANTIDADE | K63: =ROUND(SUM(K58:K62),2) -> 192.14 | L63: =IFERROR(VLOOKUP(A58,PO!$A:$I,5,FALSE),0) -> M2
A65: =PO!A18 -> 02.02 | B65: =VLOOKUP(A65,PO!$A:$I,4,FALSE) -> REMOÇÃO DE TELHAS DE FIBROCIMENTO METÁLICA E CERÂMICA, DE FORMA MANUAL, SEM REAPROVEITAMENTO. AF_09/2023 | L65: =K70 -> 192.14
B67: TELHADO 03 | H67: 94.63 | K67: =H67 -> 94.63
B68: TELHADO 04 | H68: 97.51 | K68: =H68 -> 97.51
B70: QUANTIDADE | K70: =ROUND(SUM(K65:K69),2) -> 192.14 | L70: =IFERROR(VLOOKUP(A65,PO!$A:$I,5,FALSE),0) -> M2
A72: =PO!A19 -> 02.03 | B72: =VLOOKUP(A72,PO!$A:$I,4,FALSE) -> REMOÇÃO CALHAS E RUFOS, DE FORMA MANUAL, SEM REAPROVEITAMENTO. AF_09/2023 | L72: =K76 -> 26.1
E74: 26.1 | K74: =E74 -> 26.1
B76: QUANTIDADE | K76: =ROUND(SUM(K72:K75),2) -> 26.1 | L76: =IFERROR(VLOOKUP(A72,PO!$A:$I,5,FALSE),0) -> M
A78: =PO!A20 -> 02.04 | B78: =VLOOKUP(A78,PO!$A:$I,4,FALSE) -> REMOÇÃO DE PORTAS, DE FORMA MANUAL, SEM REAPROVEITAMENTO. AF_09/2023 | L78: =K82 -> 21.84
D80: 13 | E80: 0.8 | F80: 2.1 | H80: =F80*E80 -> 1.68 | K80: =F80*E80*D80 -> 21.84
B82: QUANTIDADE | K82: =ROUND(SUM(K78:K81),2) -> 21.84 | L82: =IFERROR(VLOOKUP(A78,PO!$A:$I,5,FALSE),0) -> M2
A84: =PO!A21 -> 02.05 | B84: =VLOOKUP(A84,PO!$A:$I,4,FALSE) -> DEMOLIÇÃO DE PISO DE CONCRETO SIMPLES, DE FORMA MANUAL, SEM REAPROVEITAMENTO. AF_09/2023 | L84: =K88 -> 30
I86: 30 | K86: =I86 -> 30
B88: QUANTIDADE | K88: =ROUND(SUM(K84:K87),2) -> 30 | L88: =IFERROR(VLOOKUP(A84,PO!$A:$I,5,FALSE),0) -> M3
A90: =PO!A22 -> 02.06 | B90: =VLOOKUP(A90,PO!$A:$I,4,FALSE) -> DEMOLIÇÃO DE REVESTIMENTO CERÂMICO, DE FORMA MANUAL, SEM REAPROVEITAMENTO. AF_09/2023 | L90: =K102 -> 98.24
B92: PAREDE
B93: ÁREA DE SERVIÇO EXISTENTE | E93: 10.6 | G93: 2.7 | H93: =G93*E93 -> 28.62 | K93: =H93 -> 28.62
B94: COZINHA EXISTENTE | E94: 13.08 | G94: 2.7 | H94: =G94*E94 -> 35.316 | K94: =H94 -> 35.316
B95: BANHEIROS EXISTENTES | E95: 4.62 | G95: 2.7 | H95: =G95*E95 -> 12.474 | K95: =H95 -> 12.474
B97: PISO
B98: ÁREA DE SERVIÇO EXISTENTE | H98: 6.38 | K98: =H98 -> 6.38
B99: COZINHA EXISTENTE | H99: 10.55 | K99: =H99 -> 10.55
B100: BANHEIROS EXISTENTES | H100: =2.45*2 -> 4.9 | K100: =H100 -> 4.9
B102: QUANTIDADE | K102: =ROUND(SUM(K90:K101),2) -> 98.24 | L102: =IFERROR(VLOOKUP(A90,PO!$A:$I,5,FALSE),0) -> M2
A104: =PO!A23 -> 02.07 | B104: =VLOOKUP(A104,PO!$A:$I,4,FALSE) -> DEMOLIÇÃO DE ALVENARIA DE BLOCO FURADO, DE FORMA MANUAL, SEM REAPROVEITAMENTO. AF_09/2023 | L104: =K110 -> 16.1
B106: PAREDES INDICADAS | E106: =1.75+1.12+1.17+4.83+12.55+1.92+2.9+1.85+10+6.75 -> 44.84 | F106: 0.15 | G106: 1.65 | I106: =G106*F106*E106 -> 11.0979 | K106: =I106 -> 11.0979
B108: Quantitativo destinado a adequações identificadas durante a execução da obra. | I108: 5 | K108: =I108 -> 5
B110: QUANTIDADE | K110: =ROUND(SUM(K104:K109),2) -> 16.1 | L110: =IFERROR(VLOOKUP(A104,PO!$A:$I,5,FALSE),0) -> M3
A112: =PO!A24 -> 02.08 | B112: =VLOOKUP(A112,PO!$A:$I,4,FALSE) -> DEMOLIÇÃO DE ARGAMASSAS, DE FORMA DE FORMA MECANIZADA COM MARTELETE, SEM REAPROVEITAMENTO. AF_09/2023 | L112: =K116 -> 50
H114: 50 | K114: =H114 -> 50
B116: QUANTIDADE | K116: =ROUND(SUM(K112:K115),2) -> 50 | L116: =IFERROR(VLOOKUP(A112,PO!$A:$I,5,FALSE),0) -> M2
A118: =PO!A25 -> 02.09 | B118: =VLOOKUP(A118,PO!$A:$I,4,FALSE) -> REMOÇÃO DE CABOS ELÉTRICOS, COM SEÇÃO DE ATÉ 2,5 MM², DE FORMA MANUAL, SEM REAPROVEITAMENTO. AF_09/2023 | L118: =K122 -> 150
E120: 150 | K120: =E120 -> 150
B122: QUANTIDADE | K122: =ROUND(SUM(K118:K121),2) -> 150 | L122: =IFERROR(VLOOKUP(A118,PO!$A:$I,5,FALSE),0) -> M
A124: =PO!A26 -> 02.10 | B124: =VLOOKUP(A124,PO!$A:$I,4,FALSE) -> REMOÇÃO DE CABOS ELÉTRICOS, COM SEÇÃO MAIOR QUE 2,5 MM² E MENOR QUE 10 MM², DE FORMA MANUAL, SEM REAPROVEITAMENTO. AF_09/2023 | L124: =K128 -> 150
E126: 150 | K126: =E126 -> 150
B128: QUANTIDADE | K128: =ROUND(SUM(K124:K127),2) -> 150 | L128: =IFERROR(VLOOKUP(A124,PO!$A:$I,5,FALSE),0) -> M
A130: =PO!A27 -> 02.11 | B130: =VLOOKUP(A130,PO!$A:$I,4,FALSE) -> REMOÇÃO DE ALAMBRADOS PARA QUADRAS POLIESPORTIVAS, ESTRUTURADO POR TUBOS DE AÇO GALVANIZADO, COM TELA DE ARAME GALVANIZADO, DE FORMA MANUAL, SEM REAPROVEITAMENTO. AF_09/2023 | L130: =K134 -> 8.48
B132: Área quadra | E132: 5.3 | G132: 1.6 | H132: =G132*E132 -> 8.48 | K132: =H132 -> 8.48
B134: QUANTIDADE | K134: =ROUND(SUM(K130:K133),2) -> 8.48 | L134: =IFERROR(VLOOKUP(A130,PO!$A:$I,5,FALSE),0) -> M2
A136: =PO!A28 -> 02.12 | B136: =VLOOKUP(A136,PO!$A:$I,4,FALSE) -> REMOÇÃO DE LOUÇAS, DE FORMA MANUAL, SEM REAPROVEITAMENTO. AF_09/2023 | L136: =K140 -> 2
D138: 2 | K138: =D138 -> 2
B140: QUANTIDADE | K140: =ROUND(SUM(K136:K139),2) -> 2 | L140: =IFERROR(VLOOKUP(A136,PO!$A:$I,5,FALSE),0) -> UN
A142: =PO!A29 -> 02.13 | B142: =VLOOKUP(A142,PO!$A:$I,4,FALSE) -> REMOÇÃO DE ACESSÓRIOS, DE FORMA MANUAL, SEM REAPROVEITAMENTO. AF_09/2023 | L142: =K146 -> 20
D144: 20 | K144: =D144 -> 20
B146: QUANTIDADE | K146: =ROUND(SUM(K142:K145),2) -> 20 | L146: =IFERROR(VLOOKUP(A142,PO!$A:$I,5,FALSE),0) -> UN
A148: =PO!A30 -> 02.14 | B148: =VLOOKUP(A148,PO!$A:$I,4,FALSE) -> REMOÇÃO DE LUMINÁRIAS, DE FORMA MANUAL, SEM REAPROVEITAMENTO. AF_09/2023 | L148: =K152 -> 20
D150: 20 | K150: =D150 -> 20
B152: QUANTIDADE | K152: =ROUND(SUM(K148:K151),2) -> 20 | L152: =IFERROR(VLOOKUP(A148,PO!$A:$I,5,FALSE),0) -> UN
A154: =PO!A31 -> 02.15 | B154: =VLOOKUP(A154,PO!$A:$I,4,FALSE) -> REMOÇÃO DE METAIS SANITÁRIOS, DE FORMA MANUAL, SEM REAPROVEITAMENTO. AF_09/2023 | L154: =K158 -> 2
D156: 2 | K156: =D156 -> 2
B158: QUANTIDADE | K158: =ROUND(SUM(K154:K157),2) -> 2 | L158: =IFERROR(VLOOKUP(A154,PO!$A:$I,5,FALSE),0) -> UN
A160: =PO!A32 -> 03 | B160: =VLOOKUP(A160,PO!$A:$I,4,FALSE) -> INFRAESTRUTURA
A161: =PO!A33 -> 03.01 | B161: =VLOOKUP(A161,PO!$A:$I,4,FALSE) -> ESTRUTURA DE CONCRETO ARMADO
A162: =PO!A34 -> 03.01.01 | B162: =VLOOKUP(A162,PO!$A:$I,4,FALSE) -> ESCAVAÇÃO MANUAL PARA VIGA BALDRAME OU SAPATA CORRIDA (INCLUINDO ESCAVAÇÃO PARA COLOCAÇÃO DE FÔRMAS). AF_01/2024 | L162: =K189 -> 23.65
B164: NÍVEL FUNDAÇÃO
B165: SAPATAS
B166: P1 | D166: 1 | E166: 1 | F166: 1 | G166: 1.55 | I166: =G166*F166*E166 -> 1.55 | K166: =I166 -> 1.55
B167: P2 | D167: 1 | E167: 1 | F167: 1 | G167: 1.55 | I167: =G167*F167*E167 -> 1.55 | K167: =I167 -> 1.55
B168: P3 | D168: 1 | E168: 1 | F168: 1 | G168: 1.55 | I168: =G168*F168*E168 -> 1.55 | K168: =I168 -> 1.55
B169: P4 | D169: 1 | E169: 1 | F169: 1 | G169: 1.55 | I169: =G169*F169*E169 -> 1.55 | K169: =I169 -> 1.55
B170: P5 | D170: 1 | E170: 1 | F170: 1 | G170: 1.55 | I170: =G170*F170*E170 -> 1.55 | K170: =I170 -> 1.55
B171: P6 | D171: 1 | E171: 1 | F171: 1 | G171: 1.55 | I171: =G171*F171*E171 -> 1.55 | K171: =I171 -> 1.55
B172: P7 | D172: 1 | E172: 1 | F172: 1 | G172: 1.55 | I172: =G172*F172*E172 -> 1.55 | K172: =I172 -> 1.55
B173: P8 | D173: 1 | E173: 1 | F173: 1 | G173: 1.55 | I173: =G173*F173*E173 -> 1.55 | K173: =I173 -> 1.55
B174: P9 | D174: 1 | E174: 1 | F174: 1 | G174: 1.55 | I174: =G174*F174*E174 -> 1.55 | K174: =I174 -> 1.55
...

Sheet CRONOGRAMA
A2: CRONOGRAMA MENSAL DE MEDIÇÃO DE SERVIÇOS
A3: OBRA: | B3: =EAP!B2 -> REFORMA DA EMPEF HONÓRIO PEDRO DE SIQUEIRA
A4: LOCAL: | B4: =EAP!B3 -> GUAÇUÍ - ES
A5: CONTRATANTE: | B5: =EAP!B4 -> PREFEITURA MUNICIPAL DE GUAÇUÍ
A7: ITEM | B7: SERVIÇO | C7: VALOR | D7: MÊS 01 | E7: MÊS 02 | F7: MÊS 03 | G7: MÊS 04 | H7: MÊS 05 | I7: MÊS 06 | J7: MÊS 07 | K7: MÊS 08 | L7: MÊS 09 | M7: MÊS 10
A8: 01 | B8: =VLOOKUP(A8,EAP!$A$6:$D$27,2,FALSE) -> CANTEIRO DE OBRAS | C8: =VLOOKUP(A8,EAP!$A$6:$D$27,4,FALSE) -> 62801.38 | D8: =D9*$C8 -> 42076.925 | E8: =E9*$C8 -> 0 | F8: =F9*$C8 -> 0 | G8: =G9*$C8 -> 0 | H8: =H9*$C8 -> 7850.1725 | I8: =I9*$C8 -> 6437.1415 | J8: =J9*$C8 -> 6437.1415 | K8: =K9*$C8 -> 0 | ... M8: =M9*$C8 -> 0 | O8: =SUM(D8:M8)=C8 -> TRUE
D9: 0.67 | E9: 0 | F9: 0 | G9: 0 | H9: 0.125 | I9: 0.1025 | J9: 0.1025 | K9: 0 | L9: 0 | M9: 0 | O9: =SUM(D9:M9) -> 1
A10: 02 | B10: =VLOOKUP(A10,EAP!$A$6:$D$27,2,FALSE) -> RETIRADAS, REMOÇÕES E DEMOLIÇÕES | C10: =VLOOKUP(A10,EAP!$A$6:$D$27,4,FALSE) -> 20768.55 | D10: =D11*$C10 -> 15576.413 | E10: =E11*$C10 -> 0 | F10: =F11*$C10 -> 1038.4275 | G10: =G11*$C10 -> 1038.4275 | H10: =H11*$C10 -> 1038.4275 | I10: =I11*$C10 -> 1038.4275 | J10: =J11*$C10 -> 1038.4275 | K10: =K11*$C10 -> 0 | ... M10: =M11*$C10 -> 0 | O10: =SUM(D10:M10)=C10 -> TRUE
D11: =1-SUM(E11:M11) -> 0.75 | E11: 0 | F11: 0.05 | G11: 0.05 | H11: 0.05 | I11: 0.05 | J11: 0.05 | K11: 0 | L11: 0 | M11: 0 | O11: =SUM(D11:M11) -> 1
A12: 03 | B12: =VLOOKUP(A12,EAP!$A$6:$D$27,2,FALSE) -> INFRAESTRUTURA | C12: =VLOOKUP(A12,EAP!$A$6:$D$27,4,FALSE) -> 67251.66 | D12: =D13*$C12 -> 0 | E12: =E13*$C12 -> 67251.66 | F12: =F13*$C12 -> 0 | G12: =G13*$C12 -> 0 | H12: =H13*$C12 -> 0 | I12: =I13*$C12 -> 0 | J12: =J13*$C12 -> 0 | K12: =K13*$C12 -> 0 | L12: =L13*$C12 -> 0 | M12: 0 | O12: =SUM(D12:M12)=C12 -> TRUE
D13: 0 | E13: 1 | F13: 0 | G13: 0 | H13: 0 | I13: 0 | J13: 0 | K13: 0 | L13: 0 | M13: 0 | O13: =SUM(D13:M13) -> 1
A14: 04 | B14: =VLOOKUP(A14,EAP!$A$6:$D$27,2,FALSE) -> SUPERESTRUTURA | C14: =VLOOKUP(A14,EAP!$A$6:$D$27,4,FALSE) -> 67217.21 | D14: =D15*$C14 -> 0 | E14: =E15*$C14 -> 67217.21 | F14: =F15*$C14 -> 0 | G14: =G15*$C14 -> 0 | H14: =H15*$C14 -> 0 | I14: =I15*$C14 -> 0 | J14: =J15*$C14 -> 0 | K14: =K15*$C14 -> 0 | ... M14: =M15*$C14 -> 0 | O14: =SUM(D14:M14)=C14 -> TRUE
D15: 0 | E15: 1 | F15: 0 | G15: 0 | H15: 0 | I15: 0 | J15: 0 | K15: 0 | L15: 0 | M15: 0 | O15: =SUM(D15:M15) -> 1
A16: 05 | B16: =VLOOKUP(A16,EAP!$A$6:$D$27,2,FALSE) -> PAREDES E PAINÉIS | C16: =VLOOKUP(A16,EAP!$A$6:$D$27,4,FALSE) -> 210832.87 | D16: =D17*$C16 -> 0 | E16: =E17*$C16 -> 0 | F16: =F17*$C16 -> 179207.94 | G16: =G17*$C16 -> 0 | H16: =H17*$C16 -> 0 | I16: =I17*$C16 -> 31624.93 | J16: =J17*$C16 -> 0 | K16: =K17*$C16 -> 0 | ... M16: =M17*$C16 -> 0 | O16: =SUM(D16:M16)=C16 -> TRUE
D17: 0 | E17: 0 | F17: 0.85 | G17: 0 | H17: 0 | I17: 0.15 | J17: 0 | K17: 0 | L17: 0 | M17: 0 | O17: =SUM(D17:M17) -> 1
A18: 06 | B18: =VLOOKUP(A18,EAP!$A$6:$D$27,2,FALSE) -> COBERTURA | C18: =VLOOKUP(A18,EAP!$A$6:$D$27,4,FALSE) -> 115751.46 | D18: =D19*$C18 -> 0 | E18: =E19*$C18 -> 0 | F18: =F19*$C18 -> 0 | G18: =G19*$C18 -> 92601.168 | H18: =H19*$C18 -> 23150.292 | I18: =I19*$C18 -> 0 | J18: =J19*$C18 -> 0 | K18: =K19*$C18 -> 0 | ... M18: =M19*$C18 -> 0 | O18: =SUM(D18:M18)=C18 -> TRUE
D19: 0 | E19: 0 | F19: 0 | G19: 0.8 | H19: 0.2 | I19: 0 | J19: 0 | K19: 0 | L19: 0 | M19: 0 | O19: =SUM(D19:M19) -> 1
A20: 07 | B20: =VLOOKUP(A20,EAP!$A$6:$D$27,2,FALSE) -> PISO | C20: =VLOOKUP(A20,EAP!$A$6:$D$27,4,FALSE) -> 90586.91 | D20: =D21*$C20 -> 0 | E20: =E21*$C20 -> 0 | F20: =F21*$C20 -> 0 | G20: =G21*$C20 -> 0 | H20: =H21*$C20 -> 45293.455 | I20: =I21*$C20 -> 22646.727 | J20: =J21*$C20 -> 22646.727 | K20: =K21*$C20 -> 0 | ... M20: =M21*$C20 -> 0 | O20: =SUM(D20:M20)=C20 -> TRUE
D21: 0 | E21: 0 | F21: 0 | G21: 0 | H21: 0.5 | I21: 0.25 | J21: 0.25 | K21: 0 | L21: 0 | M21: 0 | O21: =SUM(D21:M21) -> 1
A22: 08 | B22: =VLOOKUP(A22,EAP!$A$6:$D$27,2,FALSE) -> TETOS E FORROS | C22: =VLOOKUP(A22,EAP!$A$6:$D$27,4,FALSE) -> 37153.65 | D22: =D23*$C22 -> 0 | E22: =E23*$C22 -> 0 | F22: =F23*$C22 -> 0 | G22: =G23*$C22 -> 0 | H22: =H23*$C22 -> 14861.46 | I22: =I23*$C22 -> 11146.095 | J22: =J23*$C22 -> 11146.095 | K22: =K23*$C22 -> 0 | ... M22: =M23*$C22 -> 0 | O22: =SUM(D22:M22)=C22 -> TRUE
D23: 0 | E23: 0 | F23: 0 | G23: 0 | H23: 0.4 | I23: 0.3 | J23: 0.3 | K23: 0 | L23: 0 | M23: 0 | O23: =SUM(D23:M23) -> 1
A24: 09 | B24: =VLOOKUP(A24,EAP!$A$6:$D$27,2,FALSE) -> INSTALAÇÕES HIDROSSANITÁRIAS | C24: =VLOOKUP(A24,EAP!$A$6:$D$27,4,FALSE) -> 66679.8 | D24: =D25*$C24 -> 0 | E24: =E25*$C24 -> 0 | F24: =F25*$C24 -> 0 | G24: =G25*$C24 -> 0 | H24: =H25*$C24 -> 0 | I24: =I25*$C24 -> 0 | J24: =J25*$C24 -> 0 | K24: =K25*$C24 -> 66679.8 | ... M24: =M25*$C24 -> 0 | O24: =SUM(D24:M24)=C24 -> TRUE
D25: 0 | E25: 0 | F25: 0 | G25: 0 | H25: 0 | I25: 0 | J25: 0 | K25: 1 | L25: 0 | M25: 0 | O25: =SUM(D25:M25) -> 1
A26: 10 | B26: =VLOOKUP(A26,EAP!$A$6:$D$27,2,FALSE) -> INSTALAÇÕES ELÉTRICAS | C26: =VLOOKUP(A26,EAP!$A$6:$D$27,4,FALSE) -> 27038.49 | D26: =D27*$C26 -> 0 | E26: =E27*$C26 -> 0 | F26: =F27*$C26 -> 0 | G26: =G27*$C26 -> 0 | H26: =H27*$C26 -> 0 | I26: =I27*$C26 -> 0 | J26: =J27*$C26 -> 27038.49 | K26: =K27*$C26 -> 0 | ... M26: =M27*$C26 -> 0 | O26: =SUM(D26:M26)=C26 -> TRUE
D27: 0 | E27: 0 | F27: 0 | G27: 0 | H27: 0 | I27: 0 | J27: 1 | K27: 0 | L27: 0 | M27: 0 | O27: =SUM(D27:M27) -> 1
A28: 11 | B28: =VLOOKUP(A28,EAP!$A$6:$D$27,2,FALSE) -> ESQUADRIAS | C28: =VLOOKUP(A28,EAP!$A$6:$D$27,4,FALSE) -> 77063.43 | D28: =D29*$C28 -> 0 | E28: =E29*$C28 -> 0 | F28: =F29*$C28 -> 0 | G28: =G29*$C28 -> 0 | H28: =H29*$C28 -> 0 | I28: =I29*$C28 -> 50861.864 | J28: =J29*$C28 -> 0 | K28: =K29*$C28 -> 0 | ... M28: =M29*$C28 -> 0 | O28: =SUM(D28:M28)=C28 -> TRUE
D29: 0 | E29: 0 | F29: 0 | G29: 0 | H29: 0 | I29: 0.66 | J29: 0 | K29: 0 | L29: 0.34 | M29: 0 | O29: =SUM(D29:M29) -> 1
A30: 12 | B30: =VLOOKUP(A30,EAP!$A$6:$D$27,2,FALSE) -> PINTURA | C30: =VLOOKUP(A30,EAP!$A$6:$D$27,4,FALSE) -> 28121.61 | D30: =D31*$C30 -> 0 | E30: =E31*$C30 -> 0 | F30: =F31*$C30 -> 0 | G30: =G31*$C30 -> 0 | H30: =H31*$C30 -> 0 | I30: =I31*$C30 -> 28121.61 | J30: =J31*$C30 -> 0 | K30: =K31*$C30 -> 0 | ... M30: =M31*$C30 -> 0 | O30: =SUM(D30:M30)=C30 -> TRUE
D31: 0 | E31: 0 | F31: 0 | G31: 0 | H31: 0 | I31: 1 | J31: 0 | K31: 0 | L31: 0 | M31: 0 | O31: =SUM(D31:M31) -> 1
A32: 13 | B32: =VLOOKUP(A32,EAP!$A$6:$D$27,2,FALSE) -> LOUÇAS, METAIS E ACESSÓRIOS | C32: =VLOOKUP(A32,EAP!$A$6:$D$27,4,FALSE) -> 20112.4 | D32: =D33*$C32 -> 0 | E32: =E33*$C32 -> 0 | F32: =F33*$C32 -> 0 | G32: =G33*$C32 -> 0 | H32: =H33*$C32 -> 0 | I32: =I33*$C32 -> 0 | J32: =J33*$C32 -> 0 | K32: =K33*$C32 -> 14078.68 | ... M32: =M33*$C32 -> 0 | O32: =SUM(D32:M32)=C32 -> TRUE
D33: 0 | E33: 0 | F33: 0 | G33: 0 | H33: 0 | I33: 0 | J33: 0 | K33: 0.7 | L33: 0.3 | M33: 0 | O33: =SUM(D33:M33) -> 1
A34: 14 | B34: =VLOOKUP(A34,EAP!$A$6:$D$27,2,FALSE) -> SERVIÇOS FINAIS | C34: =VLOOKUP(A34,EAP!$A$6:$D$27,4,FALSE) -> 3299.31 | D34: =D35*$C34 -> 0 | E34: =E35*$C34 -> 0 | F34: =F35*$C34 -> 0 | G34: =G35*$C34 -> 0 | H34: =H35*$C34 -> 0 | I34: =I35*$C34 -> 0 | J34: =J35*$C34 -> 0 | K34: =K35*$C34 -> 0 | ... M34: =M35*$C34 -> 0 | O34: =SUM(D34:M34)=C34 -> TRUE
D35: 0 | E35: 0 | F35: 0 | G35: 0 | H35: 0 | I35: 0 | J35: 0 | K35: 0 | L35: 1 | O35: =SUM(D35:M35) -> 1
A36: TOTAL (R$): | C36: =SUM(C8:C35) -> 894678.73 | D36: =SUM(D8,D10,D12,D14,D16,D18,D20,D22,D24,D26,D28,D30,D32,D34,#REF!,#REF!,#REF!) -> #REF! | E36: =SUM(E8,E10,E12,E14,E16,E18,E20,E22,E24,E26,E28,E30,E32,E34,#REF!,#REF!,#REF!) -> #REF! | F36: =SUM(F8,F10,F12,F14,F16,F18,F20,F22,F24,F26,F28,F30,F32,F34,#REF!,#REF!,#REF!) -> #REF! | G36: =SUM(G8,G10,G12,G14,G16,G18,G20,G22,G24,G26,G28,G30,G32,G34,#REF!,#REF!,#REF!) -> #REF! | H36: =SUM(H8,H10,H12,H14,H16,H18,H20,H22,H24,H26,H28,H30,H32,H34,#REF!,#REF!,#REF!) -> #REF! | I36: =SUM(I8,I10,I12,I14,I16,I18,I20,I22,I24,I26,I28,I30,I32,I34,#REF!,#REF!,#REF!) -> #REF! | J36: =SUM(J8,J10,J12,J14,J16,J18,J20,J22,J24,J26,J28,J30,J32,J34,#REF!,#REF!,#REF!) -> #REF! | K36: =SUM(K8,K10,K12,K14,K16,K18,K20,K22,K24,K26,K28,K30,K32,K34,#REF!,#REF!,#REF!) -> #REF! | ... M36: =SUM(M8,M10,M12,M14,M16,M18,M20,M22,M24,M26,M28,M30,M32,M34,#REF!,#REF!,#REF!) -> #REF! | O36: =SUM(D36:M36)=C36 -> #REF!
A37: TOTAL ACUMULADO (R$): | D37: =D36 -> #REF! | E37: =E36+D37 -> #REF! | F37: =F36+E37 -> #REF! | G37: =G36+F37 -> #REF! | H37: =H36+G37 -> #REF! | I37: =I36+H37 -> #REF! | J37: =J36+I37 -> #REF! | K37: =K36+J37 -> #REF! | L37: =L36+K37 -> #REF! | M37: =M36+L37 -> #REF! | O37: =M37=C36 -> #REF!
C39: =C36=PO!I186 -> TRUE | M39: =M37/10 -> #REF!

Sheet BDI
A2: DETALHAMENTO DAS BONIFICAÇÕES E DESPESAS INDIRETAS (BDI)
A3: OBRA: | B3: =EAP!B2 -> REFORMA DA EMPEF HONÓRIO PEDRO DE SIQUEIRA
A4: LOCAL: | B4: =EAP!B3 -> GUAÇUÍ - ES
A5: CONTRATANTE: | B5: =EAP!B4 -> PREFEITURA MUNICIPAL DE GUAÇUÍ
A6: CONTRATO: | B6: =EAP!#REF! -> #REF!
C8: 01 - REGIME DE CONTRIBUIÇÃO PREVIDENCIÁRIA:
C9: Sem Desoneração
C11: 02 - TIPO DE OBRA:
C12: Edificações
B15: ITEM | C15: 03 - INCIDÊNCIAS SOBRE O CUSTO: | D15: ADOTADO
B16: A | C16: Administração Central | D16: 0.0406
B17: B | C17: Administração Local | D17: 0.0819
B18: D | C18: Custos Financeiros | D18: 0.0061
B19: E | C19: Risco, Garantias e Seguros | D19: 0.01
B20: F | C20: Lucro | D20: 0.08
B22: ITEM | C22: 04 - INCIDÊNCIAS SOBRE O PREÇO DE VENDA: | D22: ADOTADO
B23: C | C23: Tributos | D23: =SUM(D25:D27) -> 0.0765
C25: ISS | D25: 0.04
C26: COFINS | D26: 0.03
C27: PIS | D27: 0.0065
C29: 05 - DEMONSTRATIVO DE CÁLCULO DO BDI: | D29: BDI:
C30: BDI = { [ ( 1 + A + B + E ) ] * ( 1 + D ) * ( 1 + F ) } -1 = ( 1 - C ) | D30: =(((1+D16+D17+D19)*(1+D18)*(1+D20))/(1-D23))-1 -> 0.33249692
B32: Declaro para os devidos fins que o regime de Contribuição Previdenciária adotado para elaboração do orçamento foi Sem Desoneração, e que esta é a alternativa mais adequada para a Administração Pública.
C34: Mimoso do Sul, 31 de maio de 2025
C39: Representante

Sheet DER_02_25
B1: SERVIÇOS - FEVEREIRO 2025
A2: Item | B2: Especificação do Serviço | C2: Und. | D2: Preço Unitário
A3: S01 | B3: SERVIÇOS PRELIMINARES
A4: S0102 | B4: DEMOLIÇÕES E RETIRADAS
A5: S010201 | B5: Demolição de piso cimentado inclusive lastro de concreto | C5: m2 | D5: 26.37
A6: S010202 | B6: Demolição de piso revestido com cerâmica | C6: m2 | D6: 14.19
A7: S010203 | B7: Demolição de piso revestido com cerâmica inclusive lastro de concreto | C7: m2 | D7: 28.4
A8: S010204 | B8: Demolição de piso revestido com tacos de madeira | C8: m2 | D8: 20.29
A9: S010205 | B9: Demolição de piso de tábuas | C9: m2 | D9: 18.25
A10: S010206 | B10: Demolição de revestimento com azulejos | C10: m2 | D10: 50.72
A11: S010207 | B11: Demolição de revestimento com lambris de madeira | C11: m2 | D11: 50.72
A12: S010208 | B12: Retirada de revestimento antigo em reboco | C12: m2 | D12: 10.14
A13: S010209 | B13: Demolição de alvenaria | C13: m3 | D13: 60.87
A14: S010210 | B14: Demolição manual de concreto simples (EMOP 05.001.001) | C14: m3 | D14: 286.08
A15: S010212 | B15: Retirada manual de pavimento em paralelepípedos, incluindo empilhamento para reaproveitamento | C15: m2 | D15: 12.16
A16: S010213 | B16: Retirada manual de blocos pré-moldados de concreto (Blokret), inclusive empilhamento para reaproveitamento | C16: m2 | D16: 14.19
... A50: S010292 | B50: Retirada de alizar de madeira | C50: m | D50: 0.62
A51: S0103 | B51: DEMOLIÇÕES E RETIRADAS
A52: S010315 | B52: Retirada de cobertura em telhas Canalete 49 | C52: m2 | D52: 11.58
A53: S010317 | B53: Demolição de alvenaria, com reaproveitamento | C53: m2 | D53: 121.74
A54: S010318 | B54: Remoção de forro em eucatex, sem aproveitamento do material | C54: m2 | D54: 14.22
A55: S010319 | B55: Remoção de pintura antiga a base de óleo ou esmalte sobre esquadrias | C55: m2 | D55: 19.82
A56: S010320 | B56: Remoção de revestimento de pisos com forração textil | C56: m2 | D56: 2.02
A57: S010323 | B57: Retirada de torneiras e registros | C57: und | D57: 11.1
A58: S010324 | B58: Retirada de cobertura em telha canalete 90 | C58: m2 | D58: 8.91
A59: S010325 | B59: Demolição de estrutura de madeira para telhado | C59: m2 | D59: 29.54
A60: S010326 | B60: Retirada de estrutura em madeira do telhado | C60: m2 | D60: 29.54
A61: S010327 | B61: Retirada de marco de madeira | C61: m | D61: 2.51
A62: S010329 | B62: Retirada de disjuntor | C62: und | D62: 20.72
A63: S010331 | B63: Demolição de piso, soleira, peitoris e escadas em mármore ou granito, exclusive regularização | C63: m2 | D63: 10.86
... A66: S010344 | B66: Demolição de lajes, em concreto armado, de forma mecanizada com martelete demolidor elétrico, sem reaproveitamento | C66: m3 | D66: 88.65
A67: S0104 | B67: LIMPEZA DO TERRENO
A68: S010401 | B68: Corte de capoeira fina, a foice (manual) | C68: m2 | D68: 1.38
A69: S010402 | B69: Raspagem e limpeza do terreno (manual) | C69: m2 | D69: 4.47
A70: S010403 | B70: Corte e destocamento de árvores com diâmetro de até 15 cm | C70: und | D70: 53.64
A71: S010404 | B71: Corte e destocamento de árvores com diâmetro superior a 30 cm | C71: und | D71: 133.38
A72: S0105 | B72: LOCAÇÃO
A73: S010501 | B73: Locação de obra com gabarito de madeira | C73: m2 | D73: 10.95
A74: S010512 | B74: Equipe topográfica para serviços simples de locação e nivelamento (incluindo equipamento, transporte e profissionais nivel médio) | C74: mês | D74: 23479.53
A75: S0108 | B75: SERVIÇOS ADMINISTRATIVOS E TÉCNICOS - MENSALISTAS
A76: S010801 | B76: Engenheiro Junior | C76: mês | D76: 20266.28
A77: S010802 | B77: Engenheiro Pleno | C77: mês | D77: 24271.8
A78: S010803 | B78: Engenhero Sênior | C78: mês | D78: 28337.85
A79: S010807 | B79: Almoxarife | C79: mês | D79: 3158.06
A80: S010808 | B80: Auxiliar de Almoxarife | C80: mês | D80: 13403.62
A81: S010809 | B81: Vigia | C81: mês | D81: 2343.81
A82: S010810 | B82: Encarregado de turma | C82: mês | D82: 4394.65
A83: S010811 | B83: Mestre de Obras Senior | C83: mês | D83: 5713.05
A84: S010812 | B84: Coordenador Tecnico Especialista | C84: mês | D84: 29012.36
A85: S010813 | B85: Técnico Nível Superior | C85: mês | D85: 16188.12
A86: S010814 | B86: Técnico Segundo Grau Nivel "A" | C86: mês | D86: 10816.29
A87: S010815 | B87: Técnico Segundo Grau Nivel "B" | C87: mês | D87: 8653.24
... A90: S010818 | B90: Cotador (Auxiliar de Engenharia) | C90: mês | D90: 7194.72
A91: S02 | B91: INSTALAÇÃO DO CANTEIRO DE OBRAS
A92: S0203 | B92: TAPUMES, BARRACÕES E COBERTURAS
A93: S020305 | B93: Placa de obra nas dimensões de 2.0 x 4.0 m, padrão DER | C93: m2 | D93: 244.44
A94: S020339 | B94: Locação de andaime metálico para trabalho em fachada de edifíco (aluguel de 1 m² por 1 mês) inclusive frete, montagem e desmontagem | C94: m2 | D94: 21.13
A95: S020343 | B95: Aluguel mensal container para escritório, sem banheiro, dim. 6.00x2.40m, incl. porta, 2 janelas, abert p/ ar cond., 2 pt iluminação, 2 tomadas elét. e 1 tomada telef. Isolamento térmico (teto e paredes), piso em comp. Naval, cert. NR18, incl. laudo descontaminação. | C95: mês | D95: 1127.83
A96: S020344 | B96: Mobilização e desmobilização de conteiner locado para barracão de obra | C96: und | D96: 1486.67
A97: S020346 | B97: Locação de andaime metálico para fachada - tipo torre (aluguel mensal) | C97: m | D97: 14.02
A98: S020348 | B98: Fornecimento e instalação de proteção para andaime fachadeiro considerando plataforma, rodapé e guarda-corpo em madeira, inclusive entelamento, conforme NR-18 (medido por m2 de fachada) | C98: m2 | D98: 30.09
A99: S020350 | B99: Tapume Telha Metálica Ondulada em aço galvalume 0,50mm Branca h=2,20m, incl. montagem estr. mad. 8"x8", c/adesivo "DER-ES" 60x60cm a cada 10m, incl. faixas pint. esmalte sint. cores azul c/ h=30cm e rosa c/ h=10cm (Reaproveitamento 2x) | C99: m | D99: 146.1
A100: S020351 | B100: Tapume madeira compensada resinada e= 12mm h=2,20m, estr. c/ mad reflorest., incl mont, pintura esmalte sint, adesivo "DER-ES" 60x60cm a cada 10m e faixas c/ pintura esmalte sintético nas cores azul c/ h=30cm e rosa c/ h=10cm | C100: m | D100: 310.91
A101: S020352 | B101: Aluguel mensal container para escritório, dim. 6.00x2.40m, c/ banheiro (vaso+lavat+chuveiro e básc), incl. porta, 2 janelas, abert p/ ar cond., 2 pt iluminação, 2 tom. elét. e 1 tom.telef. Isolam.térmico(teto e paredes), piso em comp. Naval, cert. NR18, incl. laudo descontaminação. | C101: ms | D101: 1244.5
A102: S020353 | B102: Aluguel mensal container para refeitorio, incl. porta, 2 janelas, abert p/ ar cond., 2 pt iluminação, 2 tomadas elét. e 1 tomada telef. Isolamento térmico (paredes e teto), piso em comp. Naval pintado, cert. NR18, incl. laudo descontaminação. | C102: ms | D102: 1206.17
A103: S020354 | B103: Aluguel mensal container para vestiário, incl. porta, venezianas de circulação, 1 pt iluminação, Isolamento térmico (teto), piso em comp. Naval pintado, cert. NR18, incl. laudo descontaminação. | C103: ms | D103: 751.75
A104: S020355 | B104: Aluguel mensal container sanitário, incl porta, básc, 2 ptos luz, 1 pto aterram., 3vasos, 3lavatórios, calha mictório, 6 chuveiros (1 eletrico), torn.,registros, piso comp. Naval pintado, cert NR18 e laudo descontaminação | C104: ms | D104: 1247.4
A105: S020356 | B105: Aluguel mensal container para almoxarifado, incl. porta, 2 janelas, 1 pt iluminação, Isolamento térmico (teto), piso em comp. Naval pintado, cert. NR18, incl. laudo descontaminação. | C105: ms | D105: 804
A106: S0207 | B106: INSTALAÇÃO DO CANTEIRO DE OBRAS (UTILIZAÇÃO 1 VEZ), PROJETO PADRÃO LABOR - NR.18 (OBRAS COM PRAZO DE EXECUÇÃO SUPERIOR A 12 MESES)
A107: S020701 | B107: Barracão para escritório com sanitário área de 14.50 m2, de chapa de compens. 12mm e pontalete 8x8cm, piso cimentado e cobertura de telha de fibroc. 6mm, incl. ponto de luz e cx. de inspeção, conf. projeto (1 utilização) | C107: m2 | D107: 827.65
A108: S020702 | B108: Barracão para almoxarifado área de 10.90m2, de chapa de compensado de 12mm e pontalete 8x8cm, piso cimentado e cobertura de telhas de fibrocimento de 6mm, incl. ponto de luz, conf. projeto (1 utilização) | C108: m2 | D108: 579.35
A109: S020703 | B109: Barracão para depósito de cimento área de 10.90m2, de chapa de compensado 12mm e pontaletes 8x8cm, piso cimentado e cobertura de telhas de fibrocimento de 6mm, inclusive ponto de luz, conf. projeto (1 utilização) | C109: m2 | D109: 505.23
A110: S020704 | B110: Refeitório com paredes de chapa de compens. 12mm e pontaletes 8x8cm, piso ciment. e cob. de telhas fibroc. 6mm, incl. ponto de luz e cx. de inspeção (cons. 1.21 m2/func./turno), conf. projeto (1 utilização) | C110: m2 | D110: 458.81
A111: S020705 | B111: Unidade de sanitário e vestiário p/ até 20 func. área de 18.15m2, paredes de chapa compens. 12mm e pontalete 8x8cm, piso cimentado, cobert. telha fibroc. 6mm, incl. instalação de luz e cx. de inspeção, conf. projeto (1 utilização) | C111: und | D111: 15492.02
A112: S020706 | B112: Unidade de sanitário e vestiário de 20 a 40 func. área 25.40m2, paredes de chapa compens. 12mm e pontalete 8x8cm, piso cimentado, cobert. telha fibroc. 6mm, incl. inst. de luz e cx. de inspeção, conf. projeto (1 utilização) | C112: und | D112: 23375.78
A113: S020707 | B113: Unidade de sanitário e vestiário de 40 a 60 func. área 33.90m2, paredes de chapa compens. 12mm e pontalete 8x8cm, piso cimentado, cobert. telha fibroc. 6mm, incl. inst. de luz e cx. de inspeção, conf. projeto (1 utilização) | C113: und | D113: 29021.55
A114: S020708 | B114: Galpão para serraria e carpintaria área 12.00m2, em peça de madeira 8x8cm e contraventamento de 5x7cm, cobertura de telha de fibroc. de 6mm, inclusive ponto e cabo de alimentação da máquina, conf. projeto (1 utilização) | C114: m2 | D114: 201.48
A115: S020709 | B115: Galpão para corte e armação com área de 6.00m2, em peças de madeira 8x8cm e contraventamento de 5x7cm, cobertura de telhas de fibroc. de 6mm, inclusive ponto e cabo de alimentação da máquina, conf. projeto (1 utilização) | C115: m2 | D115: 271.59
A116: S020710 | B116: Reservatório de poliestileno de 500L, incl. suporte em madeira de 7x12cm e 5x7cm, elevado de 4m, conf. projeto (1 utilização) | C116: und | D116: 1810.99
A117: S020711 | B117: Reservatório de poliestileno de 1000 L, incl. suporte em madeira de 7x12cm e 8x7cm, elevado de 4m, conf. projeto (1 utilização) | C117: und | D117: 2144.98
A118: S020712 | B118: Rede de água com padrão de entrada d'água diâm. 3/4", conf. espec. CESAN, incl. tubos e conexões para alimentação, distribuição, extravasor e limpeza, cons. o padrão a 25m, conf. projeto (1 utilização) | C118: m | D118: 55.94
... A120: S020714 | B120: Rede de esgoto, contendo fossa e filtro, inclusive tubos e conexões de ligação entre caixas, considerando distância de 25m, conforme projeto (1 utilização) | C120: m | D120: 436.14
A121: S0208 | B121: INSTALAÇÃO DO CANTEIRO DE OBRAS (UTILIZAÇÃO 2 VEZES), PROJETO PADRÃO LABOR - NR.18 (OBRAS COM PRAZO DE EXECUÇÃO DE 6 A 12 MESES)
A122: S020801 | B122: Barracão para escritório com sanitário área 14.50m2, de chapa de compens. 12mm e pontalete 8x8cm, piso cimentado e cobertura de telha de fibroc. 6mm, incl. ponto de luz e cx. de inspeção, conf. projeto (2 utilizações) | C122: m2 | D122: 635.63
A123: S020802 | B123: Barracão para almoxarifado área de 10.90m2, de chapa de compensado 12mm e pontaletes 8x8cm, piso cimentado e cobertura de telha de fibrocimento de 6mm, inclusive ponto de luz, conf. projeto (2 utilizações) | C123: m2 | D123: 454.45
A124: S020803 | B124: Barracão para depósito de cimento área de 10.90m2, de chapa de compensado 12mm e pontaletes 8x8cm, piso cimentado e cobertura de telhas de fibrocimento de 6mm, inclusive ponto de luz, conf. projeto (2 utilizações) | C124: m2 | D124: 398.35
A125: S020804 | B125: Refeitório com paredes de chapa de compens. 12mm e pontaletes 8x8cm, piso ciment. e cobert. de telhas fibroc. 6mm, incl. ponto de luz e cx. de inspeção (cons. 1.21m2/func./turno), conf. projeto (2 utilização) | C125: m2 | D125: 385.44
A126: S020805 | B126: Unidade de sanitário e vestiário para até 20 func. área 18.15m2, paredes de chapa compens. 12mm e pontalete 8x8cm, piso cimentado, cobert. telha fibroc. 6mm, incl. inst. de luz e cx. de inspeção, conf. projeto (2 utilizações) | C126: und | D126: 12293.82
A127: S020806 | B127: Unidade de sanitário e vestiário de 20 a 40 func. área 25.40m2, paredes de chapa compens. 12mm e pontalete 8x8cm, piso cimentado, cobert. telha fibroc. 6mm, incl. inst. de luz e cx. de inspeção, conf. projeto (2 utilizações) | C127: und | D127: 18541.12
A128: S020807 | B128: Unidade de sanitário e vestiário de 40 a 60 func. área 33.90m2, paredes de chapa compens. 12mm e pontalete 8x8cm, piso cimentado, cobert. telha fibroc. 6mm, incl. inst. de luz e cx. de inspeção, conf. projeto (2 utilizações) | C128: und | D128: 23090.55
A129: S020808 | B129: Galpão para serraria e carpintaria área 12.00m2, em peças de madeira 8x8cm e contraventamento de 5x7cm, cobertura de telhas de fibroc. de 6mm, inclusive ponto e cabo de alimentação da máquina, conf. projeto (2 utilizações) | C129: m2 | D129: 144.17
A130: S020809 | B130: Galpão para corte e armação com área de 6.00m2, de peças de madeira 8x8cm e contraventamento de 5x7cm, cobertura de telhas de fibroc. de 6mm, inclusive ponto e cabo de alimentação da máquina, conf. projeto (2 utilizações) | C130: m2 | D130: 199.15
A131: S020810 | B131: Reservatório de poliestileno de 500 L, incl. suporte em madeira de 7x12cm e 5x7cm, elevado de 4m, conforme projeto (2 utilizações) | C131: und | D131: 1140.48
A132: S020811 | B132: Reservatório de poliestileno de 1000 L, inclusive suporte em madeira de 7x12cm e 5x7cm, elevado de 4m, conforme projeto (2 utilizações) | C132: und | D132: 1329.73
A133: S020812 | B133: Rede de água, com padrão de entrada d'água diâm. 3/4", conf. espec. CESAN, incl. tubos e conexões para alimentação, distribuição, extravasor e limpeza, cons. o padrão a 25m, conf. projeto (2 utilizações) | C133: m | D133: 38.33
A134: S03 | B134: MOVIMENTO DE TERRA
A135: S0301 | B135: ESCAVAÇÕES
A136: S030101 | B136: Escavação manual em material de 1a. categoria, até 1.50 m de profundidade | C136: m3 | D136: 58.11
A137: S030102 | B137: Escavação manual em material de 2a. categoria, até 1.50 m de profundidade | C137: m3 | D137: 98.34
A138: S030103 | B138: Escavação mecânica em material de 1a. categoria | C138: m3 | D138: 16.59
...

Sheet SINAPI_12 24
B1: PRECOS DE SERVIÇOS - SINAPI - SETEMBRO 2025 - (SEM DESONERAÇÃO)
A2: CÓDIGO | B2: DESCRICAO DA COMPOSICAO | C2: UNIDADE | D2: CUSTO TOTAL
A3: 104658 | B3: PISO PODOTÁTIL DE ALERTA OU DIRECIONAL, DE CONCRETO, ASSENTADO SOBRE ARGAMASSA. AF_03/2024 | C3: M2 | D3: 181.49
A4: 105002 | B4: RAMPA DE ACESSIBILIDADE EM CONCRETO MOLDADO IN LOCO, EM CALÇADA NOVA COM LARGURA MAIOR OU IGUAL À 3,00 M, FCK 25MPA, COM PISO PODOTÁTIL. AF_03/2024 | C4: UN | D4: 764.35
A5: 105004 | B5: RAMPA DE ACESSIBILIDADE EM CONCRETO MOLDADO IN LOCO, EM CALÇADA NOVA COM LARGURA MENOR À 3,00 M, FCK 25MPA, COM PISO PODOTÁTIL. AF_03/2024 | C5: M2 | D5: 130
A6: 105003 | B6: RAMPA DE ACESSIBILIDADE EM CONCRETO MOLDADO IN LOCO, EM CALÇADA PRÉ EXISTENTE COM LARGURA MAIOR OU IGUAL À 3,00 M, FCK 25MPA, COM PISO PODOTÁTIL. AF_03/2024 | C6: UN | D6: 1278.47
A7: 105005 | B7: RAMPA DE ACESSIBILIDADE EM CONCRETO MOLDADO IN LOCO, EM CALÇADA PRÉ EXISTENTE COM LARGURA MENOR À 3,00 M, FCK 25MPA, COM PISO PODOTÁTIL. AF_03/2024 | C7: M2 | D7: 225.19
A8: 105006 | B8: RAMPA DE ACESSIBILIDADE EM CONCRETO PRÉ MOLDADO, EM CALÇADA NOVA COM LARGURA MAIOR OU IGUAL À 3,00 M, FCK 25MPA, COM PISO PODOTÁTIL. AF_03/2024 | C8: UN | D8: 0
A9: 104999 | B9: RAMPA DE ACESSIBILIDADE EM CONCRETO PRÉ MOLDADO, EM CALÇADA PRÉ EXISTENTE COM LARGURA MAIOR OU IGUAL À 3,00 M, FCK 25MPA, COM PISO PODOTÁTIL. AF_03/2024 | C9: UN | D9: 0
A10: 105000 | B10: RAMPA DE ACESSIBILIDADE PARA ACESSO A EDIFICAÇÕES COM INCLINAÇÃO DE 8,33% EM CONCRETO MOLDADO IN LOCO, COM LARGURA DE 1,20M, FCK 25MPA, NÃO ARMADA, COM JUNTA A CADA 2M COM CORTE À SECO. AF_03/2024 | C10: M | D10: 1714.11
A11: 105001 | B11: RAMPA DE ACESSIBILIDADE PARA ACESSO A EDIFICAÇÕES COM INCLINAÇÃO DE 8,33% EM CONCRETO MOLDADO IN LOCO, COM LARGURA DE 1,50M, FCK 25MPA, NÃO ARMADA, COM JUNTA A CADA 2M COM CORTE À SECO. AF_03/2024 | C11: M | D11: 1752
A12: 89306 | B12: ALVENARIA ESTRUTURAL DE BLOCOS CERÂMICOS 14X19X29, (ESPESSURA DE 14 CM), UTILIZANDO COLHER DE PEDREIRO E ARGAMASSA DE ASSENTAMENTO COM PREPARO EM BETONEIRA. AF_03/2023 | C12: M2 | D12: 97.61
A13: 89307 | B13: ALVENARIA ESTRUTURAL DE BLOCOS CERÂMICOS 14X19X29, (ESPESSURA DE 14 CM), UTILIZANDO COLHER DE PEDREIRO E ARGAMASSA DE ASSENTAMENTO COM PREPARO MANUAL. AF_03/2023 | C13: M2 | D13: 99.93
A14: 89290 | B14: ALVENARIA ESTRUTURAL DE BLOCOS CERÂMICOS 14X19X29, (ESPESSURA DE 14 CM), UTILIZANDO PALHETA E ARGAMASSA DE ASSENTAMENTO COM PREPARO EM BETONEIRA. AF_03/2023 | C14: M2 | D14: 79.05
... A3621: 100375 | B3621: FABRICAÇÃO E INSTALAÇÃO DE MEIA TESOURA DE MADEIRA NÃO APARELHADA, COM VÃO DE 11 M, PARA TELHA ONDULADA DE FIBROCIMENTO, ALUMÍNIO, PLÁSTICA OU TERMOACÚSTICA, INCLUSO IÇAMENTO. AF_07/2019 | C3621: UN | D3621: 3803.2
A3622: 100366 | B3622: FABRICAÇÃO E INSTALAÇÃO DE MEIA TESOURA DE MADEIRA NÃO APARELHADA, COM VÃO DE 12 M, PARA TELHA CERÂMICA OU DE CONCRETO, INCLUSO IÇAMENTO. AF_07/2019 | C3622: UN | D3622: 4422.85 | F3622: =2.54*3/4 -> 1.905
A3623: 100376 | B3623: FABRICAÇÃO E INSTALAÇÃO DE MEIA TESOURA DE MADEIRA NÃO APARELHADA, COM VÃO DE 12 M, PARA TELHA ONDULADA DE FIBROCIMENTO, ALUMÍNIO, PLÁSTICA OU TERMOACÚSTICA, INCLUSO IÇAMENTO. AF_07/2019 | C3623: UN | D3623: 3727.33
A3624: 100357 | B3624: FABRICAÇÃO E INSTALAÇÃO DE MEIA TESOURA DE MADEIRA NÃO APARELHADA, COM VÃO DE 3 M, PARA TELHA CERÂMICA OU DE CONCRETO, INCLUSO IÇAMENTO. AF_07/2019 | C3624: UN | D3624: 1267.2
A3625: 100367 | B3625: FABRICAÇÃO E INSTALAÇÃO DE MEIA TESOURA DE MADEIRA NÃO APARELHADA, COM VÃO DE 3 M, PARA TELHA ONDULADA DE FIBROCIMENTO, ALUMÍNIO, PLÁSTICA OU TERMOACÚSTICA, INCLUSO IÇAMENTO. AF_07/2019 | C3625: UN | D3625: 1235.77
A3626: 100358 | B3626: FABRICAÇÃO E INSTALAÇÃO DE MEIA TESOURA DE MADEIRA NÃO APARELHADA, COM VÃO DE 4 M, PARA TELHA CERÂMICA OU DE CONCRETO, INCLUSO IÇAMENTO. AF_07/2019 | C3626: UN | D3626: 1738.48
A3627: 100368 | B3627: FABRICAÇÃO E INSTALAÇÃO DE MEIA TESOURA DE MADEIRA NÃO APARELHADA, COM VÃO DE 4 M, PARA TELHA ONDULADA DE FIBROCIMENTO, ALUMÍNIO, PLÁSTICA OU TERMOACÚSTICA, INCLUSO IÇAMENTO. AF_07/2019 | C3627: UN | D3627: 1699.71
A3628: 100359 | B3628: FABRICAÇÃO E INSTALAÇÃO DE MEIA TESOURA DE MADEIRA NÃO APARELHADA, COM VÃO DE 5 M, PARA TELHA CERÂMICA OU DE CONCRETO, INCLUSO IÇAMENTO. AF_07/2019 | C3628: UN | D3628: 1820.72
A3629: 100369 | B3629: FABRICAÇÃO E INSTALAÇÃO DE MEIA TESOURA DE MADEIRA NÃO APARELHADA, COM VÃO DE 5 M, PARA TELHA ONDULADA DE FIBROCIMENTO, ALUMÍNIO, PLÁSTICA OU TERMOACÚSTICA, INCLUSO IÇAMENTO. AF_07/2019 | C3629: UN | D3629: 1781.96
A3630: 100360 | B3630: FABRICAÇÃO E INSTALAÇÃO DE MEIA TESOURA DE MADEIRA NÃO APARELHADA, COM VÃO DE 6 M, PARA TELHA CERÂMICA OU DE CONCRETO, INCLUSO IÇAMENTO. AF_07/2019 | C3630: UN | D3630: 2018.16
A3631: 100370 | B3631: FABRICAÇÃO E INSTALAÇÃO DE MEIA TESOURA DE MADEIRA NÃO APARELHADA, COM VÃO DE 6 M, PARA TELHA ONDULADA DE FIBROCIMENTO, ALUMÍNIO, PLÁSTICA OU TERMOACÚSTICA, INCLUSO IÇAMENTO. AF_07/2019 | C3631: UN | D3631: 2099.52
A3632: 100361 | B3632: FABRICAÇÃO E INSTALAÇÃO DE MEIA TESOURA DE MADEIRA NÃO APARELHADA, COM VÃO DE 7 M, PARA TELHA CERÂMICA OU DE CONCRETO, INCLUSO IÇAMENTO. AF_07/2019 | C3632: UN | D3632: 2524.27
A3633: 100371 | B3633: FABRICAÇÃO E INSTALAÇÃO DE MEIA TESOURA DE MADEIRA NÃO APARELHADA, COM VÃO DE 7 M, PARA TELHA ONDULADA DE FIBROCIMENTO, ALUMÍNIO, PLÁSTICA OU TERMOACÚSTICA, INCLUSO IÇAMENTO. AF_07/2019 | C3633: UN | D3633: 2420.91
A3634: 100362 | B3634: FABRICAÇÃO E INSTALAÇÃO DE MEIA TESOURA DE MADEIRA NÃO APARELHADA, COM VÃO DE 8 M, PARA TELHA CERÂMICA OU DE CONCRETO, INCLUSO IÇAMENTO. AF_07/2019 | C3634: UN | D3634: 3190.7
... A9785: 103548 | B9785: VÁLVULA REDUTORA DE PRESSÃO DE FERRO FUNDIDO PARA REDE DE ÁGUA, DN 80 MM, JUNTA FLANGEADA. AF_12/2021 | C9785: UN | D9785: 0
B9787: SINAPI - Sistema Nacional de Pesquisa de Custos e Índices da Construção Civil
B9788: RELATÓRIO DE CUSTOS DE COMPOSIÇÕES - ENCARGOS SOCIAIS COM DESONERAÇÃO
A9790: Mês de Referência: | B9790: 09/2025
A9791: Data de emissão: | B9791: 10/10/2025
A9792: Localidade: | B9792: VITORIA - ES
A9793: Encargos sociais: | B9793: (SEM DESONERAÇÃO)
A9794: Horista: | B9794: 1.1689
A9795: Mensalista: | B9795: 0.7295
A9796: Origem de preço: | B9796: CR = COEFICIENTE DE REPRESENTATIVIDADE / C = COLETADO
A9798: Código do Insumo | B9798: Descrição do Insumo | C9798: Unidade | D9798: VALOR (R$)
A9799: 45333 | B9799: ABERTURA PARA ENCAIXE DE CUBA OU LAVATORIO EM BANCADA DE MARMORE/ GRANITO OU OUTRO TIPO DE PEDRA NATURAL | C9799: UN | D9799: 55.08
A9800: 11270 | B9800: ABRACADEIRA DE LATAO PARA FIXACAO DE CABO PARA-RAIO, DIMENSOES 32 X 24 X 24 MM | C9800: UN | D9800: 2.54
A9801: 412 | B9801: ABRACADEIRA DE NYLON PARA AMARRACAO DE CABOS, COMPRIMENTO DE *230* X *7,6* MM | C9801: UN | D9801: 1.33
A9802: 414 | B9802: ABRACADEIRA DE NYLON PARA AMARRACAO DE CABOS, COMPRIMENTO DE 100 X 2,5 MM | C9802: UN | D9802: 0.08
A9803: 410 | B9803: ABRACADEIRA DE NYLON PARA AMARRACAO DE CABOS, COMPRIMENTO DE 150 X *3,6* MM | C9803: UN | D9803: 0.2
A9804: 411 | B9804: ABRACADEIRA DE NYLON PARA AMARRACAO DE CABOS, COMPRIMENTO DE 200 X *4,6* MM | C9804: UN | D9804: 0.26
A9805: 408 | B9805: ABRACADEIRA DE NYLON PARA AMARRACAO DE CABOS, COMPRIMENTO DE 390 X *4,6* MM | C9805: UN | D9805: 1.29
A9806: 39131 | B9806: ABRACADEIRA EM ACO PARA AMARRACAO DE ELETRODUTOS, TIPO D, COM 1 1/2" E CUNHA DE FIXACAO | C9806: UN | D9806: 3.38
A9807: 394 | B9807: ABRACADEIRA EM ACO PARA AMARRACAO DE ELETRODUTOS, TIPO D, COM 1 1/2" E PARAFUSO DE FIXACAO | C9807: UN | D9807: 3.42
A9808: 39130 | B9808: ABRACADEIRA EM ACO PARA AMARRACAO DE ELETRODUTOS, TIPO D, COM 1 1/4" E CUNHA DE FIXACAO | C9808: UN | D9808: 3.09
A9809: 395 | B9809: ABRACADEIRA EM ACO PARA AMARRACAO DE ELETRODUTOS, TIPO D, COM 1 1/4" E PARAFUSO DE FIXACAO | C9809: UN | D9809: 3.3
A9810: 39129 | B9810: ABRACADEIRA EM ACO PARA AMARRACAO DE ELETRODUTOS, TIPO D, COM 1" E CUNHA DE FIXACAO | C9810: UN | D9810: 1.9
... A9842: 36246 | B9842: ACABAMENTO SIMPLES/CONVENCIONAL PARA FORRO PVC, TIPO "U" OU "C", COR BRANCA, COMPRIMENTO 6 M | C9842: M | D9842: 3.73
A9843: 37600 | B9843: ACESSORIO DE LIGACAO NAO ELETRICO PARA CARGAS EXPLOSIVAS, TUBO DE 6 M | C9843: UN
A9844: 37599 | B9844: ACESSORIO INICIADOR NAO ELETRICO, TUBO DE 6 M, TEMPO DE RETARDO DE *160* MS | C9844: UN
A9845: 1 | B9845: ACETILENO - RECARGA DE GAS PARA CILINDRO (NAO INCLUI TROCA/MANUTENCAO DO CILINDRO) | C9845: KG | D9845: 94.44
A9846: 3 | B9846: ACIDO CLORIDRICO / ACIDO MURIATICO, DILUICAO 10% A 12% PARA USO EM LIMPEZA | C9846: L | D9846: 15.19
A9847: 43054 | B9847: ACO CA-25, 10,0 MM, OU 12,5 MM, OU 16,0 MM, OU 20,0 MM, OU 25,0 MM, VERGALHAO | C9847: KG | D9847: 9.85
A9848: 42402 | B9848: ACO CA-25, 16,0 MM, BARRA DE TRANSFERENCIA | C9848: KG | D9848: 9.41
A9849: 42403 | B9849: ACO CA-25, 20,0 MM, BARRA DE TRANSFERENCIA | C9849: KG | D9849: 12.07
A9850: 42404 | B9850: ACO CA-25, 25,0 MM, BARRA DE TRANSFERENCIA | C9850: KG | D9850: 12.01
A9851: 42405 | B9851: ACO CA-25, 32,0 MM, BARRA DE TRANSFERENCIA | C9851: KG | D9851: 12.79
A9852: 34341 | B9852: ACO CA-25, 32,0 MM, VERGALHAO | C9852: KG | D9852: 11.1
A9853: 43053 | B9853: ACO CA-25, 6,3 MM OU 8,0 MM, VERGALHAO | C9853: KG | D9853: 8.8
A9854: 43058 | B9854: ACO CA-50, 10,0 MM, OU 12,5 MM, OU 16,0 MM, OU 20,0 MM, DOBRADO E CORTADO | C9854: KG | D9854: 9.12
A9855: 34 | B9855: ACO CA-50, 10,0 MM, VERGALHAO | C9855: KG | D9855: 9.17
A9856: 43055 | B9856: ACO CA-50, 12,5 MM OU 16,0 MM, VERGALHAO | C9856: KG | D9856: 7.94
... A9865: 43060 | B9865: ACO CA-60, 8,0 MM OU 9,5 MM, VERGALHAO | C9865: KG | D9865: 7.55
A9866: 40410 | B9866: ACOPLAMENTO RIGIDO EM FERRO FUNDIDO PARA SISTEMA DE TUBULACAO RANHURADA, DN 50 MM (2") | C9866: UN
A9867: 40411 | B9867: ACOPLAMENTO RIGIDO EM FERRO FUNDIDO PARA SISTEMA DE TUBULACAO RANHURADA, DN 65 MM (2 1/2") | C9867: UN
A9868: 40412 | B9868: ACOPLAMENTO RIGIDO EM FERRO FUNDIDO PARA SISTEMA DE TUBULACAO RANHURADA, DN 80 MM (3") | C9868: UN
A9869: 44254 | B9869: ADAPTADOR CPVC, ROSCAVEL, COM FLANGES E ANEL DE VEDACAO, 15 MM, CAIXA D'AGUA PARA AGUA QUENTE | C9869: UN | D9869: 35.43
A9870: 44255 | B9870: ADAPTADOR CPVC, ROSCAVEL, COM FLANGES E ANEL DE VEDACAO, 22 MM, CAIXA D'AGUA PARA AGUA QUENTE | C9870: UN | D9870: 39.27
A9871: 44256 | B9871: ADAPTADOR CPVC, ROSCAVEL, COM FLANGES E ANEL DE VEDACAO, 28 MM, CAIXA D'AGUA PARA AGUA QUENTE | C9871: UN | D9871: 44.35
A9872: 44257 | B9872: ADAPTADOR CPVC, ROSCAVEL, COM FLANGES E ANEL DE VEDACAO, 35 MM, CAIXA D'AGUA PARA AGUA QUENTE | C9872: UN | D9872: 70.17
A9873: 44258 | B9873: ADAPTADOR CPVC, ROSCAVEL, COM FLANGES E ANEL DE VEDACAO, 42 MM, CAIXA D'AGUA PARA AGUA QUENTE | C9873: UN | D9873: 80.19
A9874: 44259 | B9874: ADAPTADOR CPVC, ROSCAVEL, COM FLANGES E ANEL DE VEDACAO, 54 MM, CAIXA D'AGUA PARA AGUA QUENTE | C9874: UN | D9874: 110.07
A9875: 37997 | B9875: ADAPTADOR CPVC, SOLDAVEL, 15 MM, PARA AGUA QUENTE | C9875: UN | D9875: 21.11
A9876: 37998 | B9876: ADAPTADOR CPVC, SOLDAVEL, 22 MM, PARA AGUA QUENTE | C9876: UN | D9876: 28.25
A9877: 55 | B9877: ADAPTADOR DE COMPRESSAO EM POLIPROPILENO (PP), PARA TUBO EM PEAD, 20 MM X 1/2", PARA LIGACAO PREDIAL DE AGUA (NTS 179) | C9877: UN
A9878: 61 | B9878: ADAPTADOR DE COMPRESSAO EM POLIPROPILENO (PP), PARA TUBO EM PEAD, 20 MM X 3/4", PARA LIGACAO PREDIAL DE AGUA (NTS 179) | C9878: UN
A9879: 62 | B9879: ADAPTADOR DE COMPRESSAO EM POLIPROPILENO (PP), PARA TUBO EM PEAD, 32 MM X 1", PARA LIGACAO PREDIAL DE AGUA (NTS 179) | C9879: UN
A9880: 10899 | B9880: ADAPTADOR EM LATAO, ENGATE RAPIDO 2 1/2" X ROSCA INTERNA 5 FIOS 2 1/2", PARA INSTALACAO PREDIAL DE COMBATE A INCENDIO | C9880: UN | D9880: 83.23
A9881: 10900 | B9881: ADAPTADOR EM LATAO, ENGATE RAPIDO1 1/2" X ROSCA INTERNA 5 FIOS 2 1/2", PARA INSTALACAO PREDIAL DE COMBATE A INCENDIO | C9881: UN | D9881: 65.14
A9882: 47 | B9882: ADAPTADOR PVC PBA, BOLSA/ROSCA, JE, DN 100 / DE 110 MM | C9882: UN
A9883: 48 | B9883: ADAPTADOR PVC PBA, BOLSA/ROSCA, JE, DN 50 / DE 60 MM | C9883: UN
A9884: 46 | B9884: ADAPTADOR PVC PBA, BOLSA/ROSCA, JE, DN 75 / DE 85 MM | C9884: UN
A9885: 52 | B9885: ADAPTADOR PVC PBA, PONTA/ROSCA, JE, DN 50 / DE 60 MM | C9885: UN
A9886: 43 | B9886: ADAPTADOR PVC PBA, PONTA/ROSCA, JE, DN 75 / DE 85 MM | C9886: UN
A9887: 103 | B9887: ADAPTADOR PVC SOLDAVEL CURTO COM BOLSA E ROSCA, 110 MM X 4", PARA AGUA FRIA | C9887: UN | D9887: 57.91
A9888: 107 | B9888: ADAPTADOR PVC SOLDAVEL CURTO COM BOLSA E ROSCA, 20 MM X 1/2", PARA AGUA FRIA | C9888: UN | D9888: 1.09
A9889: 65 | B9889: ADAPTADOR PVC SOLDAVEL CURTO COM BOLSA E ROSCA, 25 MM X 3/4", PARA AGUA FRIA | C9889: UN | D9889: 1.19
A9890: 108 | B9890: ADAPTADOR PVC SOLDAVEL CURTO COM BOLSA E ROSCA, 32 MM X 1", PARA AGUA FRIA | C9890: UN | D9890: 2.4
A9891: 110 | B9891: ADAPTADOR PVC SOLDAVEL CURTO COM BOLSA E ROSCA, 40 MM X 1 1/2", PARA AGUA FRIA | C9891: UN | D9891: 8.33
A9892: 109 | B9892: ADAPTADOR PVC SOLDAVEL CURTO COM BOLSA E ROSCA, 40 MM X 1 1/4", PARA AGUA FRIA | C9892: UN | D9892: 4.96
A9893: 111 | B9893: ADAPTADOR PVC SOLDAVEL CURTO COM BOLSA E ROSCA, 50 MM X 1 1/4", PARA AGUA FRIA | C9893: UN | D9893: 11.27
A9894: 112 | B9894: ADAPTADOR PVC SOLDAVEL CURTO COM BOLSA E ROSCA, 50 MM X1 1/2", PARA AGUA FRIA | C9894: UN | D9894: 5.97
A9895: 113 | B9895: ADAPTADOR PVC SOLDAVEL CURTO COM BOLSA E ROSCA, 60 MM X 2", PARA AGUA FRIA | C9895: UN | D9895: 14.95
A9896: 104 | B9896: ADAPTADOR PVC SOLDAVEL CURTO COM BOLSA E ROSCA, 75 MM X 2 1/2", PARA AGUA FRIA | C9896: UN | D9896: 26.03
A9897: 102 | B9897: ADAPTADOR PVC SOLDAVEL CURTO COM BOLSA E ROSCA, 85 MM X 3", PARA AGUA FRIA | C9897: UN | D9897: 35.88
A9898: 95 | B9898: ADAPTADOR PVC SOLDAVEL, COM FLANGE E ANEL DE VEDACAO, 20 MM X 1/2", PARA CAIXA D'AGUA | C9898: UN | D9898: 15.16
...
